Workbook

Sheet Лист1
B6: ='Бланк заказа с НДС'!B6 -> ТЛТ00003768 | I6: ='Бланк заказа с НДС'!Q6*1 -> 0
B7: ='Бланк заказа с НДС'!B7 -> ТЛТ00003785 | I7: ='Бланк заказа с НДС'!Q7*1 -> 0
B8: ='Бланк заказа с НДС'!B8 -> ТЛТ00003794 | I8: ='Бланк заказа с НДС'!Q8*1 -> 0
B9: ='Бланк заказа с НДС'!B9 -> ТЛТ00003795 | I9: ='Бланк заказа с НДС'!Q9*1 -> 0
B10: ='Бланк заказа с НДС'!B10 -> ТЛТ00003804 | I10: ='Бланк заказа с НДС'!Q10*1 -> 0
B11: ='Бланк заказа с НДС'!B11 -> ТЛТ00003806 | I11: ='Бланк заказа с НДС'!Q11*1 -> 0
B12: ='Бланк заказа с НДС'!B12 -> ТЛТ00003754 | I12: ='Бланк заказа с НДС'!Q12*1 -> 0
B13: ='Бланк заказа с НДС'!B13 -> ТЛТ00003755 | I13: ='Бланк заказа с НДС'!Q13*1 -> 0
B14: ='Бланк заказа с НДС'!B14 -> ТЛТ00003763 | I14: ='Бланк заказа с НДС'!Q14*1 -> 0
B15: ='Бланк заказа с НДС'!B15 -> ТЛТ00003764 | I15: ='Бланк заказа с НДС'!Q15*1 -> 0
B16: ='Бланк заказа с НДС'!B16 -> ТЛТ00003709 | I16: ='Бланк заказа с НДС'!Q16*1 -> 0
B17: ='Бланк заказа с НДС'!B17 -> ТЛТ00003716 | I17: ='Бланк заказа с НДС'!Q17*1 -> 0
... B340: ='Бланк заказа с НДС'!B340 -> 0 | I340: ='Бланк заказа с НДС'!Q340*1 -> 0
B341: ='Бланк заказа с НДС'!B341 -> 0
B342: ='Бланк заказа с НДС'!B342 -> 0 | I342: ='Бланк заказа с НДС'!Q342*1 -> 0
B343: ='Бланк заказа с НДС'!B343 -> 0 | I343: ='Бланк заказа с НДС'!Q343*1 -> 0
B344: ='Бланк заказа с НДС'!B344 -> 0 | I344: ='Бланк заказа с НДС'!Q344*1 -> 0
B345: ='Бланк заказа с НДС'!B345 -> 0 | I345: ='Бланк заказа с НДС'!Q345*1 -> 0
B346: ='Бланк заказа с НДС'!B354 -> 0 | I346: ='Бланк заказа с НДС'!Q354*1 -> 0
B347: ='Бланк заказа с НДС'!B355 -> 0 | I347: ='Бланк заказа с НДС'!Q355*1 -> 0

Sheet Бланк заказа с НДС
L1: БЛАНК ЗАКАЗА ТД АВТОКОМПОНЕНТЫ
A2: Покупатель: | Q2: =Q342 -> 0 | R2: =R342 -> 0
A3: 1 | B3: 2 | F3: 3 | G3: 4 | H3: 5 | I3: 6 | K3: 7 | L3: 8 | M3: 9 | N3: 10 | O3: 11 | P3: 12 | Q3: 13 | R3: 14 | S3: 15 | T3: 16 | U3: 17 | V3: 18
A4: № | B4: КОД | C4: № сертификата | D4: ссылка | E4: срок действия | F4: Шифр БЗАК (старый) | G4: ОЕМ номер | I4: Штрихкод одиночный | J4: Штрихкод грпповой | K4: Шифр БЗАК | L4: Наименование | M4: Цена с 01.03.2026 | N4: Цена с 01.07.2026 | O4: Процент изм | P4: Норма упаковки | Q4: Кол-во (шт) | R4: Сумма (руб) | S4: Вес БРУТТО (кг) | T4: Вес НЕТТО (кг) | U4: Итого Вес БРУТТО (кг) | V4: Итого Вес НЕТТО (кг) | W4: дБ
Z5: *
A6: =_xlfn.AGGREGATE(3,3,$B$6:B6) -> 1 | B6: ТЛТ00003768 | C6: ЕАЭС RU С-RU.АИ24.В.00794/23 | D6: https://pub.fsa.gov.ru/rss/certificate/view/3291031/baseInfo | E6: 46598 | F6: 2101-2904082 | G6: 21012904082 | H6: о | I6: 4612728050012 | J6: 4658790008513 | K6: 906-518 | L6: 2101-2904082 Палец шаровой передней подвески нижний с чехлом защитным | M6: 436.15 | N6: 436.15 | O6: =N6/M6-1 -> 0 | P6: 20 | R6: =N6*Q6 -> 0 | S6: 0.55 | T6: 0.52 | U6: =Q6*S6 -> 0 | V6: =Q6*T6 -> 0 | W6: =IF(H6="о",IF(Q6>0,1,0),IF(H6="з",IF(Q6>0,1,0),0)) -> 0 | X6: =IFERROR(VLOOKUP(B6,Лист2!A:B,2,0),0) -> 1 | Y6: =N6-X6 -> 435.15 | AB6: =ROUND(N6,0) -> 436 | AC6: =N6-AB6 -> 0.15
A7: =_xlfn.AGGREGATE(3,3,$B$6:B7) -> 2 | B7: ТЛТ00003785 | C7: ЕАЭС RU С-RU.АИ24.В.00794/23 | D7: https://pub.fsa.gov.ru/rss/certificate/view/3291031/baseInfo | E7: 46598 | F7: 2101-2904082 с кр | G7: 21012904082 | H7: о | I7: 4612728050029 | J7: 4658790008520 | K7: 906-518-01 | L7: 2101-2904082 Палец шаровой передней подвески нижний с чехлом защитным с крепежом | M7: 504.26 | N7: 504.26 | O7: =N7/M7-1 -> 0 | P7: 20 | R7: =N7*Q7 -> 0 | S7: 0.65 | T7: 0.62 | U7: =Q7*S7 -> 0 | V7: =Q7*T7 -> 0 | W7: =IF(H7="о",IF(Q7>0,1,0),IF(H7="з",IF(Q7>0,1,0),0)) -> 0 | X7: =IFERROR(VLOOKUP(B7,Лист2!A:B,2,0),0) -> 1 | Y7: =N7-X7 -> 503.26 | AB7: =ROUND(N7,0) -> 504 | AC7: =N7-AB7 -> 0.26
A8: =_xlfn.AGGREGATE(3,3,$B$6:B8) -> 3 | B8: ТЛТ00003794 | C8: ЕАЭС RU С-RU.АИ24.В.01042/24 | D8: https://pub.fsa.gov.ru/rss/certificate/view/3500098/baseInfo | E8: 47019 | F8: 2101-2904192-03 | G8: 21012904192-03 | H8: о | I8: 4612728050036 | J8: 4658790008537 | K8: 906-519 | L8: БА01-2904192-03 Палец шаровой передней подвески верхний с чехлом защитным | M8: 390.4 | N8: 390.4 | O8: =N8/M8-1 -> 0 | P8: 20 | R8: =N8*Q8 -> 0 | S8: 0.49 | T8: 0.46 | U8: =Q8*S8 -> 0 | V8: =Q8*T8 -> 0 | W8: =IF(H8="о",IF(Q8>0,1,0),IF(H8="з",IF(Q8>0,1,0),0)) -> 0 | X8: =IFERROR(VLOOKUP(B8,Лист2!A:B,2,0),0) -> 1 | Y8: =N8-X8 -> 389.4 | AB8: =ROUND(N8,0) -> 390 | AC8: =N8-AB8 -> 0.4
A9: =_xlfn.AGGREGATE(3,3,$B$6:B9) -> 4 | B9: ТЛТ00003795 | C9: ЕАЭС RU С-RU.АИ24.В.01042/24 | D9: https://pub.fsa.gov.ru/rss/certificate/view/3500098/baseInfo | E9: 47019 | F9: 2101-2904192-03 с кр | G9: 21012904192-03 | H9: о | I9: 4612728050043 | J9: 4658790008544 | K9: 906-519-01 | L9: БА01-2904192-03 Палец шаровой передней подвески верхний с чехлом защитным с крепежом | M9: 451.4 | N9: 451.4 | O9: =N9/M9-1 -> 0 | P9: 20 | R9: =N9*Q9 -> 0 | S9: 0.59 | T9: 0.56 | U9: =Q9*S9 -> 0 | V9: =Q9*T9 -> 0 | W9: =IF(H9="о",IF(Q9>0,1,0),IF(H9="з",IF(Q9>0,1,0),0)) -> 0 | X9: =IFERROR(VLOOKUP(B9,Лист2!A:B,2,0),0) -> 1 | Y9: =N9-X9 -> 450.4 | AB9: =ROUND(N9,0) -> 451 | AC9: =N9-AB9 -> 0.4
A10: =_xlfn.AGGREGATE(3,3,$B$6:B10) -> 5 | B10: ТЛТ00003804 | C10: ЕАЭС RU С-RU.АИ24.В.01042/24 | D10: https://pub.fsa.gov.ru/rss/certificate/view/3500098/baseInfo | E10: 47019 | F10: 2108-2904192-01 | G10: 21082904192-01 | H10: о | I10: 4612728050050 | J10: 4658790008612 | K10: 906-524 | L10: БА08-2904192-01 Палец шаровой передней подвески с чехлом защитным ВАЗ 2108-2109 | M10: 335.5 | N10: 335.5 | O10: =N10/M10-1 -> 0 | P10: 20 | R10: =N10*Q10 -> 0 | S10: 0.36 | T10: 0.33 | U10: =Q10*S10 -> 0 | V10: =Q10*T10 -> 0 | W10: =IF(H10="о",IF(Q10>0,1,0),IF(H10="з",IF(Q10>0,1,0),0)) -> 0 | X10: =IFERROR(VLOOKUP(B10,Лист2!A:B,2,0),0) -> 1 | Y10: =N10-X10 -> 334.5 | AB10: =ROUND(N10,0) -> 336 | AC10: =N10-AB10 -> -0.5
A11: =_xlfn.AGGREGATE(3,3,$B$6:B11) -> 6 | B11: ТЛТ00003806 | C11: ЕАЭС RU С-RU.АИ24.В.01042/24 | D11: https://pub.fsa.gov.ru/rss/certificate/view/3500098/baseInfo | E11: 47019 | F11: 2108-2904192-01 с кр | G11: 21082904192-01 | H11: о | I11: 4612728050067 | J11: 4658790008629 | K11: 906-524-01 | L11: БА08-2904192-01 Палец шаровой передней подвески с чехлом защитным с крепежом ВАЗ 2108-2109 | M11: 368.04 | N11: 368.04 | O11: =N11/M11-1 -> 0 | P11: 20 | R11: =N11*Q11 -> 0 | S11: 0.42 | T11: 0.39 | U11: =Q11*S11 -> 0 | V11: =Q11*T11 -> 0 | W11: =IF(H11="о",IF(Q11>0,1,0),IF(H11="з",IF(Q11>0,1,0),0)) -> 0 | X11: =IFERROR(VLOOKUP(B11,Лист2!A:B,2,0),0) -> 1 | Y11: =N11-X11 -> 367.04 | AB11: =ROUND(N11,0) -> 368 | AC11: =N11-AB11 -> 0.04
A12: =_xlfn.AGGREGATE(3,3,$B$6:B12) -> 7 | B12: ТЛТ00003754 | C12: ЕАЭС RU С-RU.АИ24.В.00794/23 | D12: https://pub.fsa.gov.ru/rss/certificate/view/3291031/baseInfo | E12: 46598 | F12: 2110-2904192 | G12: 21102904192 | H12: о | I12: 4612728050234 | J12: 4658790008643 | K12: 906-525 | L12: БА10-2904192 Палец шаровой передней подвески с чехлом защитным ВАЗ 2110-2112 | M12: 422.94 | N12: 422.94 | O12: =N12/M12-1 -> 0 | P12: 20 | R12: =N12*Q12 -> 0 | S12: 0.4 | T12: 0.37 | U12: =Q12*S12 -> 0 | V12: =Q12*T12 -> 0 | W12: =IF(H12="о",IF(Q12>0,1,0),IF(H12="з",IF(Q12>0,1,0),0)) -> 0 | X12: =IFERROR(VLOOKUP(B12,Лист2!A:B,2,0),0) -> 1 | Y12: =N12-X12 -> 421.94 | AB12: =ROUND(N12,0) -> 423 | AC12: =N12-AB12 -> -0.06
A13: =_xlfn.AGGREGATE(3,3,$B$6:B13) -> 8 | B13: ТЛТ00003755 | C13: ЕАЭС RU С-RU.АИ24.В.00794/23 | D13: https://pub.fsa.gov.ru/rss/certificate/view/3291031/baseInfo | E13: 46598 | F13: 2110-2904192 с кр | G13: 21102904192 | H13: о | I13: 4612728050241 | J13: 4658790008650 | K13: 906-525-01 | L13: БА10-2904192 Палец шаровой передней подвески с чехлом защитным с крепежом ВАЗ 2110-2112 | M13: 453.44 | N13: 453.44 | O13: =N13/M13-1 -> 0 | P13: 20 | R13: =N13*Q13 -> 0 | S13: 0.47 | T13: 0.44 | U13: =Q13*S13 -> 0 | V13: =Q13*T13 -> 0 | W13: =IF(H13="о",IF(Q13>0,1,0),IF(H13="з",IF(Q13>0,1,0),0)) -> 0 | X13: =IFERROR(VLOOKUP(B13,Лист2!A:B,2,0),0) -> 1 | Y13: =N13-X13 -> 452.44 | AB13: =ROUND(N13,0) -> 453 | AC13: =N13-AB13 -> 0.44
A14: =_xlfn.AGGREGATE(3,3,$B$6:B14) -> 9 | B14: ТЛТ00003763 | C14: ЕАЭС RU С-RU.АИ24.В.01042/24 | D14: https://pub.fsa.gov.ru/rss/certificate/view/3500098/baseInfo | E14: 47019 | F14: 1118-2904192-01 | G14: 11182904192-01 | H14: о | I14: 1902008221984 | J14: 4658790008674 | K14: 906-526 | L14: БА18-2904192-01 Палец шаровой передней подвески с чехлом защитным ВАЗ 1118, 2190 | M14: 442.25 | N14: 442.25 | O14: =N14/M14-1 -> 0 | P14: 20 | R14: =N14*Q14 -> 0 | S14: 0.39 | T14: 0.36 | U14: =Q14*S14 -> 0 | V14: =Q14*T14 -> 0 | W14: =IF(H14="о",IF(Q14>0,1,0),IF(H14="з",IF(Q14>0,1,0),0)) -> 0 | X14: =IFERROR(VLOOKUP(B14,Лист2!A:B,2,0),0) -> 1 | Y14: =N14-X14 -> 441.25 | AB14: =ROUND(N14,0) -> 442 | AC14: =N14-AB14 -> 0.25
A15: =_xlfn.AGGREGATE(3,3,$B$6:B15) -> 10 | B15: ТЛТ00003764 | C15: ЕАЭС RU С-RU.АИ24.В.01042/24 | D15: https://pub.fsa.gov.ru/rss/certificate/view/3500098/baseInfo | E15: 47019 | F15: 1118-2904192-01 с кр | G15: 11182904192-01 | H15: о | I15: 1802008221239 | J15: 4658790008681 | K15: 906-526-01 | L15: БА18-2904192-01 Палец шаровой передней подвески с чехлом защитным с крепежом ВАЗ 1118, 2190 | M15: 497.15 | N15: 497.15 | O15: =N15/M15-1 -> 0 | P15: 20 | R15: =N15*Q15 -> 0 | S15: 0.47 | T15: 0.44 | U15: =Q15*S15 -> 0 | V15: =Q15*T15 -> 0 | W15: =IF(H15="о",IF(Q15>0,1,0),IF(H15="з",IF(Q15>0,1,0),0)) -> 0 | X15: =IFERROR(VLOOKUP(B15,Лист2!A:B,2,0),0) -> 1 | Y15: =N15-X15 -> 496.15 | AB15: =ROUND(N15,0) -> 497 | AC15: =N15-AB15 -> 0.15
A16: =_xlfn.AGGREGATE(3,3,$B$6:B16) -> 11 | B16: ТЛТ00003709 | C16: ЕАЭС RU С-RU.АИ24.В.00794/23 | D16: https://pub.fsa.gov.ru/rss/certificate/view/3291031/baseInfo | E16: 46598 | F16: 2101-2904082-05 | G16: 21012904082-05 | H16: о | I16: 4612728050098 | J16: 4658790008551 | K16: 906-520 | L16: БА01-2904082-05 Палец шаровой передней подвески нижний с чехлом защитным (усиленный) в сборе | M16: 474.79 | N16: 474.79 | O16: =N16/M16-1 -> 0 | P16: 20 | R16: =N16*Q16 -> 0 | S16: 0.55 | T16: 0.52 | U16: =Q16*S16 -> 0 | V16: =Q16*T16 -> 0 | W16: =IF(H16="о",IF(Q16>0,1,0),IF(H16="з",IF(Q16>0,1,0),0)) -> 0 | X16: =IFERROR(VLOOKUP(B16,Лист2!A:B,2,0),0) -> 1 | Y16: =N16-X16 -> 473.79 | AB16: =ROUND(N16,0) -> 475 | AC16: =N16-AB16 -> -0.21
A17: =_xlfn.AGGREGATE(3,3,$B$6:B17) -> 12 | B17: ТЛТ00003716 | C17: ЕАЭС RU С-RU.АИ24.В.00794/23 | D17: https://pub.fsa.gov.ru/rss/certificate/view/3291031/baseInfo | E17: 46598 | F17: 2101-2904082-05 с кр | G17: 21012904082-05 | H17: о | I17: 4612728050104 | J17: 4658790008568 | K17: 906-520-01 | L17: БА01-2904082-05 Палец шаровой передней подвески нижний с чехлом защитным (усиленный) в сборе с крепежом | M17: 526.64 | N17: 526.64 | O17: =N17/M17-1 -> 0 | P17: 20 | R17: =N17*Q17 -> 0 | S17: 0.66 | T17: 0.63 | U17: =Q17*S17 -> 0 | V17: =Q17*T17 -> 0 | W17: =IF(H17="о",IF(Q17>0,1,0),IF(H17="з",IF(Q17>0,1,0),0)) -> 0 | X17: =IFERROR(VLOOKUP(B17,Лист2!A:B,2,0),0) -> 1 | Y17: =N17-X17 -> 525.64 | AB17: =ROUND(N17,0) -> 527 | AC17: =N17-AB17 -> -0.36
A18: =_xlfn.AGGREGATE(3,3,$B$6:B18) -> 13 | B18: ТЛТ00003715 | C18: ЕАЭС RU С-RU.АИ24.В.00794/23 | D18: https://pub.fsa.gov.ru/rss/certificate/view/3291031/baseInfo | E18: 46598 | F18: 2101-2904192-05 | G18: 21012904192-05 | H18: о | I18: 4612728050111 | J18: 4658790008575 | K18: 906-521 | L18: БА01-2904192-05 Палец шаровой передней подвески верхний с чехлом защитным (усиленный) в сборе | M18: 474.79 | N18: 474.79 | O18: =N18/M18-1 -> 0 | P18: 20 | R18: =N18*Q18 -> 0 | S18: 0.53 | T18: 0.5 | U18: =Q18*S18 -> 0 | V18: =Q18*T18 -> 0 | W18: =IF(H18="о",IF(Q18>0,1,0),IF(H18="з",IF(Q18>0,1,0),0)) -> 0 | X18: =IFERROR(VLOOKUP(B18,Лист2!A:B,2,0),0) -> 1 | Y18: =N18-X18 -> 473.79 | AB18: =ROUND(N18,0) -> 475 | AC18: =N18-AB18 -> -0.21
A19: =_xlfn.AGGREGATE(3,3,$B$6:B19) -> 14 | B19: ТЛТ00003720 | C19: ЕАЭС RU С-RU.АИ24.В.00794/23 | D19: https://pub.fsa.gov.ru/rss/certificate/view/3291031/baseInfo | E19: 46598 | F19: 2101-2904192-05 с кр | G19: 21012904192-05 | H19: о | I19: 4612728050128 | J19: 4658790008582 | K19: 906-521-01 | L19: БА01-2904192-05 Палец шаровой передней подвески верхний с чехлом защитным (усиленный) в сборе с крепежом | M19: 526.64 | N19: 526.64 | O19: =N19/M19-1 -> 0 | P19: 20 | R19: =N19*Q19 -> 0 | S19: 0.59 | T19: 0.56 | U19: =Q19*S19 -> 0 | V19: =Q19*T19 -> 0 | W19: =IF(H19="о",IF(Q19>0,1,0),IF(H19="з",IF(Q19>0,1,0),0)) -> 0 | X19: =IFERROR(VLOOKUP(B19,Лист2!A:B,2,0),0) -> 1 | Y19: =N19-X19 -> 525.64 | AB19: =ROUND(N19,0) -> 527 | AC19: =N19-AB19 -> -0.36
A20: =_xlfn.AGGREGATE(3,3,$B$6:B20) -> 15 | B20: ТЛТ00007978 | C20: ЕАЭС RU С-RU.АИ24.В.01164/25 | D20: https://pub.fsa.gov.ru/rss/certificate/view/3575513/baseInfo | E20: 47243 | F20: БА214-2904082-01 | G20: 212142904082-01 | H20: о | I20: 4630017720644 | J20: 4658790009039 | K20: 906-559 | L20: БА214-2904082-01 Палец шаровой передней подвески нижний с защитным чехлом ВАЗ 21214 | M20: 502.24 | N20: 502.24 | O20: =N20/M20-1 -> 0 | P20: 20 | R20: =N20*Q20 -> 0 | S20: 0.58 | T20: 0.55 | U20: =Q20*S20 -> 0 | V20: =Q20*T20 -> 0 | W20: =IF(H20="о",IF(Q20>0,1,0),IF(H20="з",IF(Q20>0,1,0),0)) -> 0 | X20: =IFERROR(VLOOKUP(B20,Лист2!A:B,2,0),0) -> 1 | Y20: =N20-X20 -> 501.24 | AB20: =ROUND(N20,0) -> 502 | AC20: =N20-AB20 -> 0.24
A21: =_xlfn.AGGREGATE(3,3,$B$6:B21) -> 16 | B21: ТЛТ00007977 | C21: ЕАЭС RU С-RU.АИ24.В.01164/25 | D21: https://pub.fsa.gov.ru/rss/certificate/view/3575513/baseInfo | E21: 47243 | F21: БА214-2904082-01 | G21: 212142904082-01 | H21: о | I21: 4630017720668 | J21: 4658790009046 | K21: 906-559-01 | L21: БА214-2904082-01 Палец шаровой передней подвески нижний с защитным чехлом с крепежом ВАЗ 21214 | M21: 551.04 | N21: 551.04 | O21: =N21/M21-1 -> 0 | P21: 20 | R21: =N21*Q21 -> 0 | S21: 0.7 | T21: 0.67 | U21: =Q21*S21 -> 0 | V21: =Q21*T21 -> 0 | W21: =IF(H21="о",IF(Q21>0,1,0),IF(H21="з",IF(Q21>0,1,0),0)) -> 0 | X21: =IFERROR(VLOOKUP(B21,Лист2!A:B,2,0),0) -> 1 | Y21: =N21-X21 -> 550.04 | AB21: =ROUND(N21,0) -> 551 | AC21: =N21-AB21 -> 0.04
A22: =_xlfn.AGGREGATE(3,3,$B$6:B22) -> 17 | B22: ТЛТ00007979 | C22: ЕАЭС RU С-RU.АИ24.В.01164/25 | D22: https://pub.fsa.gov.ru/rss/certificate/view/3575513/baseInfo | E22: 47243 | F22: БА214-2904192-05 | G22: 212142904192-05 | H22: о | I22: 4630017720637 | J22: 4658790009053 | K22: 906-560 | L22: БА214-2904192-05 Палец шаровой передней подвески верхний с защитным чехлом ВАЗ 21214 | M22: 481.9 | N22: 481.9 | O22: =N22/M22-1 -> 0 | P22: 20 | R22: =N22*Q22 -> 0 | S22: 0.49 | T22: 0.46 | U22: =Q22*S22 -> 0 | V22: =Q22*T22 -> 0 | W22: =IF(H22="о",IF(Q22>0,1,0),IF(H22="з",IF(Q22>0,1,0),0)) -> 0 | X22: =IFERROR(VLOOKUP(B22,Лист2!A:B,2,0),0) -> 1 | Y22: =N22-X22 -> 480.9 | AB22: =ROUND(N22,0) -> 482 | AC22: =N22-AB22 -> -0.1
A23: =_xlfn.AGGREGATE(3,3,$B$6:B23) -> 18 | B23: ТЛТ00007981 | C23: ЕАЭС RU С-RU.АИ24.В.01164/25 | D23: https://pub.fsa.gov.ru/rss/certificate/view/3575513/baseInfo | E23: 47243 | F23: БА214-2904192-05 | G23: 212142904192-05 | H23: о | I23: 4630017720651 | J23: 4658790009060 | K23: 906-560-01 | L23: БА214-2904192-05 Палец шаровой передней подвески верхний с защитным чехлом с крепежом ВАЗ 21214 | M23: 532.74 | N23: 532.74 | O23: =N23/M23-1 -> 0 | P23: 20 | R23: =N23*Q23 -> 0 | S23: 0.61 | T23: 0.58 | U23: =Q23*S23 -> 0 | V23: =Q23*T23 -> 0 | W23: =IF(H23="о",IF(Q23>0,1,0),IF(H23="з",IF(Q23>0,1,0),0)) -> 0 | X23: =IFERROR(VLOOKUP(B23,Лист2!A:B,2,0),0) -> 1 | Y23: =N23-X23 -> 531.74 | AB23: =ROUND(N23,0) -> 533 | AC23: =N23-AB23 -> -0.26
A24: =_xlfn.AGGREGATE(3,3,$B$6:B24) -> 19 | B24: ТЛТ00003729 | C24: ЕАЭС RU С-RU.АИ24.В.00794/23 | D24: https://pub.fsa.gov.ru/rss/certificate/view/3291031/baseInfo | E24: 46598 | F24: 2123-2904192 | G24: 21232904192 | H24: о | I24: 4612728050135 | J24: 4658790008704 | K24: 906-527 | L24: 2123-2904192 Палец шаровой передней подвески с защитным чехлом в сборе | M24: 475.8 | N24: 475.8 | O24: =N24/M24-1 -> 0 | P24: 20 | R24: =N24*Q24 -> 0 | S24: 0.51 | T24: 0.48 | U24: =Q24*S24 -> 0 | V24: =Q24*T24 -> 0 | W24: =IF(H24="о",IF(Q24>0,1,0),IF(H24="з",IF(Q24>0,1,0),0)) -> 0 | X24: =IFERROR(VLOOKUP(B24,Лист2!A:B,2,0),0) -> 1 | Y24: =N24-X24 -> 474.8 | AB24: =ROUND(N24,0) -> 476 | AC24: =N24-AB24 -> -0.2
A25: =_xlfn.AGGREGATE(3,3,$B$6:B25) -> 20 | B25: ТЛТ00003733 | C25: ЕАЭС RU С-RU.АИ24.В.00794/23 | D25: https://pub.fsa.gov.ru/rss/certificate/view/3291031/baseInfo | E25: 46598 | F25: 2123-2904192 с кр | G25: 21232904192 | H25: о | I25: 4612728050142 | J25: 4658790008711 | K25: 906-527-01 | L25: 2123-2904192 Палец шаровой передней подвески с защитным чехлом в сборе с крепежом | M25: 520.54 | N25: 520.54 | O25: =N25/M25-1 -> 0 | P25: 20 | R25: =N25*Q25 -> 0 | S25: 0.63 | T25: 0.6 | U25: =Q25*S25 -> 0 | V25: =Q25*T25 -> 0 | W25: =IF(H25="о",IF(Q25>0,1,0),IF(H25="з",IF(Q25>0,1,0),0)) -> 0 | X25: =IFERROR(VLOOKUP(B25,Лист2!A:B,2,0),0) -> 1 | Y25: =N25-X25 -> 519.54 | AB25: =ROUND(N25,0) -> 521 | AC25: =N25-AB25 -> -0.46
A26: =_xlfn.AGGREGATE(3,3,$B$6:B26) -> 21 | B26: ТЛТ00014379 | C26: ЕАЭС RU С-RU.АИ24.В.00813/23 | D26: https://pub.fsa.gov.ru/rss/certificate/view/3306437/baseInfo | E26: 46628 | F26: 8450006741 | G26: 8450006742 | H26: о | I26: 4630017890101 | J26: 4658790009541 | K26: 906-628 | L26: 906-628 Шаровая опора левая Lada Vesta 8450006742 | M26: 610 | N26: 610 | O26: =N26/M26-1 -> 0 | P26: 20 | R26: =N26*Q26 -> 0 | S26: 0.5 | T26: 0.45 | U26: =Q26*S26 -> 0 | V26: =Q26*T26 -> 0 | W26: =IF(H26="о",IF(Q26>0,1,0),IF(H26="з",IF(Q26>0,1,0),0)) -> 0 | X26: =IFERROR(VLOOKUP(B26,Лист2!A:B,2,0),0) -> 1 | Y26: =N26-X26 -> 609 | AB26: =ROUND(N26,0) -> 610 | AC26: =N26-AB26 -> 0
A27: =_xlfn.AGGREGATE(3,3,$B$6:B27) -> 22 | B27: ТЛТ00014378 | C27: ЕАЭС RU С-RU.АИ24.В.00813/23 | D27: https://pub.fsa.gov.ru/rss/certificate/view/3306437/baseInfo | E27: 46628 | F27: 8450006742 | G27: 8450006741 | H27: о | I27: 4630017890095 | J27: 4658790009558 | K27: 906-629 | L27: 906-629 Шаровая опора правая Lada Vesta 8450006741 | M27: 610 | N27: 610 | O27: =N27/M27-1 -> 0 | P27: 20 | R27: =N27*Q27 -> 0 | S27: 0.5 | T27: 0.45 | U27: =Q27*S27 -> 0 | V27: =Q27*T27 -> 0 | W27: =IF(H27="о",IF(Q27>0,1,0),IF(H27="з",IF(Q27>0,1,0),0)) -> 0 | X27: =IFERROR(VLOOKUP(B27,Лист2!A:B,2,0),0) -> 1 | Y27: =N27-X27 -> 609 | AB27: =ROUND(N27,0) -> 610 | AC27: =N27-AB27 -> 0
A28: =_xlfn.AGGREGATE(3,3,$B$6:B28) -> 23 | B28: ТЛТ00016153 | C28: ЕАЭС RU С-RU.АИ24.В.00813/23 | D28: https://pub.fsa.gov.ru/rss/certificate/view/3306437/baseInfo | E28: 46628 | F28: 906-697 | G28: 8450006742/8450006741 | H28: о | I28: 4630017927234 | J28: 4658790009985 | K28: 906-697 | L28: 906-697 Комплект шаровых опор "БЗАК-ПРОФИ" с крепежом LADA VESTA | M28: 1095.96 | N28: 1095.96 | O28: =N28/M28-1 -> 0 | P28: 20 | R28: =N28*Q28 -> 0 | S28: 1.1 | T28: 0.9 | U28: =Q28*S28 -> 0 | V28: =Q28*T28 -> 0 | W28: =IF(H28="о",IF(Q28>0,1,0),IF(H28="з",IF(Q28>0,1,0),0)) -> 0 | X28: =IFERROR(VLOOKUP(B28,Лист2!A:B,2,0),0) -> 1 | Y28: =N28-X28 -> 1094.96 | AB28: =ROUND(N28,0) -> 1096 | AC28: =N28-AB28 -> -0.04
A29: =_xlfn.AGGREGATE(3,3,$B$6:B29) -> 24 | B29: ТЛТ00003797 | C29: ЕАЭС RU С-RU.АИ24.В.00794/23 ЕАЭС RU С-RU.АИ24.В.01042/24 | D29: https://pub.fsa.gov.ru/rss/certificate/view/3291031/baseInfo https://pub.fsa.gov.ru/rss/certificate/view/3500098/baseInfo | E29: 30.07.2027 23.09.2028 | F29: 2101-2904192-03/2904082 (профи) | G29: 21012904192-03/21012904082 | H29: о | I29: 1902008221007 | J29: 4658790008599 | K29: 906-522 | L29: БА01-2904192-03 / 2101-2904082 Комплект шаровых опор "БЗАК-ПРОФИ" с крепежом ВАЗ 2101 | M29: 1764.94 | N29: 1764.94 | O29: =N29/M29-1 -> 0 | P29: 5 | R29: =N29*Q29 -> 0 | S29: 2.47 | T29: 2.35 | U29: =Q29*S29 -> 0 | V29: =Q29*T29 -> 0 | W29: =IF(H29="о",IF(Q29>0,1,0),IF(H29="з",IF(Q29>0,1,0),0)) -> 0 | X29: =IFERROR(VLOOKUP(B29,Лист2!A:B,2,0),0) -> 1 | Y29: =N29-X29 -> 1763.94 | AB29: =ROUND(N29,0) -> 1765 | AC29: =N29-AB29 -> -0.06
A30: =_xlfn.AGGREGATE(3,3,$B$6:B30) -> 25 | B30: ТЛТ00003718 | C30: ЕАЭС RU С-RU.АИ24.В.00794/23 | D30: https://pub.fsa.gov.ru/rss/certificate/view/3291031/baseInfo | E30: 46598 | F30: 2101-2904192-05/2904082-05 (профи) | G30: 21012904192-05/21012904082-05 | H30: о | I30: 1902008221014 | J30: 4658790008605 | K30: 906-523 | L30: БА01-2904192-05 / БА01-2904082-05 Комплект шаровых опор "БЗАК-ПРОФИ" усиленные с крепежом ВАЗ 2101 | M30: 1963.19 | N30: 1963.19 | O30: =N30/M30-1 -> 0 | P30: 5 | R30: =N30*Q30 -> 0 | S30: 2.48 | T30: 2.36 | U30: =Q30*S30 -> 0 | V30: =Q30*T30 -> 0 | W30: =IF(H30="о",IF(Q30>0,1,0),IF(H30="з",IF(Q30>0,1,0),0)) -> 0 | X30: =IFERROR(VLOOKUP(B30,Лист2!A:B,2,0),0) -> 1 | Y30: =N30-X30 -> 1962.19 | AB30: =ROUND(N30,0) -> 1963 | AC30: =N30-AB30 -> 0.19
A31: =_xlfn.AGGREGATE(3,3,$B$6:B31) -> 26 | B31: ТЛТ00003796 | C31: ЕАЭС RU С-RU.АИ24.В.01042/24 | D31: https://pub.fsa.gov.ru/rss/certificate/view/3500098/baseInfo | E31: 47019 | F31: 2121-2904192-03 (профи) | G31: 21012904192-03 | H31: о | I31: 1902008221021 | J31: 4658790008735 | K31: 906-528 | L31: БА01-2904192-03 Комплект шаровых опор "БЗАК-ПРОФИ Нива" с крепежом ВАЗ 2121 | M31: 1650.05 | N31: 1650.05 | O31: =N31/M31-1 -> 0 | P31: 5 | R31: =N31*Q31 -> 0 | S31: 2.32 | T31: 2.2 | U31: =Q31*S31 -> 0 | V31: =Q31*T31 -> 0 | W31: =IF(H31="о",IF(Q31>0,1,0),IF(H31="з",IF(Q31>0,1,0),0)) -> 0 | X31: =IFERROR(VLOOKUP(B31,Лист2!A:B,2,0),0) -> 1 | Y31: =N31-X31 -> 1649.05 | AB31: =ROUND(N31,0) -> 1650 | AC31: =N31-AB31 -> 0.05
A32: =_xlfn.AGGREGATE(3,3,$B$6:B32) -> 27 | B32: ТЛТ00003719 | C32: ЕАЭС RU С-RU.АИ24.В.00794/23 | D32: https://pub.fsa.gov.ru/rss/certificate/view/3291031/baseInfo | E32: 46598 | F32: 2121-2904192-05 (профи) | G32: 21012904192-05 | H32: о | I32: 1902008221038 | J32: 4658790008742 | K32: 906-528-01 | L32: БА01-2904192-05 Комплект пальцев шаровых "БЗАК-ПРОФИ Нива" усиленные с крепежом ВАЗ 2121 | M32: 1960.14 | N32: 1960.14 | O32: =N32/M32-1 -> 0 | P32: 5 | R32: =N32*Q32 -> 0 | S32: 2.37 | T32: 2.25 | U32: =Q32*S32 -> 0 | V32: =Q32*T32 -> 0 | W32: =IF(H32="о",IF(Q32>0,1,0),IF(H32="з",IF(Q32>0,1,0),0)) -> 0 | X32: =IFERROR(VLOOKUP(B32,Лист2!A:B,2,0),0) -> 1 | Y32: =N32-X32 -> 1959.14 | AB32: =ROUND(N32,0) -> 1960 | AC32: =N32-AB32 -> 0.14
A33: =_xlfn.AGGREGATE(3,3,$B$6:B33) -> 28 | B33: ТЛТ00003807 | C33: ЕАЭС RU С-RU.АИ24.В.01042/24 | D33: https://pub.fsa.gov.ru/rss/certificate/view/3500098/baseInfo | E33: 47019 | F33: 2108-2904192-01 (профи) | G33: 21082904192-01 | H33: о | I33: 1902008221045 | J33: 4658790008636 | K33: 906-524-02 | L33: БА08-2904192-01 Комплект шаровых опор "БЗАК-ПРОФИ" с крепежом ВАЗ 2108-2109 | M33: 785.89 | N33: 785.89 | O33: =N33/M33-1 -> 0 | P33: 20 | R33: =N33*Q33 -> 0 | S33: 0.88 | T33: 0.82 | U33: =Q33*S33 -> 0 | V33: =Q33*T33 -> 0 | W33: =IF(H33="о",IF(Q33>0,1,0),IF(H33="з",IF(Q33>0,1,0),0)) -> 0 | X33: =IFERROR(VLOOKUP(B33,Лист2!A:B,2,0),0) -> 1 | Y33: =N33-X33 -> 784.89 | AB33: =ROUND(N33,0) -> 786 | AC33: =N33-AB33 -> -0.11
A34: =_xlfn.AGGREGATE(3,3,$B$6:B34) -> 29 | B34: ТЛТ00003756 | C34: ЕАЭС RU С-RU.АИ24.В.00794/23 | D34: https://pub.fsa.gov.ru/rss/certificate/view/3291031/baseInfo | E34: 46598 | F34: 2110-2904192 (профи) | G34: 21102904192 | H34: о | I34: 1902008221052 | J34: 4658790008667 | K34: 906-525-02 | L34: БА10-2904192 Комплект шаровых опор "БЗАК-ПРОФИ" с крепежом ВАЗ 2110-1118 | M34: 894.66 | N34: 894.66 | O34: =N34/M34-1 -> 0 | P34: 20 | R34: =N34*Q34 -> 0 | S34: 0.94 | T34: 0.88 | U34: =Q34*S34 -> 0 | V34: =Q34*T34 -> 0 | W34: =IF(H34="о",IF(Q34>0,1,0),IF(H34="з",IF(Q34>0,1,0),0)) -> 0 | X34: =IFERROR(VLOOKUP(B34,Лист2!A:B,2,0),0) -> 1 | Y34: =N34-X34 -> 893.66 | AB34: =ROUND(N34,0) -> 895 | AC34: =N34-AB34 -> -0.34
A35: =_xlfn.AGGREGATE(3,3,$B$6:B35) -> 30 | B35: ТЛТ00003765 | C35: ЕАЭС RU С-RU.АИ24.В.01042/24 | D35: https://pub.fsa.gov.ru/rss/certificate/view/3500098/baseInfo | E35: 47019 | F35: 1118-2904192-01 (профи) | G35: 11182904192-01 | H35: о | I35: 1902008221977 | J35: 4658790008698 | K35: 906-526-02 | L35: БА18-2904192-01 Комплект шаровых опор "БЗАК-ПРОФИ" с крепежом ВАЗ 1118, 2190 | M35: 962.79 | N35: 962.79 | O35: =N35/M35-1 -> 0 | P35: 20 | R35: =N35*Q35 -> 0 | S35: 0.94 | T35: 0.88 | U35: =Q35*S35 -> 0 | V35: =Q35*T35 -> 0 | W35: =IF(H35="о",IF(Q35>0,1,0),IF(H35="з",IF(Q35>0,1,0),0)) -> 0 | X35: =IFERROR(VLOOKUP(B35,Лист2!A:B,2,0),0) -> 1 | Y35: =N35-X35 -> 961.79 | AB35: =ROUND(N35,0) -> 963 | AC35: =N35-AB35 -> -0.21
A36: =_xlfn.AGGREGATE(3,3,$B$6:B36) -> 31 | B36: ТЛТ00003737 | C36: ЕАЭС RU С-RU.АИ24.В.00794/23 | D36: https://pub.fsa.gov.ru/rss/certificate/view/3291031/baseInfo | E36: 46598 | F36: 2123 (профи) | G36: 21232904192 | H36: о | I36: 1902008221069 | J36: 4658790008728 | K36: 906-527-02 | L36: 2123-2904192 Комплект шаровых опор "БЗАК-ПРОФИ" с крепежом ВАЗ 2123 | M36: 2043.5 | N36: 2043.5 | O36: =N36/M36-1 -> 0 | P36: 5 | R36: =N36*Q36 -> 0 | S36: 2.51 | T36: 2.39 | U36: =Q36*S36 -> 0 | V36: =Q36*T36 -> 0 | W36: =IF(H36="о",IF(Q36>0,1,0),IF(H36="з",IF(Q36>0,1,0),0)) -> 0 | X36: =IFERROR(VLOOKUP(B36,Лист2!A:B,2,0),0) -> 1 | Y36: =N36-X36 -> 2042.5 | AB36: =ROUND(N36,0) -> 2044 | AC36: =N36-AB36 -> -0.5
A37: =_xlfn.AGGREGATE(3,3,$B$6:B37) -> 32 | B37: ТЛТ00015053 | C37: ЕАЭС RU С-RU.АИ24.В.01164/25 | D37: https://pub.fsa.gov.ru/rss/certificate/view/3575513/baseInfo | E37: 47243 | F37: 906-641-01 | G37: 212142904082-01/212142904192-05 | H37: о | I37: 4630017927289 | J37: 4658790009626 | K37: 906-641-01 | L37: 906-641-01 Комплект шаровых опор "БЗАК-ПРОФИ" с крепежом ВАЗ-21214 | M37: 2092.3 | N37: 2092.3 | O37: =N37/M37-1 -> 0 | P37: 5 | R37: =N37*Q37 -> 0 | S37: 2.62 | T37: 2.42 | U37: =Q37*S37 -> 0 | V37: =Q37*T37 -> 0 | W37: =IF(H37="о",IF(Q37>0,1,0),IF(H37="з",IF(Q37>0,1,0),0)) -> 0 | X37: =IFERROR(VLOOKUP(B37,Лист2!A:B,2,0),0) -> 1 | Y37: =N37-X37 -> 2091.3 | AB37: =ROUND(N37,0) -> 2092 | AC37: =N37-AB37 -> 0.3
A38: =_xlfn.AGGREGATE(3,3,$B$6:B38) -> 33 | B38: ТЛТ00003868 | C38: ЕАЭС RU С-RU.АИ24.В.00794/23 | D38: https://pub.fsa.gov.ru/rss/certificate/view/3291031/baseInfo | E38: 46598 | F38: 2101-3003050/64 | G38: 21013003058/21013003060 | H38: о | I38: 4612728050159 | J38: 4658790008810 | K38: 906-535-01 | L38: БА01-3003050/БА01-3003064 Комплект рулевых наконечников правый+левый крайней тяги рулевой трапеции с крепежом ВАЗ 2101-2107 | M38: 830.61 | N38: 830.61 | O38: =N38/M38-1 -> 0 | P38: 10 | R38: =N38*Q38 -> 0 | S38: 1.31 | T38: 1.26 | U38: =Q38*S38 -> 0 | V38: =Q38*T38 -> 0 | W38: =IF(H38="о",IF(Q38>0,1,0),IF(H38="з",IF(Q38>0,1,0),0)) -> 0 | X38: =IFERROR(VLOOKUP(B38,Лист2!A:B,2,0),0) -> 1 | Y38: =N38-X38 -> 829.61 | AB38: =ROUND(N38,0) -> 831 | AC38: =N38-AB38 -> -0.39
A39: =_xlfn.AGGREGATE(3,3,$B$6:B39) -> 34 | B39: ТЛТ00003957 | C39: ЕАЭС RU С-RU.АИ24.В.00794/23 | D39: https://pub.fsa.gov.ru/rss/certificate/view/3291031/baseInfo | E39: 46598 | F39: 2101-3003058/60 | G39: 21013003058/21013003060 | H39: о | I39: 1702008221195 | J39: 4658790008803 | K39: 906-535 | L39: БА01-3003058/БА01-3003060 Комплект наконечников правый+левый крайней тяги без крепежа ВАЗ 2101-2107 | M39: 810.29 | N39: 810.29 | O39: =N39/M39-1 -> 0 | P39: 10 | R39: =N39*Q39 -> 0 | S39: 1.3 | T39: 1.25 | U39: =Q39*S39 -> 0 | V39: =Q39*T39 -> 0 | W39: =IF(H39="о",IF(Q39>0,1,0),IF(H39="з",IF(Q39>0,1,0),0)) -> 0 | X39: =IFERROR(VLOOKUP(B39,Лист2!A:B,2,0),0) -> 1 | Y39: =N39-X39 -> 809.29 | AB39: =ROUND(N39,0) -> 810 | AC39: =N39-AB39 -> 0.29
A40: =_xlfn.AGGREGATE(3,3,$B$6:B40) -> 35 | B40: ТЛТ00003869 | C40: ЕАЭС RU С-RU.АИ24.В.00794/23 | D40: https://pub.fsa.gov.ru/rss/certificate/view/3291031/baseInfo | E40: 46598 | F40: 2101-3003057.01 | G40: 21013003056 | H40: о | I40: 4612728050166 | J40: 4658790008773 | K40: 906-532-01 | L40: БА01-3003057.01 Комплект рулевых наконечников крайней тяги рулевой трапеции наружных в сборе с крепежом ВАЗ 2101-2107 | M40: 741.15 | N40: 741.15 | O40: =N40/M40-1 -> 0 | P40: 20 | R40: =N40*Q40 -> 0 | S40: 0.88 | T40: 0.85 | U40: =Q40*S40 -> 0 | V40: =Q40*T40 -> 0 | W40: =IF(H40="о",IF(Q40>0,1,0),IF(H40="з",IF(Q40>0,1,0),0)) -> 0 | X40: =IFERROR(VLOOKUP(B40,Лист2!A:B,2,0),0) -> 1 | Y40: =N40-X40 -> 740.15 | AB40: =ROUND(N40,0) -> 741 | AC40: =N40-AB40 -> 0.15
A41: =_xlfn.AGGREGATE(3,3,$B$6:B41) -> 36 | B41: ТЛТ00004039 | C41: ЕАЭС RU С-RU.АИ24.В.00794/23 | D41: https://pub.fsa.gov.ru/rss/certificate/view/3291031/baseInfo | E41: 46598 | F41: 2101-3003056 | G41: 21013003056 | H41: о | I41: 1702008221201 | J41: 4658790008766 | K41: 906-532 | L41: БА01-3003056 Комплект наконечников тяги рулевой трапеции наружных в сборе без крепежа ВАЗ 2101-2107 | M41: 712.69 | N41: 712.69 | O41: =N41/M41-1 -> 0 | P41: 20 | R41: =N41*Q41 -> 0 | S41: 0.87 | T41: 0.84 | U41: =Q41*S41 -> 0 | V41: =Q41*T41 -> 0 | W41: =IF(H41="о",IF(Q41>0,1,0),IF(H41="з",IF(Q41>0,1,0),0)) -> 0 | X41: =IFERROR(VLOOKUP(B41,Лист2!A:B,2,0),0) -> 1 | Y41: =N41-X41 -> 711.69 | AB41: =ROUND(N41,0) -> 713 | AC41: =N41-AB41 -> -0.31
A42: =_xlfn.AGGREGATE(3,3,$B$6:B42) -> 37 | B42: ТЛТ00003871 | C42: ЕАЭС RU С-RU.АИ24.В.00794/23 | D42: https://pub.fsa.gov.ru/rss/certificate/view/3291031/baseInfo | E42: 46598 | F42: 2101-3003010 | G42: 21013003010 | H42: о | I42: 1802008221741 | J42: 4658790008926 | K42: 906-544 | L42: БА01-3003010 Тяга рулевой трапеции средняя в сборе ВАЗ 2101 | M42: 926.19 | N42: 926.19 | O42: =N42/M42-1 -> 0 | P42: 4 | R42: =N42*Q42 -> 0 | S42: 1.8 | T42: 1.8 | U42: =Q42*S42 -> 0 | V42: =Q42*T42 -> 0 | W42: =IF(H42="о",IF(Q42>0,1,0),IF(H42="з",IF(Q42>0,1,0),0)) -> 0 | X42: =IFERROR(VLOOKUP(B42,Лист2!A:B,2,0),0) -> 1 | Y42: =N42-X42 -> 925.19 | AB42: =ROUND(N42,0) -> 926 | AC42: =N42-AB42 -> 0.19
A43: =_xlfn.AGGREGATE(3,3,$B$6:B43) -> 38 | B43: ТЛТ00003873 | C43: ЕАЭС RU С-RU.АИ24.В.00794/23 | D43: https://pub.fsa.gov.ru/rss/certificate/view/3291031/baseInfo | E43: 46598 | F43: 2121-3414010 | G43: 21213414010 | H43: о | I43: 1802008221758 | J43: 4658790008933 | K43: 906-545 | L43: БА21-3414010 Тяга рулевой трапеции средняя в сборе ВАЗ 2121 | M43: 967.86 | N43: 967.86 | O43: =N43/M43-1 -> 0 | P43: 4 | R43: =N43*Q43 -> 0 | S43: 1.9 | T43: 1.9 | U43: =Q43*S43 -> 0 | V43: =Q43*T43 -> 0 | W43: =IF(H43="о",IF(Q43>0,1,0),IF(H43="з",IF(Q43>0,1,0),0)) -> 0 | X43: =IFERROR(VLOOKUP(B43,Лист2!A:B,2,0),0) -> 1 | Y43: =N43-X43 -> 966.86 | AB43: =ROUND(N43,0) -> 968 | AC43: =N43-AB43 -> -0.14
A44: =_xlfn.AGGREGATE(3,3,$B$6:B44) -> 39 | B44: ТЛТ00003872 | C44: ЕАЭС RU С-RU.АИ24.В.00794/23 | D44: https://pub.fsa.gov.ru/rss/certificate/view/3291031/baseInfo | E44: 46598 | F44: 21214-3414010 | G44: 212143414010 | H44: о | I44: 1802008221765 | J44: 4658790008940 | K44: 906-546 | L44: БА214-3414010-01 Тяга рулевой трапеции средняя в сборе ВАЗ 2121 | M44: 1052.25 | N44: 1052.25 | O44: =N44/M44-1 -> 0 | P44: 4 | R44: =N44*Q44 -> 0 | S44: 1.9 | T44: 1.9 | U44: =Q44*S44 -> 0 | V44: =Q44*T44 -> 0 | W44: =IF(H44="о",IF(Q44>0,1,0),IF(H44="з",IF(Q44>0,1,0),0)) -> 0 | X44: =IFERROR(VLOOKUP(B44,Лист2!A:B,2,0),0) -> 1 | Y44: =N44-X44 -> 1051.25 | AB44: =ROUND(N44,0) -> 1052 | AC44: =N44-AB44 -> 0.25
A45: =_xlfn.AGGREGATE(3,3,$B$6:B45) -> 40 | B45: ТЛТ00003884 | C45: ЕАЭС RU С-RU.АИ24.В.00794/23 | D45: https://pub.fsa.gov.ru/rss/certificate/view/3291031/baseInfo | E45: 46598 | F45: 2121-3414138.01 | G45: 21213414138 | H45: о | I45: 4612728050197 | J45: 4658790008971 | K45: 906-548-01 | L45: БА21-3414138.01 Комплект рулевых наконечников внутренних в сборе с крепежом ВАЗ 2121 | M45: 840.79 | N45: 840.79 | O45: =N45/M45-1 -> 0 | P45: 10 | R45: =N45*Q45 -> 0 | S45: 1.19 | T45: 1.14 | U45: =Q45*S45 -> 0 | V45: =Q45*T45 -> 0 | W45: =IF(H45="о",IF(Q45>0,1,0),IF(H45="з",IF(Q45>0,1,0),0)) -> 0 | X45: =IFERROR(VLOOKUP(B45,Лист2!A:B,2,0),0) -> 1 | Y45: =N45-X45 -> 839.79 | AB45: =ROUND(N45,0) -> 841 | AC45: =N45-AB45 -> -0.21
A46: =_xlfn.AGGREGATE(3,3,$B$6:B46) -> 41 | B46: ТЛТ00003959 | C46: ЕАЭС RU С-RU.АИ24.В.00794/23 | D46: https://pub.fsa.gov.ru/rss/certificate/view/3291031/baseInfo | E46: 46598 | F46: 2121-3414138 | G46: 21213414138 | H46: о | I46: 4680287513460 | J46: 4658790008964 | K46: 906-548 | L46: БА21-3414138 Комплект рулевых наконечников внутренних в сборе без крепежа ВАЗ 2121 | M46: 813.34 | N46: 813.34 | O46: =N46/M46-1 -> 0 | P46: 10 | R46: =N46*Q46 -> 0 | S46: 1.18 | T46: 1.13 | U46: =Q46*S46 -> 0 | V46: =Q46*T46 -> 0 | W46: =IF(H46="о",IF(Q46>0,1,0),IF(H46="з",IF(Q46>0,1,0),0)) -> 0 | X46: =IFERROR(VLOOKUP(B46,Лист2!A:B,2,0),0) -> 1 | Y46: =N46-X46 -> 812.34 | AB46: =ROUND(N46,0) -> 813 | AC46: =N46-AB46 -> 0.34
A47: =_xlfn.AGGREGATE(3,3,$B$6:B47) -> 42 | B47: ТЛТ00003914 | C47: ЕАЭС RU С-RU.АИ24.В.00794/23 | D47: https://pub.fsa.gov.ru/rss/certificate/view/3291031/baseInfo | E47: 46598 | F47: 2108-3414056.01/57.01 | G47: 21083414056/21083414057 | H47: о | I47: 4612728050203 | J47: 4658790008872 | K47: 906-540-01 | L47: БА08-3414056.01/БА08-3414057.01 Комплект рулевых наконечников в сборе с крепежом ВАЗ 2108-2109 | M47: 903.81 | N47: 903.81 | O47: =N47/M47-1 -> 0 | P47: 10 | R47: =N47*Q47 -> 0 | S47: 1.2 | T47: 1.15 | U47: =Q47*S47 -> 0 | V47: =Q47*T47 -> 0 | W47: =IF(H47="о",IF(Q47>0,1,0),IF(H47="з",IF(Q47>0,1,0),0)) -> 0 | X47: =IFERROR(VLOOKUP(B47,Лист2!A:B,2,0),0) -> 1 | Y47: =N47-X47 -> 902.81 | AB47: =ROUND(N47,0) -> 904 | AC47: =N47-AB47 -> -0.19
A48: =_xlfn.AGGREGATE(3,3,$B$6:B48) -> 43 | B48: ТЛТ00003960 | C48: ЕАЭС RU С-RU.АИ24.В.00794/23 | D48: https://pub.fsa.gov.ru/rss/certificate/view/3291031/baseInfo | E48: 46598 | F48: 2108-3414056.01/57 | G48: 21083414056/21083414057 | H48: о | I48: 4680287513484 | J48: 4658790008865 | K48: 906-540 | L48: БА08-3414056/БА08-3414057 Комплект рулевых наконечников в сборе без крепежа ВАЗ 2108-2109 | M48: 868.24 | N48: 868.24 | O48: =N48/M48-1 -> 0 | P48: 10 | R48: =N48*Q48 -> 0 | S48: 1.2 | T48: 1.15 | U48: =Q48*S48 -> 0 | V48: =Q48*T48 -> 0 | W48: =IF(H48="о",IF(Q48>0,1,0),IF(H48="з",IF(Q48>0,1,0),0)) -> 0 | X48: =IFERROR(VLOOKUP(B48,Лист2!A:B,2,0),0) -> 1 | Y48: =N48-X48 -> 867.24 | AB48: =ROUND(N48,0) -> 868 | AC48: =N48-AB48 -> 0.24
A49: =_xlfn.AGGREGATE(3,3,$B$6:B49) -> 44 | B49: ТЛТ00003912 | C49: ЕАЭС RU С-RU.АИ24.В.00794/23 | D49: https://pub.fsa.gov.ru/rss/certificate/view/3291031/baseInfo | E49: 46598 | F49: 2108-3414056 | G49: 21083414056 | H49: о | I49: 1902008221120 | J49: 4658790008841 | K49: 906-538 | L49: БА08-3414056.01 Наконечник рулевой наружный правый с крепежом ВАЗ 2108-2109 | M49: 471.74 | N49: 471.74 | O49: =N49/M49-1 -> 0 | P49: 10 | R49: =N49*Q49 -> 0 | S49: 0.6 | T49: 0.55 | U49: =Q49*S49 -> 0 | V49: =Q49*T49 -> 0 | W49: =IF(H49="о",IF(Q49>0,1,0),IF(H49="з",IF(Q49>0,1,0),0)) -> 0 | X49: =IFERROR(VLOOKUP(B49,Лист2!A:B,2,0),0) -> 1 | Y49: =N49-X49 -> 470.74 | AB49: =ROUND(N49,0) -> 472 | AC49: =N49-AB49 -> -0.26
A50: =_xlfn.AGGREGATE(3,3,$B$6:B50) -> 45 | B50: ТЛТ00003913 | C50: ЕАЭС RU С-RU.АИ24.В.00794/23 | D50: https://pub.fsa.gov.ru/rss/certificate/view/3291031/baseInfo | E50: 46598 | F50: 2108-3414057 | G50: 21083414057 | H50: о | I50: 1902008221137 | J50: 4658790008858 | K50: 906-539 | L50: БА08-3414057.01 Наконечник рулевой наружный левый с крепежом ВАЗ 2108-2109 | M50: 471.74 | N50: 471.74 | O50: =N50/M50-1 -> 0 | P50: 10 | R50: =N50*Q50 -> 0 | S50: 0.6 | T50: 0.55 | U50: =Q50*S50 -> 0 | V50: =Q50*T50 -> 0 | W50: =IF(H50="о",IF(Q50>0,1,0),IF(H50="з",IF(Q50>0,1,0),0)) -> 0 | X50: =IFERROR(VLOOKUP(B50,Лист2!A:B,2,0),0) -> 1 | Y50: =N50-X50 -> 470.74 | AB50: =ROUND(N50,0) -> 472 | AC50: =N50-AB50 -> -0.26
A51: =_xlfn.AGGREGATE(3,3,$B$6:B51) -> 46 | B51: ТЛТ00003924 | C51: ЕАЭС RU С-RU.АИ24.В.00794/23 | D51: https://pub.fsa.gov.ru/rss/certificate/view/3291031/baseInfo | E51: 46598 | F51: 2110-3414056.01/57.01 | G51: 21103414056/21103414057 | H51: о | I51: 4612728050333 | J51: 4658790008919 | K51: 906-543-01 | L51: БА10-3414056.01/БА10-3414057.01 Комплект рулевых наконечников в сборе с крепежом ВАЗ 2110-2112 | M51: 1005.49 | N51: 1005.49 | O51: =N51/M51-1 -> 0 | P51: 20 | R51: =N51*Q51 -> 0 | S51: 0.95 | T51: 0.92 | U51: =Q51*S51 -> 0 | V51: =Q51*T51 -> 0 | W51: =IF(H51="о",IF(Q51>0,1,0),IF(H51="з",IF(Q51>0,1,0),0)) -> 0 | X51: =IFERROR(VLOOKUP(B51,Лист2!A:B,2,0),0) -> 1 | Y51: =N51-X51 -> 1004.49 | AB51: =ROUND(N51,0) -> 1005 | AC51: =N51-AB51 -> 0.49
A52: =_xlfn.AGGREGATE(3,3,$B$6:B52) -> 47 | B52: ТЛТ00003961 | C52: ЕАЭС RU С-RU.АИ24.В.00794/23 | D52: https://pub.fsa.gov.ru/rss/certificate/view/3291031/baseInfo | E52: 46598 | F52: 2110-3414056.01/57 | G52: 21103414056/21103414057 | H52: о | I52: 4680287513477 | J52: 4658790008902 | K52: 906-543 | L52: БА10-3414056/БА10-3414057 Комплект рулевых наконечников в сборе без крепежа ВАЗ 2110-2112 | M52: 958.71 | N52: 958.71 | O52: =N52/M52-1 -> 0 | P52: 20 | R52: =N52*Q52 -> 0 | S52: 0.94 | T52: 0.91 | U52: =Q52*S52 -> 0 | V52: =Q52*T52 -> 0 | W52: =IF(H52="о",IF(Q52>0,1,0),IF(H52="з",IF(Q52>0,1,0),0)) -> 0 | X52: =IFERROR(VLOOKUP(B52,Лист2!A:B,2,0),0) -> 1 | Y52: =N52-X52 -> 957.71 | AB52: =ROUND(N52,0) -> 959 | AC52: =N52-AB52 -> -0.29
A53: =_xlfn.AGGREGATE(3,3,$B$6:B53) -> 48 | B53: ТЛТ00003925 | C53: ЕАЭС RU С-RU.АИ24.В.00794/23 | D53: https://pub.fsa.gov.ru/rss/certificate/view/3291031/baseInfo | E53: 46598 | F53: 2110-3414056 | G53: 21103414056 | H53: о | I53: 1902008221144 | J53: 4658790008889 | K53: 906-541 | L53: БА10-3414056.01 Наконечник рулевой наружный правый с крепежом ВАЗ 2110-2112 | M53: 575.44 | N53: 575.44 | O53: =N53/M53-1 -> 0 | P53: 20 | R53: =N53*Q53 -> 0 | S53: 0.48 | T53: 0.45 | U53: =Q53*S53 -> 0 | V53: =Q53*T53 -> 0 | W53: =IF(H53="о",IF(Q53>0,1,0),IF(H53="з",IF(Q53>0,1,0),0)) -> 0 | X53: =IFERROR(VLOOKUP(B53,Лист2!A:B,2,0),0) -> 1 | Y53: =N53-X53 -> 574.44 | AB53: =ROUND(N53,0) -> 575 | AC53: =N53-AB53 -> 0.44
A54: =_xlfn.AGGREGATE(3,3,$B$6:B54) -> 49 | B54: ТЛТ00003926 | C54: ЕАЭС RU С-RU.АИ24.В.00794/23 | D54: https://pub.fsa.gov.ru/rss/certificate/view/3291031/baseInfo | E54: 46598 | F54: 2110-3414057 | G54: 21103414057 | H54: о | I54: 1902008221151 | J54: 4658790008896 | K54: 906-542 | L54: БА10-3414057.01 Наконечник рулевой наружный левый с крепежом ВАЗ 2110-2112 | M54: 575.44 | N54: 575.44 | O54: =N54/M54-1 -> 0 | P54: 20 | R54: =N54*Q54 -> 0 | S54: 0.48 | T54: 0.45 | U54: =Q54*S54 -> 0 | V54: =Q54*T54 -> 0 | W54: =IF(H54="о",IF(Q54>0,1,0),IF(H54="з",IF(Q54>0,1,0),0)) -> 0 | X54: =IFERROR(VLOOKUP(B54,Лист2!A:B,2,0),0) -> 1 | Y54: =N54-X54 -> 574.44 | AB54: =ROUND(N54,0) -> 575 | AC54: =N54-AB54 -> 0.44
A55: =_xlfn.AGGREGATE(3,3,$B$6:B55) -> 50 | B55: ТЛТ00014383 | C55: ЕАЭС RU С-RU.АИ24.В.00813/23 | D55: https://pub.fsa.gov.ru/rss/certificate/view/3306437/baseInfo | E55: 46628 | F55: 8450039696 | G55: 8450039696 | H55: о | I55: 4630017890057 | J55: 4658790009572 | K55: 906-633 | L55: 906-633 Наконечник рулевой тяги правый Lada Vesta 8450039696 | M55: 715.74 | N55: 715.74 | O55: =N55/M55-1 -> 0 | P55: 10 | R55: =N55*Q55 -> 0 | S55: 0.69 | T55: 0.65 | U55: =Q55*S55 -> 0 | V55: =Q55*T55 -> 0 | W55: =IF(H55="о",IF(Q55>0,1,0),IF(H55="з",IF(Q55>0,1,0),0)) -> 0 | X55: =IFERROR(VLOOKUP(B55,Лист2!A:B,2,0),0) -> 1 | Y55: =N55-X55 -> 714.74 | AB55: =ROUND(N55,0) -> 716 | AC55: =N55-AB55 -> -0.26
A56: =_xlfn.AGGREGATE(3,3,$B$6:B56) -> 51 | B56: ТЛТ00014382 | C56: ЕАЭС RU С-RU.АИ24.В.00813/23 | D56: https://pub.fsa.gov.ru/rss/certificate/view/3306437/baseInfo | E56: 46628 | F56: 8450039697 | G56: 8450039697 | H56: о | I56: 4630017890040 | J56: 4658790009565 | K56: 906-632 | L56: 906-632 Наконечник рулевой тяги левый Lada Vesta 8450039697 | M56: 715.74 | N56: 715.74 | O56: =N56/M56-1 -> 0 | P56: 10 | R56: =N56*Q56 -> 0 | S56: 0.69 | T56: 0.65 | U56: =Q56*S56 -> 0 | V56: =Q56*T56 -> 0 | W56: =IF(H56="о",IF(Q56>0,1,0),IF(H56="з",IF(Q56>0,1,0),0)) -> 0 | X56: =IFERROR(VLOOKUP(B56,Лист2!A:B,2,0),0) -> 1 | Y56: =N56-X56 -> 714.74 | AB56: =ROUND(N56,0) -> 716 | AC56: =N56-AB56 -> -0.26
A57: =_xlfn.AGGREGATE(3,3,$B$6:B57) -> 52 | B57: ТЛТ00016152 | C57: ЕАЭС RU С-RU.АИ24.В.00813/23 | D57: https://pub.fsa.gov.ru/rss/certificate/view/3306437/baseInfo | E57: 46628 | F57: 906-696 | G57: 8450039696/8450039697 | H57: о | I57: 4630017927227 | J57: 4658790009978 | K57: 906-696 | L57: 906-696 Комплект рулевых наконечников LADA VESTA | M57: 1125.45 | N57: 1125.45 | O57: =N57/M57-1 -> 0 | P57: 10 | R57: =N57*Q57 -> 0 | S57: 1.4 | T57: 1.3 | U57: =Q57*S57 -> 0 | V57: =Q57*T57 -> 0 | W57: =IF(H57="о",IF(Q57>0,1,0),IF(H57="з",IF(Q57>0,1,0),0)) -> 0 | X57: =IFERROR(VLOOKUP(B57,Лист2!A:B,2,0),0) -> 1 | Y57: =N57-X57 -> 1124.45 | AB57: =ROUND(N57,0) -> 1125 | AC57: =N57-AB57 -> 0.45
A58: =_xlfn.AGGREGATE(3,3,$B$6:B58) -> 53 | B58: ТЛТ00014384 | C58: ЕАЭС RU С-RU.АИ24.В.00813/23 | D58: https://pub.fsa.gov.ru/rss/certificate/view/3306437/baseInfo | E58: 46628 | F58: 8450006828 | G58: 8450006828 | H58: о | I58: 4630017890064 | J58: 4658790009589 | K58: 906-634 | L58: 906-634 Рулевая тяга Lada Vesta 8450006828 | M58: 504.26 | N58: 504.26 | O58: =N58/M58-1 -> 0 | P58: 10 | R58: =N58*Q58 -> 0 | S58: 0.6 | T58: 0.55 | U58: =Q58*S58 -> 0 | V58: =Q58*T58 -> 0 | W58: =IF(H58="о",IF(Q58>0,1,0),IF(H58="з",IF(Q58>0,1,0),0)) -> 0 | X58: =IFERROR(VLOOKUP(B58,Лист2!A:B,2,0),0) -> 1 | Y58: =N58-X58 -> 503.26 | AB58: =ROUND(N58,0) -> 504 | AC58: =N58-AB58 -> 0.26
A59: =_xlfn.AGGREGATE(3,3,$B$6:B59) -> 54 | B59: ТЛТ00003890 | C59: ЕАЭС RU С-RU.АИ24.В.00794/23 | D59: https://pub.fsa.gov.ru/rss/certificate/view/3291031/baseInfo | E59: 46598 | F59: 906-292-01 | G59: 21013003000 (21013003058 + 21013003060 + 21013003056 + 21013003010) | H59: о | I59: 4612728050210 | K59: 906-292-01 | L59: 906-292-01 Комплект тяг рулевой трапеции без скрутки ВАЗ 2101-2107 | M59: 2649.44 | N59: 2649.44 | O59: =N59/M59-1 -> 0 | P59: 1 | R59: =N59*Q59 -> 0 | S59: 4.13 | T59: 3.98 | U59: =Q59*S59 -> 0 | V59: =Q59*T59 -> 0 | W59: =IF(H59="о",IF(Q59>0,1,0),IF(H59="з",IF(Q59>0,1,0),0)) -> 0 | X59: =IFERROR(VLOOKUP(B59,Лист2!A:B,2,0),0) -> 1 | Y59: =N59-X59 -> 2648.44 | AB59: =ROUND(N59,0) -> 2649 | AC59: =N59-AB59 -> 0.44
A60: =_xlfn.AGGREGATE(3,3,$B$6:B60) -> 55 | B60: ТЛТ00003892 | C60: ЕАЭС RU С-RU.АИ24.В.00794/23 | D60: https://pub.fsa.gov.ru/rss/certificate/view/3291031/baseInfo | E60: 46598 | F60: 906-293-01 | G60: 21213414000 (21213414138 + 21013003056 + 21213414010) | H60: о | I60: 4612728050227 | K60: 906-293-01 | L60: 906-293-01 Комплект тяг рулевой трапеции без скрутки ВАЗ 2121 | M60: 2722.64 | N60: 2722.64 | O60: =N60/M60-1 -> 0 | P60: 1 | R60: =N60*Q60 -> 0 | S60: 4.25 | T60: 4.1 | U60: =Q60*S60 -> 0 | V60: =Q60*T60 -> 0 | W60: =IF(H60="о",IF(Q60>0,1,0),IF(H60="з",IF(Q60>0,1,0),0)) -> 0 | X60: =IFERROR(VLOOKUP(B60,Лист2!A:B,2,0),0) -> 1 | Y60: =N60-X60 -> 2721.64 | AB60: =ROUND(N60,0) -> 2723 | AC60: =N60-AB60 -> -0.36
A61: =_xlfn.AGGREGATE(3,3,$B$6:B61) -> 56 | B61: ТЛТ00003889 | C61: ЕАЭС RU С-RU.АИ24.В.00794/23 | D61: https://pub.fsa.gov.ru/rss/certificate/view/3291031/baseInfo | E61: 46598 | F61: 906-292 скр. | G61: 21013003000 (21013003058 + 21013003060 + 21013003056 + 21013003010) | H61: о | I61: 4612728050296 | K61: 906-292 | L61: 906-292 Комплект тяг рулевой трапеции со скрутой ВАЗ 2101-2107 | M61: 2753.14 | N61: 2753.14 | O61: =N61/M61-1 -> 0 | P61: 1 | R61: =N61*Q61 -> 0 | S61: 4.6 | T61: 4.45 | U61: =Q61*S61 -> 0 | V61: =Q61*T61 -> 0 | W61: =IF(H61="о",IF(Q61>0,1,0),IF(H61="з",IF(Q61>0,1,0),0)) -> 0 | X61: =IFERROR(VLOOKUP(B61,Лист2!A:B,2,0),0) -> 1 | Y61: =N61-X61 -> 2752.14 | AB61: =ROUND(N61,0) -> 2753 | AC61: =N61-AB61 -> 0.14
A62: =_xlfn.AGGREGATE(3,3,$B$6:B62) -> 57 | B62: ТЛТ00003891 | C62: ЕАЭС RU С-RU.АИ24.В.00794/23 | D62: https://pub.fsa.gov.ru/rss/certificate/view/3291031/baseInfo | E62: 46598 | F62: 906-293 скр. | G62: 21213414000 (21213414138 + 21013003056 + 21213414010) | H62: о | I62: 4612728050302 | K62: 906-293 | L62: 906-293 Комплект тяг рулевой трапеции со скруткой ВАЗ 2121 | M62: 2813.11 | N62: 2813.11 | O62: =N62/M62-1 -> 0 | P62: 1 | R62: =N62*Q62 -> 0 | S62: 4.58 | T62: 4.43 | U62: =Q62*S62 -> 0 | V62: =Q62*T62 -> 0 | W62: =IF(H62="о",IF(Q62>0,1,0),IF(H62="з",IF(Q62>0,1,0),0)) -> 0 | X62: =IFERROR(VLOOKUP(B62,Лист2!A:B,2,0),0) -> 1 | Y62: =N62-X62 -> 2812.11 | AB62: =ROUND(N62,0) -> 2813 | AC62: =N62-AB62 -> 0.11
A63: =_xlfn.AGGREGATE(3,3,$B$6:B63) -> 58 | B63: ТЛТ00003893 | C63: ЕАЭС RU С-RU.АИ24.В.00794/23 | D63: https://pub.fsa.gov.ru/rss/certificate/view/3291031/baseInfo | E63: 46598 | F63: 906-367 GM | G63: 21233414000 (21233414010 + 21233414052 + 21233414053) | H63: о | I63: 1902008221182 | K63: 906-367 | L63: 906-367 Комплект тяг рулевой трапеции "Шевроле-Нива" | M63: 2839.55 | N63: 2839.55 | O63: =N63/M63-1 -> 0 | P63: 1 | R63: =N63*Q63 -> 0 | S63: 4.3 | T63: 4.15 | U63: =Q63*S63 -> 0 | V63: =Q63*T63 -> 0 | W63: =IF(H63="о",IF(Q63>0,1,0),IF(H63="з",IF(Q63>0,1,0),0)) -> 0 | X63: =IFERROR(VLOOKUP(B63,Лист2!A:B,2,0),0) -> 1 | Y63: =N63-X63 -> 2838.55 | AB63: =ROUND(N63,0) -> 2840 | AC63: =N63-AB63 -> -0.45
A64: =_xlfn.AGGREGATE(3,3,$B$6:B64) -> 59 | B64: ТЛТ00003894 | C64: ЕАЭС RU С-RU.АИ24.В.00794/23 | D64: https://pub.fsa.gov.ru/rss/certificate/view/3291031/baseInfo | E64: 46598 | F64: 906-368скр GM | G64: 21233414000 (21233414010 + 21233414052 + 21233414053) | H64: о | I64: 1902008221199 | K64: 906-368 | L64: 906-368 Комплект тяг рулевой трапеции "Шевроле-Нива" с полным комплектом крепежа | M64: 2942.24 | N64: 2942.24 | O64: =N64/M64-1 -> 0 | P64: 1 | R64: =N64*Q64 -> 0 | S64: 4.65 | T64: 4.5 | U64: =Q64*S64 -> 0 | V64: =Q64*T64 -> 0 | W64: =IF(H64="о",IF(Q64>0,1,0),IF(H64="з",IF(Q64>0,1,0),0)) -> 0 | X64: =IFERROR(VLOOKUP(B64,Лист2!A:B,2,0),0) -> 1 | Y64: =N64-X64 -> 2941.24 | AB64: =ROUND(N64,0) -> 2942 | AC64: =N64-AB64 -> 0.24
A65: =_xlfn.AGGREGATE(3,3,$B$6:B65) -> 60 | B65: ТЛТ00014475 | C65: ЕАЭС RU С-RU.АИ24.В.00794/23 | D65: https://pub.fsa.gov.ru/rss/certificate/view/3291031/baseInfo | E65: 46598 | F65: 906-639 | G65: 212143414010 + 21233414052 + 21233414053 | H65: о | I65: 4630017927265 | K65: 906-639 | L65: 906-639 Комплект тяг рулевой трапеции без скрутки ВАЗ-21214 | M65: 2845.65 | N65: 2845.65 | O65: =N65/M65-1 -> 0 | P65: 1 | R65: =N65*Q65 -> 0 | S65: 4.25 | T65: 4.1 | U65: =Q65*S65 -> 0 | V65: =Q65*T65 -> 0 | W65: =IF(H65="о",IF(Q65>0,1,0),IF(H65="з",IF(Q65>0,1,0),0)) -> 0 | X65: =IFERROR(VLOOKUP(B65,Лист2!A:B,2,0),0) -> 1 | Y65: =N65-X65 -> 2844.65 | AB65: =ROUND(N65,0) -> 2846 | AC65: =N65-AB65 -> -0.35
A66: =_xlfn.AGGREGATE(3,3,$B$6:B66) -> 61 | B66: ТЛТ00014474 | C66: ЕАЭС RU С-RU.АИ24.В.00794/23 | D66: https://pub.fsa.gov.ru/rss/certificate/view/3291031/baseInfo | E66: 46598 | F66: 906-640 | G66: 212143414010 + 21233414052 + 21233414053 | H66: о | I66: 4630017927272 | K66: 906-640 | L66: 906-640 Комплект тяг рулевой трапеции со скруткой ВАЗ-21214 | M66: 2954.44 | N66: 2954.44 | O66: =N66/M66-1 -> 0 | P66: 1 | R66: =N66*Q66 -> 0 | S66: 4.58 | T66: 4.43 | U66: =Q66*S66 -> 0 | V66: =Q66*T66 -> 0 | W66: =IF(H66="о",IF(Q66>0,1,0),IF(H66="з",IF(Q66>0,1,0),0)) -> 0 | X66: =IFERROR(VLOOKUP(B66,Лист2!A:B,2,0),0) -> 1 | Y66: =N66-X66 -> 2953.44 | AB66: =ROUND(N66,0) -> 2954 | AC66: =N66-AB66 -> 0.44
A67: =_xlfn.AGGREGATE(3,3,$B$6:B67) -> 62 | B67: ТЛТ00003874 | C67: ЕАЭС RU С-RU.АИ24.В.00794/23 | D67: https://pub.fsa.gov.ru/rss/certificate/view/3291031/baseInfo | E67: 46598 | F67: 2123-3414010GM | G67: 21233414010 | H67: о | I67: 1802008221772 | J67: 4658790008957 | K67: 906-547 | L67: БА23-3414010 Тяга рулевой трапеции средняя в сборе ВАЗ 2123 | M67: 1044.11 | N67: 1044.11 | O67: =N67/M67-1 -> 0 | P67: 4 | R67: =N67*Q67 -> 0 | S67: 2.03 | T67: 2.03 | U67: =Q67*S67 -> 0 | V67: =Q67*T67 -> 0 | W67: =IF(H67="о",IF(Q67>0,1,0),IF(H67="з",IF(Q67>0,1,0),0)) -> 0 | X67: =IFERROR(VLOOKUP(B67,Лист2!A:B,2,0),0) -> 1 | Y67: =N67-X67 -> 1043.11 | AB67: =ROUND(N67,0) -> 1044 | AC67: =N67-AB67 -> 0.11
A68: =_xlfn.AGGREGATE(3,3,$B$6:B68) -> 63 | B68: ТЛТ00003887 | C68: ЕАЭС RU С-RU.АИ24.В.00794/23 | D68: https://pub.fsa.gov.ru/rss/certificate/view/3291031/baseInfo | E68: 46598 | F68: 2123-3414052GM | G68: 21233414052 | H68: о | I68: 1902008221267 | J68: 4658790008988 | K68: 906-549 | L68: БА23-3414052 Тяга рулевой трапеции крайняя правая ВАЗ 2123 | M68: 911.95 | N68: 911.95 | O68: =N68/M68-1 -> 0 | P68: 10 | R68: =N68*Q68 -> 0 | S68: 1.29 | T68: 1.24 | U68: =Q68*S68 -> 0 | V68: =Q68*T68 -> 0 | W68: =IF(H68="о",IF(Q68>0,1,0),IF(H68="з",IF(Q68>0,1,0),0)) -> 0 | X68: =IFERROR(VLOOKUP(B68,Лист2!A:B,2,0),0) -> 1 | Y68: =N68-X68 -> 910.95 | AB68: =ROUND(N68,0) -> 912 | AC68: =N68-AB68 -> -0.05
A69: =_xlfn.AGGREGATE(3,3,$B$6:B69) -> 64 | B69: ТЛТ00003888 | C69: ЕАЭС RU С-RU.АИ24.В.00794/23 | D69: https://pub.fsa.gov.ru/rss/certificate/view/3291031/baseInfo | E69: 46598 | F69: 2123-3414053GM | G69: 21233414053 | H69: о | I69: 1902008221250 | J69: 4658790008995 | K69: 906-550 | L69: БА23-3414053-10 Тяга рулевой трапеции крайняя левая ВАЗ 2123 | M69: 911.95 | N69: 911.95 | O69: =N69/M69-1 -> 0 | P69: 10 | R69: =N69*Q69 -> 0 | S69: 1.29 | T69: 1.24 | U69: =Q69*S69 -> 0 | V69: =Q69*T69 -> 0 | W69: =IF(H69="о",IF(Q69>0,1,0),IF(H69="з",IF(Q69>0,1,0),0)) -> 0 | X69: =IFERROR(VLOOKUP(B69,Лист2!A:B,2,0),0) -> 1 | Y69: =N69-X69 -> 910.95 | AB69: =ROUND(N69,0) -> 912 | AC69: =N69-AB69 -> -0.05
A70: =_xlfn.AGGREGATE(3,3,$B$6:B70) -> 65 | B70: ТЛТ00014479 | C70: ЕАЭС RU С-RU.АИ24.В.00794/23 | D70: https://pub.fsa.gov.ru/rss/certificate/view/3291031/baseInfo | E70: 46598 | F70: 906-637 | G70: 21233414059/21233414059 | H70: о | I70: 4630017927241 | J70: 4658790009596 | K70: 906-637 | L70: 906-637 Комплект рулевых внутренних наконечников в сборе без крепежа ВАЗ-2123 | M70: 827.56 | N70: 827.56 | O70: =N70/M70-1 -> 0 | P70: 10 | R70: =N70*Q70 -> 0 | S70: 1.4 | T70: 1.39 | U70: =Q70*S70 -> 0 | V70: =Q70*T70 -> 0 | W70: =IF(H70="о",IF(Q70>0,1,0),IF(H70="з",IF(Q70>0,1,0),0)) -> 0 | X70: =IFERROR(VLOOKUP(B70,Лист2!A:B,2,0),0) -> 1 | Y70: =N70-X70 -> 826.56 | AB70: =ROUND(N70,0) -> 828 | AC70: =N70-AB70 -> -0.44
A71: =_xlfn.AGGREGATE(3,3,$B$6:B71) -> 66 | B71: ТЛТ00014480 | C71: ЕАЭС RU С-RU.АИ24.В.00794/23 | D71: https://pub.fsa.gov.ru/rss/certificate/view/3291031/baseInfo | E71: 46598 | F71: 906-638 | G71: 21233414059/21233414059 | H71: о | I71: 4630017927258 | J71: 4658790009602 | K71: 906-638 | L71: 906-638 Комплект рулевых внутренних наконечников в сборе с крепежом ВАЗ-2123 | M71: 856.04 | N71: 856.04 | O71: =N71/M71-1 -> 0 | P71: 10 | R71: =N71*Q71 -> 0 | S71: 1.45 | T71: 1.44 | U71: =Q71*S71 -> 0 | V71: =Q71*T71 -> 0 | W71: =IF(H71="о",IF(Q71>0,1,0),IF(H71="з",IF(Q71>0,1,0),0)) -> 0 | X71: =IFERROR(VLOOKUP(B71,Лист2!A:B,2,0),0) -> 1 | Y71: =N71-X71 -> 855.04 | AB71: =ROUND(N71,0) -> 856 | AC71: =N71-AB71 -> 0.04
A72: =_xlfn.AGGREGATE(3,3,$B$6:B72) -> 67 | B72: ТЛТ00004041 | C72: ЕАЭС RU С-RU.АИ24.В.00794/23 | D72: https://pub.fsa.gov.ru/rss/certificate/view/3291031/baseInfo | E72: 46598 | F72: 2101-3003057 | G72: 21013003056 | H72: о | I72: 1702008221218 | J72: 4658790008759 | K72: 906-531 | L72: БА01-3003057 Наконечник крайней тяги рулевой трапеции наружный с гайкой в сборе | M72: 378.2 | N72: 378.2 | O72: =N72/M72-1 -> 0 | P72: 20 | R72: =N72*Q72 -> 0 | S72: 0.44 | T72: 0.41 | U72: =Q72*S72 -> 0 | V72: =Q72*T72 -> 0 | W72: =IF(H72="о",IF(Q72>0,1,0),IF(H72="з",IF(Q72>0,1,0),0)) -> 0 | X72: =IFERROR(VLOOKUP(B72,Лист2!A:B,2,0),0) -> 1 | Y72: =N72-X72 -> 377.2 | AB72: =ROUND(N72,0) -> 378 | AC72: =N72-AB72 -> 0.2
A73: =_xlfn.AGGREGATE(3,3,$B$6:B73) -> 68 | B73: ТЛТ00003867 | C73: ЕАЭС RU С-RU.АИ24.В.00794/23 | D73: https://pub.fsa.gov.ru/rss/certificate/view/3291031/baseInfo | E73: 46598 | F73: 2101-3003064 | G73: 21013003060 | H73: о | I73: 1702008221225 | J73: 4658790008780 | K73: 906-533 | L73: БА01-3003064 Наконечник рулевой внутренний левый с крепежом ВАЗ 2101-2107 | M73: 428.01 | N73: 428.01 | O73: =N73/M73-1 -> 0 | P73: 10 | R73: =N73*Q73 -> 0 | S73: 0.68 | T73: 0.63 | U73: =Q73*S73 -> 0 | V73: =Q73*T73 -> 0 | W73: =IF(H73="о",IF(Q73>0,1,0),IF(H73="з",IF(Q73>0,1,0),0)) -> 0 | X73: =IFERROR(VLOOKUP(B73,Лист2!A:B,2,0),0) -> 1 | Y73: =N73-X73 -> 427.01 | AB73: =ROUND(N73,0) -> 428 | AC73: =N73-AB73 -> 0.01
A74: =_xlfn.AGGREGATE(3,3,$B$6:B74) -> 69 | B74: ТЛТ00003866 | C74: ЕАЭС RU С-RU.АИ24.В.00794/23 | D74: https://pub.fsa.gov.ru/rss/certificate/view/3291031/baseInfo | E74: 46598 | F74: 2101-3003050 | G74: 21013003058 | H74: о | I74: 1702008221232 | J74: 4658790008797 | K74: 906-534 | L74: БА01-3003050 Наконечник рулевой внутренний правый с крепежом ВАЗ 2101-2107 | M74: 428.01 | N74: 428.01 | O74: =N74/M74-1 -> 0 | P74: 10 | R74: =N74*Q74 -> 0 | S74: 0.68 | T74: 0.63 | U74: =Q74*S74 -> 0 | V74: =Q74*T74 -> 0 | W74: =IF(H74="о",IF(Q74>0,1,0),IF(H74="з",IF(Q74>0,1,0),0)) -> 0 | X74: =IFERROR(VLOOKUP(B74,Лист2!A:B,2,0),0) -> 1 | Y74: =N74-X74 -> 427.01 | AB74: =ROUND(N74,0) -> 428 | AC74: =N74-AB74 -> 0.01
A75: =_xlfn.AGGREGATE(3,3,$B$6:B75) -> 70 | B75: ТЛТ00003885 | C75: ЕАЭС RU С-RU.АИ24.В.00794/23 | D75: https://pub.fsa.gov.ru/rss/certificate/view/3291031/baseInfo | E75: 46598 | F75: 2101-3003052 | G75: 21013003052 | H75: о | I75: 1902008221113 | J75: 4658790008827 | K75: 906-536 | L75: 2101-3003052 Тяга рулевой трапеции правая ВАЗ 2101-2107 | M75: 868.24 | N75: 868.24 | O75: =N75/M75-1 -> 0 | P75: 10 | R75: =N75*Q75 -> 0 | S75: 1.3 | T75: 1.25 | U75: =Q75*S75 -> 0 | V75: =Q75*T75 -> 0 | W75: =IF(H75="о",IF(Q75>0,1,0),IF(H75="з",IF(Q75>0,1,0),0)) -> 0 | X75: =IFERROR(VLOOKUP(B75,Лист2!A:B,2,0),0) -> 1 | Y75: =N75-X75 -> 867.24 | AB75: =ROUND(N75,0) -> 868 | AC75: =N75-AB75 -> 0.24
A76: =_xlfn.AGGREGATE(3,3,$B$6:B76) -> 71 | B76: ТЛТ00003886 | C76: ЕАЭС RU С-RU.АИ24.В.00794/23 | D76: https://pub.fsa.gov.ru/rss/certificate/view/3291031/baseInfo | E76: 46598 | F76: 2101-3003059 | G76: 21013003059 | H76: о | I76: 1902008221106 | J76: 4658790008834 | K76: 906-537 | L76: 2101-3003059 Тяга рулевой трапеции левая ВАЗ 2101-2107 | M76: 868.24 | N76: 868.24 | O76: =N76/M76-1 -> 0 | P76: 10 | R76: =N76*Q76 -> 0 | S76: 1.3 | T76: 1.25 | U76: =Q76*S76 -> 0 | V76: =Q76*T76 -> 0 | W76: =IF(H76="о",IF(Q76>0,1,0),IF(H76="з",IF(Q76>0,1,0),0)) -> 0 | X76: =IFERROR(VLOOKUP(B76,Лист2!A:B,2,0),0) -> 1 | Y76: =N76-X76 -> 867.24 | AB76: =ROUND(N76,0) -> 868 | AC76: =N76-AB76 -> 0.24
A77: =_xlfn.AGGREGATE(3,3,$B$6:B77) -> 72 | B77: ТЛТ00008086 | C77: ЕАЭС RU С-RU.АИ24.В.01164/25 | D77: https://pub.fsa.gov.ru/rss/certificate/view/3575513/baseInfo | E77: 47243 | F77: БА214-3103015 | G77: 212143103015 | H77: о | I77: 4630017723409 | K77: 906-561 | L77: БА214-3103015 Ступица переднего колеса | M77: 1468.06 | N77: 1468.06 | O77: =N77/M77-1 -> 0 | P77: 1 | R77: =N77*Q77 -> 0 | S77: 2.65 | T77: 2.62 | U77: =Q77*S77 -> 0 | V77: =Q77*T77 -> 0 | W77: =IF(H77="о",IF(Q77>0,1,0),IF(H77="з",IF(Q77>0,1,0),0)) -> 0 | X77: =IFERROR(VLOOKUP(B77,Лист2!A:B,2,0),0) -> 1 | Y77: =N77-X77 -> 1467.06 | AB77: =ROUND(N77,0) -> 1468 | AC77: =N77-AB77 -> 0.06
A78: =_xlfn.AGGREGATE(3,3,$B$6:B78) -> 73 | B78: ТЛТ00008084 | C78: Отказное письмо № 02-51 от 21.04.26 | E78: 46497 | F78: БА214-3001014 | G78: 212143001014 | H78: о | I78: 4630017723393 | K78: 906-562 | L78: БА214-3001014-10 Кулак поворотный правый | M78: 3828.76 | N78: 3828.76 | O78: =N78/M78-1 -> 0 | P78: 1 | R78: =N78*Q78 -> 0 | S78: 4.64 | T78: 4.58 | U78: =Q78*S78 -> 0 | V78: =Q78*T78 -> 0 | W78: =IF(H78="о",IF(Q78>0,1,0),IF(H78="з",IF(Q78>0,1,0),0)) -> 0 | X78: =IFERROR(VLOOKUP(B78,Лист2!A:B,2,0),0) -> 1 | Y78: =N78-X78 -> 3827.76 | AB78: =ROUND(N78,0) -> 3829 | AC78: =N78-AB78 -> -0.24
A79: =_xlfn.AGGREGATE(3,3,$B$6:B79) -> 74 | B79: ТЛТ00008085 | C79: Отказное письмо № 02-51 от 21.04.26 | E79: 46497 | F79: БА214-3001015 | G79: 212143001015 | H79: о | I79: 4630017723386 | K79: 906-563 | L79: БА214-3001015-10 Кулак поворотный левый | M79: 3828.76 | N79: 3828.76 | O79: =N79/M79-1 -> 0 | P79: 1 | R79: =N79*Q79 -> 0 | S79: 4.64 | T79: 4.58 | U79: =Q79*S79 -> 0 | V79: =Q79*T79 -> 0 | W79: =IF(H79="о",IF(Q79>0,1,0),IF(H79="з",IF(Q79>0,1,0),0)) -> 0 | X79: =IFERROR(VLOOKUP(B79,Лист2!A:B,2,0),0) -> 1 | Y79: =N79-X79 -> 3827.76 | AB79: =ROUND(N79,0) -> 3829 | AC79: =N79-AB79 -> -0.24
A80: =_xlfn.AGGREGATE(3,3,$B$6:B80) -> 75 | B80: ТЛТ00008099 | C80: ЕАЭС RU С-RU.АИ24.В.01164/25 | D80: https://pub.fsa.gov.ru/rss/certificate/view/3575513/baseInfo | E80: 47243 | F80: 906-516 | G80: 212143001014+212143001015+212143103015+212142904082-01+212142904192-05 | H80: о | I80: 4630017723362 | K80: 906-516 | L80: 906-516 Ступичный узел ВАЗ 21214М | M80: 10750.24 | N80: 10750.24 | O80: =N80/M80-1 -> 0 | P80: 1 | R80: =N80*Q80 -> 0 | S80: 19.28 | T80: 18.98 | U80: =Q80*S80 -> 0 | V80: =Q80*T80 -> 0 | W80: =IF(H80="о",IF(Q80>0,1,0),IF(H80="з",IF(Q80>0,1,0),0)) -> 0 | X80: =IFERROR(VLOOKUP(B80,Лист2!A:B,2,0),0) -> 1 | Y80: =N80-X80 -> 10749.24 | AB80: =ROUND(N80,0) -> 10750 | AC80: =N80-AB80 -> 0.24
A81: =_xlfn.AGGREGATE(3,3,$B$6:B81) -> 76 | B81: ТЛТ00008100 | C81: ЕАЭС RU С-RU.АИ24.В.01164/25 | D81: https://pub.fsa.gov.ru/rss/certificate/view/3575513/baseInfo | E81: 47243 | F81: 906-517 | G81: 212143001014+212143001015+212143103015+212142904082-01+212142904192-05+212143103020 | H81: о | I81: 4630017723379 | K81: 906-517 | L81: 906-517 Ступичный узел с подшипниками ВАЗ 21214М | M81: 15910.84 | N81: 15910.84 | O81: =N81/M81-1 -> 0 | P81: 1 | R81: =N81*Q81 -> 0 | S81: 19.58 | T81: 18.98 | U81: =Q81*S81 -> 0 | V81: =Q81*T81 -> 0 | W81: =IF(H81="о",IF(Q81>0,1,0),IF(H81="з",IF(Q81>0,1,0),0)) -> 0 | X81: =IFERROR(VLOOKUP(B81,Лист2!A:B,2,0),0) -> 1 | Y81: =N81-X81 -> 15909.84 | AB81: =ROUND(N81,0) -> 15911 | AC81: =N81-AB81 -> -0.16
A82: =_xlfn.AGGREGATE(3,3,$B$6:B82) -> 77 | B82: ТЛТ00004151 | C82: ЕАЭС RU С-RU.АИ24.В.01010/24 | D82: https://pub.fsa.gov.ru/rss/certificate/view/3481171/baseInfo | E82: 46980 | F82: 906-300 | G82: 21012904095-01 | H82: з | I82: 1902008221519 | K82: 906-300 | L82: 906-300 Рычаг передней подвески верхний правый в сборе ВАЗ 2101-2107 | M82: 1644.96 | N82: 1644.96 | O82: =N82/M82-1 -> 0 | P82: 1 | R82: =N82*Q82 -> 0 | S82: 2.55 | T82: 2.32 | U82: =Q82*S82 -> 0 | V82: =Q82*T82 -> 0 | W82: =IF(H82="о",IF(Q82>0,1,0),IF(H82="з",IF(Q82>0,1,0),0)) -> 0 | X82: =IFERROR(VLOOKUP(B82,Лист2!A:B,2,0),0) -> 1 | Y82: =N82-X82 -> 1643.96 | AB82: =ROUND(N82,0) -> 1645 | AC82: =N82-AB82 -> -0.04
A83: =_xlfn.AGGREGATE(3,3,$B$6:B83) -> 78 | B83: ТЛТ00004152 | C83: ЕАЭС RU С-RU.АИ24.В.01010/24 | D83: https://pub.fsa.gov.ru/rss/certificate/view/3481171/baseInfo | E83: 46980 | F83: 906-301 | G83: 21012904096-01 | H83: з | I83: 1902008221526 | K83: 906-301 | L83: 906-301 Рычаг передней подвески верхний левый в сборе ВАЗ 2101-2107 | M83: 1644.96 | N83: 1644.96 | O83: =N83/M83-1 -> 0 | P83: 1 | R83: =N83*Q83 -> 0 | S83: 2.55 | T83: 2.32 | U83: =Q83*S83 -> 0 | V83: =Q83*T83 -> 0 | W83: =IF(H83="о",IF(Q83>0,1,0),IF(H83="з",IF(Q83>0,1,0),0)) -> 0 | X83: =IFERROR(VLOOKUP(B83,Лист2!A:B,2,0),0) -> 1 | Y83: =N83-X83 -> 1643.96 | AB83: =ROUND(N83,0) -> 1645 | AC83: =N83-AB83 -> -0.04
A84: =_xlfn.AGGREGATE(3,3,$B$6:B84) -> 79 | B84: ТЛТ00004153 | C84: ЕАЭС RU С-RU.АИ24.В.01010/24 | D84: https://pub.fsa.gov.ru/rss/certificate/view/3481171/baseInfo | E84: 46980 | F84: 906-302 | G84: 21012904010 | H84: з | I84: 1902008221281 | K84: 906-302 | L84: 906-302 Рычаг передней подвески нижний правый в сборе ВАЗ 2101-2107 | M84: 2400.35 | N84: 2400.35 | O84: =N84/M84-1 -> 0 | P84: 1 | R84: =N84*Q84 -> 0 | S84: 4.03 | T84: 3.69 | U84: =Q84*S84 -> 0 | V84: =Q84*T84 -> 0 | W84: =IF(H84="о",IF(Q84>0,1,0),IF(H84="з",IF(Q84>0,1,0),0)) -> 0 | X84: =IFERROR(VLOOKUP(B84,Лист2!A:B,2,0),0) -> 1 | Y84: =N84-X84 -> 2399.35 | AB84: =ROUND(N84,0) -> 2400 | AC84: =N84-AB84 -> 0.35
A85: =_xlfn.AGGREGATE(3,3,$B$6:B85) -> 80 | B85: ТЛТ00004154 | C85: ЕАЭС RU С-RU.АИ24.В.01010/24 | D85: https://pub.fsa.gov.ru/rss/certificate/view/3481171/baseInfo | E85: 46980 | F85: 906-303 | G85: 21012904011 | H85: з | I85: 1902008221298 | K85: 906-303 | L85: 906-303 Рычаг передней подвески нижний левый в сборе ВАЗ 2101-2107 | M85: 2400.35 | N85: 2400.35 | O85: =N85/M85-1 -> 0 | P85: 1 | R85: =N85*Q85 -> 0 | S85: 4.03 | T85: 3.69 | U85: =Q85*S85 -> 0 | V85: =Q85*T85 -> 0 | W85: =IF(H85="о",IF(Q85>0,1,0),IF(H85="з",IF(Q85>0,1,0),0)) -> 0 | X85: =IFERROR(VLOOKUP(B85,Лист2!A:B,2,0),0) -> 1 | Y85: =N85-X85 -> 2399.35 | AB85: =ROUND(N85,0) -> 2400 | AC85: =N85-AB85 -> 0.35
A86: =_xlfn.AGGREGATE(3,3,$B$6:B86) -> 81 | B86: ТЛТ00004217 | C86: ЕАЭС RU С-RU.АИ24.В.01010/24 | D86: https://pub.fsa.gov.ru/rss/certificate/view/3481171/baseInfo | E86: 46980 | F86: 906-317 | G86: 21012904180/21012904040 | H86: з | I86: 1902008221373 | J86: 4658790007707 | K86: 906-317 | L86: 906-317 Комплект шарниров рычагов передней подвески ВАЗ 2101 2101-2904180 / 2101-2904040 | M86: 660.84 | N86: 660.84 | O86: =N86/M86-1 -> 0 | P86: 12 | R86: =N86*Q86 -> 0 | S86: 0.67 | T86: 0.64 | U86: =Q86*S86 -> 0 | V86: =Q86*T86 -> 0 | W86: =IF(H86="о",IF(Q86>0,1,0),IF(H86="з",IF(Q86>0,1,0),0)) -> 0 | X86: =IFERROR(VLOOKUP(B86,Лист2!A:B,2,0),0) -> 1 | Y86: =N86-X86 -> 659.84 | AB86: =ROUND(N86,0) -> 661 | AC86: =N86-AB86 -> -0.16
A87: =_xlfn.AGGREGATE(3,3,$B$6:B87) -> 82 | B87: ТЛТ00004218 | C87: ЕАЭС RU С-RU.АИ24.В.01010/24 | D87: https://pub.fsa.gov.ru/rss/certificate/view/3481171/baseInfo | E87: 46980 | F87: 906-318 | G87: 21212904040/21012904040 | H87: з | I87: 1902008221380 | J87: 4658790007714 | K87: 906-318 | L87: 906-318 Комплект шарниров рычагов передней подвески ВАЗ 2121 2121-2904040 / 2101-2904040 | M87: 1120.36 | N87: 1120.36 | O87: =N87/M87-1 -> 0 | P87: 9 | R87: =N87*Q87 -> 0 | S87: 1.14 | T87: 1.1 | U87: =Q87*S87 -> 0 | V87: =Q87*T87 -> 0 | W87: =IF(H87="о",IF(Q87>0,1,0),IF(H87="з",IF(Q87>0,1,0),0)) -> 0 | X87: =IFERROR(VLOOKUP(B87,Лист2!A:B,2,0),0) -> 1 | Y87: =N87-X87 -> 1119.36 | AB87: =ROUND(N87,0) -> 1120 | AC87: =N87-AB87 -> 0.36
A88: =_xlfn.AGGREGATE(3,3,$B$6:B88) -> 83 | B88: ТЛТ00007655 | C88: ЕАЭС RU С-RU.АИ24.В.01164/25 | D88: https://pub.fsa.gov.ru/rss/certificate/view/3575513/baseInfo | E88: 47243 | F88: 906-515 | G88: 212142904040 | H88: з | I88: 4680287577899 | J88: 4658790008506 | K88: 906-515 | L88: 906-515 Комплект шарниров нижнего рычага передней подвески ВАЗ 2123, 21214 21214-2904040 | M88: 1147.81 | N88: 1147.81 | O88: =N88/M88-1 -> 0 | P88: 9 | R88: =N88*Q88 -> 0 | S88: 0.8 | T88: 0.76 | U88: =Q88*S88 -> 0 | V88: =Q88*T88 -> 0 | W88: =IF(H88="о",IF(Q88>0,1,0),IF(H88="з",IF(Q88>0,1,0),0)) -> 0 | X88: =IFERROR(VLOOKUP(B88,Лист2!A:B,2,0),0) -> 1 | Y88: =N88-X88 -> 1146.81 | AB88: =ROUND(N88,0) -> 1148 | AC88: =N88-AB88 -> -0.19
A89: =_xlfn.AGGREGATE(3,3,$B$6:B89) -> 84 | B89: ТЛТ00004226 | C89: Отказное письмо № 02-51 от 21.04.26 | E89: 46497 | F89: 906-307 | G89: 21012202025 | H89: з | I89: 1902008221533 | J89: 4658790007660 | K89: 906-307 | L89: 906-307 Крестовина карданного вала в сборе ВАЗ 2101 2101-2202025 | M89: 274.5 | N89: 274.5 | O89: =N89/M89-1 -> 0 | P89: 100 | R89: =N89*Q89 -> 0 | S89: 0.29 | T89: 0.29 | U89: =Q89*S89 -> 0 | V89: =Q89*T89 -> 0 | W89: =IF(H89="о",IF(Q89>0,1,0),IF(H89="з",IF(Q89>0,1,0),0)) -> 0 | X89: =IFERROR(VLOOKUP(B89,Лист2!A:B,2,0),0) -> 1 | Y89: =N89-X89 -> 273.5 | AB89: =ROUND(N89,0) -> 275 | AC89: =N89-AB89 -> -0.5
A90: =_xlfn.AGGREGATE(3,3,$B$6:B90) -> 85 | B90: ТЛТ00004228 | C90: Отказное письмо № 02-51 от 21.04.26 | E90: 46497 | F90: 906-314 | G90: 21052202025 | H90: з | I90: 1902008221540 | J90: 4658790007677 | K90: 906-314 | L90: 906-314 Крестовина карданного вала в сборе ВАЗ 2105 2105-2202025 | M90: 305 | N90: 305 | O90: =N90/M90-1 -> 0 | P90: 100 | R90: =N90*Q90 -> 0 | S90: 0.29 | T90: 0.29 | U90: =Q90*S90 -> 0 | V90: =Q90*T90 -> 0 | W90: =IF(H90="о",IF(Q90>0,1,0),IF(H90="з",IF(Q90>0,1,0),0)) -> 0 | X90: =IFERROR(VLOOKUP(B90,Лист2!A:B,2,0),0) -> 1 | Y90: =N90-X90 -> 304 | AB90: =ROUND(N90,0) -> 305 | AC90: =N90-AB90 -> 0
A91: =_xlfn.AGGREGATE(3,3,$B$6:B91) -> 86 | B91: ТЛТ00007007 | C91: Отказное письмо № 02-51 от 21.04.26 | E91: 46497 | F91: 906-514 | G91: 21212202025 | H91: з | I91: 4680287573129 | J91: 4658790008490 | K91: 906-514 | L91: 906-514 Крестовина карданного вала в сборе ВАЗ 2121 2121-2202025 | M91: 389.39 | N91: 389.39 | O91: =N91/M91-1 -> 0 | P91: 35 | R91: =N91*Q91 -> 0 | S91: 0.46 | T91: 0.43 | U91: =Q91*S91 -> 0 | V91: =Q91*T91 -> 0 | W91: =IF(H91="о",IF(Q91>0,1,0),IF(H91="з",IF(Q91>0,1,0),0)) -> 0 | X91: =IFERROR(VLOOKUP(B91,Лист2!A:B,2,0),0) -> 1 | Y91: =N91-X91 -> 388.39 | AB91: =ROUND(N91,0) -> 389 | AC91: =N91-AB91 -> 0.39
A92: =_xlfn.AGGREGATE(3,3,$B$6:B92) -> 87 | B92: ТЛТ00004220 | C92: ЕАЭС RU С-RU.АИ24.В.01042/24 | D92: https://pub.fsa.gov.ru/rss/certificate/view/3500098/baseInfo | E92: 47019 | F92: 906-304 | G92: 21013003084 | H92: з | I92: 1902008221335 | J92: 4658790007639 | K92: 906-304 | L92: 906-304 Рычаг маятниковый тяг рулевой трапеции с кронштейном в сборе ВАЗ 2101 2101-3003084 | M92: 780.8 | N92: 780.8 | O92: =N92/M92-1 -> 0 | P92: 8 | R92: =N92*Q92 -> 0 | S92: 1.16 | T92: 1.11 | U92: =Q92*S92 -> 0 | V92: =Q92*T92 -> 0 | W92: =IF(H92="о",IF(Q92>0,1,0),IF(H92="з",IF(Q92>0,1,0),0)) -> 0 | X92: =IFERROR(VLOOKUP(B92,Лист2!A:B,2,0),0) -> 1 | Y92: =N92-X92 -> 779.8 | AB92: =ROUND(N92,0) -> 781 | AC92: =N92-AB92 -> -0.2
A93: =_xlfn.AGGREGATE(3,3,$B$6:B93) -> 88 | B93: ТЛТ00004222 | C93: ЕАЭС RU С-RU.АИ24.В.01042/24 | D93: https://pub.fsa.gov.ru/rss/certificate/view/3500098/baseInfo | E93: 47019 | F93: 906-305 | G93: 21213414084 | H93: з | I93: 1902008221342 | J93: 4658790007646 | K93: 906-305 | L93: 906-305 Рычаг маятниковый тяг рулевой трапеции с кронштейном в сборе ВАЗ 2121 2121-3414084 | M93: 780.8 | N93: 780.8 | O93: =N93/M93-1 -> 0 | P93: 8 | R93: =N93*Q93 -> 0 | S93: 1.19 | T93: 1.14 | U93: =Q93*S93 -> 0 | V93: =Q93*T93 -> 0 | W93: =IF(H93="о",IF(Q93>0,1,0),IF(H93="з",IF(Q93>0,1,0),0)) -> 0 | X93: =IFERROR(VLOOKUP(B93,Лист2!A:B,2,0),0) -> 1 | Y93: =N93-X93 -> 779.8 | AB93: =ROUND(N93,0) -> 781 | AC93: =N93-AB93 -> -0.2
A94: =_xlfn.AGGREGATE(3,3,$B$6:B94) -> 89 | B94: ТЛТ00004224 | C94: ЕАЭС RU С-RU.АИ24.В.01042/24 | D94: https://pub.fsa.gov.ru/rss/certificate/view/3500098/baseInfo | E94: 47019 | F94: 906-306 | G94: 212133414084 | H94: з | I94: 1902008221359 | J94: 4658790007653 | K94: 906-306 | L94: 906-306 Рычаг маятниковый тяг рулевой трапеции с кронштейном в сборе ВАЗ 21213 21213-3414084 | M94: 780.8 | N94: 780.8 | O94: =N94/M94-1 -> 0 | P94: 8 | R94: =N94*Q94 -> 0 | S94: 1.15 | T94: 1.1 | U94: =Q94*S94 -> 0 | V94: =Q94*T94 -> 0 | W94: =IF(H94="о",IF(Q94>0,1,0),IF(H94="з",IF(Q94>0,1,0),0)) -> 0 | X94: =IFERROR(VLOOKUP(B94,Лист2!A:B,2,0),0) -> 1 | Y94: =N94-X94 -> 779.8 | AB94: =ROUND(N94,0) -> 781 | AC94: =N94-AB94 -> -0.2
A95: =_xlfn.AGGREGATE(3,3,$B$6:B95) -> 90 | B95: ТЛТ00005638 | C95: ЕАЭС RU С-RU.АИ24.В.01042/24 | D95: https://pub.fsa.gov.ru/rss/certificate/view/3500098/baseInfo | E95: 47019 | F95: 906-511 | G95: 21233414084 | H95: з | I95: 1702008221249 | J95: 4658790008469 | K95: 906-511 | L95: 906-511 Рычаг маятниковый тяг рулевой трапеции с кронштейном в сборе ВАЗ 2123, Chevrolet Niva 2123-3414084 | M95: 780.8 | N95: 780.8 | O95: =N95/M95-1 -> 0 | P95: 8 | R95: =N95*Q95 -> 0 | S95: 1.15 | T95: 1.1 | U95: =Q95*S95 -> 0 | V95: =Q95*T95 -> 0 | W95: =IF(H95="о",IF(Q95>0,1,0),IF(H95="з",IF(Q95>0,1,0),0)) -> 0 | X95: =IFERROR(VLOOKUP(B95,Лист2!A:B,2,0),0) -> 1 | Y95: =N95-X95 -> 779.8 | AB95: =ROUND(N95,0) -> 781 | AC95: =N95-AB95 -> -0.2
A96: =_xlfn.AGGREGATE(3,3,$B$6:B96) -> 91 | B96: ТЛТ00004245 | C96: Отказное письмо № 02-51 от 21.04.26 | E96: 46497 | F96: 906-315 | G96: 21082902820 | H96: з | I96: 1902008221427 | J96: 4658790007684 | K96: 906-315 | L96: 906-315 Опора верхняя стойки ВАЗ 2108 2108-2902820 | M96: 861.11 | N96: 861.11 | O96: =N96/M96-1 -> 0 | P96: 8 | R96: =N96*Q96 -> 0 | S96: 0.8 | T96: 0.75 | U96: =Q96*S96 -> 0 | V96: =Q96*T96 -> 0 | W96: =IF(H96="о",IF(Q96>0,1,0),IF(H96="з",IF(Q96>0,1,0),0)) -> 0 | X96: =IFERROR(VLOOKUP(B96,Лист2!A:B,2,0),0) -> 1 | Y96: =N96-X96 -> 860.11 | AB96: =ROUND(N96,0) -> 861 | AC96: =N96-AB96 -> 0.11
A97: =_xlfn.AGGREGATE(3,3,$B$6:B97) -> 92 | B97: ТЛТ00004247 | C97: Отказное письмо № 02-51 от 21.04.26 | E97: 46497 | F97: 906-316 | G97: 21102902820 | H97: з | I97: 1902008221434 | J97: 4658790007691 | K97: 906-316 | L97: 906-316 Опора верхняя стойки ВАЗ 2110 2110-2902820 | M97: 1056.31 | N97: 1056.31 | O97: =N97/M97-1 -> 0 | P97: 8 | R97: =N97*Q97 -> 0 | S97: 1.3 | T97: 1.22 | U97: =Q97*S97 -> 0 | V97: =Q97*T97 -> 0 | W97: =IF(H97="о",IF(Q97>0,1,0),IF(H97="з",IF(Q97>0,1,0),0)) -> 0 | X97: =IFERROR(VLOOKUP(B97,Лист2!A:B,2,0),0) -> 1 | Y97: =N97-X97 -> 1055.31 | AB97: =ROUND(N97,0) -> 1056 | AC97: =N97-AB97 -> 0.31
A98: =_xlfn.AGGREGATE(3,3,$B$6:B98) -> 93 | B98: ТЛТ00004296 | C98: Отказное письмо № 02-51 от 21.04.26 | E98: 46497 | F98: 906-336 | G98: 21702902821 | H98: з | I98: 1902008221458 | J98: 4658790007776 | K98: 906-336 | L98: 906-336 Опора верхняя стойки 2170 "Приора" 2170-2902821 | M98: 835.7 | N98: 835.7 | O98: =N98/M98-1 -> 0 | P98: 8 | R98: =N98*Q98 -> 0 | S98: 0.64 | T98: 0.59 | U98: =Q98*S98 -> 0 | V98: =Q98*T98 -> 0 | W98: =IF(H98="о",IF(Q98>0,1,0),IF(H98="з",IF(Q98>0,1,0),0)) -> 0 | X98: =IFERROR(VLOOKUP(B98,Лист2!A:B,2,0),0) -> 1 | Y98: =N98-X98 -> 834.7 | AB98: =ROUND(N98,0) -> 836 | AC98: =N98-AB98 -> -0.3
A99: =_xlfn.AGGREGATE(3,3,$B$6:B99) -> 94 | B99: ТЛТ00004293 | C99: Отказное письмо № 02-51 от 21.04.26 | E99: 46497 | F99: 906-335 | G99: 11182902821 | H99: з | I99: 1902008221441 | J99: 4658790007769 | K99: 906-335 | L99: 906-335 Опора верхняя стойки 1118 "Калина" 1118-2902821 | M99: 836.71 | N99: 836.71 | O99: =N99/M99-1 -> 0 | P99: 8 | R99: =N99*Q99 -> 0 | S99: 0.77 | T99: 0.7 | U99: =Q99*S99 -> 0 | V99: =Q99*T99 -> 0 | W99: =IF(H99="о",IF(Q99>0,1,0),IF(H99="з",IF(Q99>0,1,0),0)) -> 0 | X99: =IFERROR(VLOOKUP(B99,Лист2!A:B,2,0),0) -> 1 | Y99: =N99-X99 -> 835.71 | AB99: =ROUND(N99,0) -> 837 | AC99: =N99-AB99 -> -0.29
A100: =_xlfn.AGGREGATE(3,3,$B$6:B100) -> 95 | B100: ТЛТ00007657 | C100: Отказное письмо № 02-51 от 21.04.26 | E100: 46497 | F100: 906-512 | G100: 21902902821-10 | H100: з | I100: 1702008221256 | J100: 4658790008476 | K100: 906-512 | L100: 906-512 Опора верхняя стойки передней подвески в сборе LADA GRANTA 2190-2902821-10 | M100: 1046.15 | N100: 1046.15 | O100: =N100/M100-1 -> 0 | P100: 8 | R100: =N100*Q100 -> 0 | S100: 0.73 | T100: 0.66 | U100: =Q100*S100 -> 0 | V100: =Q100*T100 -> 0 | W100: =IF(H100="о",IF(Q100>0,1,0),IF(H100="з",IF(Q100>0,1,0),0)) -> 0 | X100: =IFERROR(VLOOKUP(B100,Лист2!A:B,2,0),0) -> 1 | Y100: =N100-X100 -> 1045.15 | AB100: =ROUND(N100,0) -> 1046 | AC100: =N100-AB100 -> 0.15
...

Sheet Лист2
A1: ТЛТ00003768 | B1: 1
A2: ТЛТ00003785 | B2: 1
A3: ТЛТ00007633 | B3: 1
A4: ТЛТ00003794 | B4: 1
A5: ТЛТ00003795 | B5: 1
A6: ТЛТ00007634 | B6: 1
A7: ТЛТ00003804 | B7: 1
A8: ТЛТ00003806 | B8: 1
A9: ТЛТ00007638 | B9: 1
A10: ТЛТ00003754 | B10: 1
A11: ТЛТ00003755 | B11: 1
A12: ТЛТ00007636 | B12: 1
... A173: ТЛТ00018705 | B173: 1
B174: 1
A175: ТЛТ00012949 | B175: 1
A176: ТЛТ00012947 | B176: 1
A177: ТЛТ00012952 | B177: 1
A178: ТЛТ00024105 | B178: 1
A179: ТЛТ00024108 | B179: 1
A180: ТЛТ00003970 | B180: 1
A181: ТЛТ00003954 | B181: 1
A182: ТЛТ00003956 | B182: 1
A183: ТЛТ00004326 | B183: 1
B184: 1
A185: ТЛТ00004329 | B185: 1
A186: ТЛТ00005104 | B186: 1
A187: ТЛТ00004331 | B187: 1
A188: ТЛТ00005112 | B188: 1
A189: ТЛТ00004333 | B189: 1
A190: ТЛТ00004322 | B190: 1
A191: ТЛТ00004324 | B191: 1
A192: ТЛТ00013870 | B192: 1
A193: ТЛТ00012842 | B193: 1
A194: ТЛТ00012841 | B194: 1
A195: ТЛТ00012955 | B195: 1
A196: ТЛТ00012958 | B196: 1
B197: 1
A198: ТЛТ00012830 | B198: 1
A199: ТЛТ00004489 | B199: 1
A200: ТЛТ00004243 | B200: 1
A201: ТЛТ00000516 | B201: 1
A202: ТЛТ00000515 | B202: 1
B203: 1
A204: ТЛТ00018612 | B204: 1
A205: ТЛТ00018666 | B205: 1
A206: ТЛТ00018667 | B206: 1
A207: ТЛТ00018669 | B207: 1
A208: ТЛТ00018670 | B208: 1
A209: ТЛТ00018671 | B209: 1
A210: ТЛТ00018672 | B210: 1
A211: ТЛТ00018673 | B211: 1
A212: ТЛТ00018674 | B212: 1
B213: 1
A214: ТЛТ00004628 | B214: 1
A215: ТЛТ00004419 | B215: 1
A216: ТЛТ00004423 | B216: 1
A217: ТЛТ00004446 | B217: 1
A218: ТЛТ00004448 | B218: 1
A219: ТЛТ00004450 | B219: 1
A220: ТЛТ00004456 | B220: 1
A221: ТЛТ00004458 | B221: 1
A222: ТЛТ00004440 | B222: 1
A223: ТЛТ00004442 | B223: 1
A224: ТЛТ00004444 | B224: 1
A225: ТЛТ00010975 | B225: 1
... A238: ТЛТ00012829 | B238: 1
B239: 1
A240: ТЛТ00004463 | B240: 1
B241: 1
A242: ТЛТ00004518 | B242: 1
A243: ТЛТ00004508 | B243: 1
A244: ТЛТ00004510 | B244: 1
A245: ТЛТ00004512 | B245: 1
A246: ТЛТ00004514 | B246: 1
A247: ТЛТ00004516 | B247: 1
A248: ТЛТ00010999 | B248: 1
A249: ТЛТ00012816 | B249: 1
A250: ТЛТ00012817 | B250: 1
B251: 1
A252: ТЛТ00004498 | B252: 1
A253: ТЛТ00023375 | B253: 1
A254: ТЛТ00019816 | B254: 1
A255: ТЛТ00004492 | B255: 1
A256: ТЛТ00004495 | B256: 1
A257: ТЛТ00004501 | B257: 1
A258: ТЛТ00004504 | B258: 1
A259: ТЛТ00004549 | B259: 1
A260: ТЛТ00004552 | B260: 1
A261: ТЛТ00014381 | B261: 1
A262: ТЛТ00014380 | B262: 1
A263: ТЛТ00010981 | B263: 1
... A271: ТЛТ00012827 | B271: 1
B272: 1
A273: ТЛТ00004201 | B273: 1
A274: ТЛТ00008566 | B274: 1
A275: ТЛТ00008567 | B275: 1
B276: 1
A277: ТЛТ00004391 | B277: 1
A278: ТЛТ00004404 | B278: 1
A279: ТЛТ00004402 | B279: 1
...

Sheet Коды ТНВЭД
G1: БЛАНК ЗАКАЗА ТД АВТОКОМПОНЕНТЫ
A2: Покупатель:
A3: 1 | B3: 2 | C3: 5 | D3: 6 | F3: 7 | G3: 8
A4: № | B4: КОД | D4: Штрихкод одиночный | E4: Штрихкод грпповой | F4: Шифр БЗАК | G4: Наименование | H4: Код ТНВЭД
A6: =_xlfn.AGGREGATE(3,3,$B$6:B6) -> 1 | B6: ТЛТ00003768 | C6: о | D6: 4612728050012 | E6: 4658790008513 | F6: 906-518 | G6: 2101-2904082 Палец шаровой передней подвески нижний с чехлом защитным | H6: 8708809909
A7: =_xlfn.AGGREGATE(3,3,$B$6:B7) -> 2 | B7: ТЛТ00003785 | C7: о | D7: 4612728050029 | E7: 4658790008520 | F7: 906-518-01 | G7: 2101-2904082 Палец шаровой передней подвески нижний с чехлом защитным с крепежом | H7: 8708809909
A8: =_xlfn.AGGREGATE(3,3,$B$6:B8) -> 3 | B8: ТЛТ00003794 | C8: о | D8: 4612728050036 | E8: 4658790008537 | F8: 906-519 | G8: БА01-2904192-03 Палец шаровой передней подвески верхний с чехлом защитным | H8: 8708809109
A9: =_xlfn.AGGREGATE(3,3,$B$6:B9) -> 4 | B9: ТЛТ00003795 | C9: о | D9: 4612728050043 | E9: 4658790008544 | F9: 906-519-01 | G9: БА01-2904192-03 Палец шаровой передней подвески верхний с чехлом защитным с крепежом | H9: 8708809109
A10: =_xlfn.AGGREGATE(3,3,$B$6:B10) -> 5 | B10: ТЛТ00003804 | C10: о | D10: 4612728050050 | E10: 4658790008612 | F10: 906-524 | G10: БА08-2904192-01 Палец шаровой передней подвески с чехлом защитным ВАЗ 2108-2109 | H10: 8708809109
A11: =_xlfn.AGGREGATE(3,3,$B$6:B11) -> 6 | B11: ТЛТ00003806 | C11: о | D11: 4612728050067 | E11: 4658790008629 | F11: 906-524-01 | G11: БА08-2904192-01 Палец шаровой передней подвески с чехлом защитным с крепежом ВАЗ 2108-2109 | H11: 8708809109
A12: =_xlfn.AGGREGATE(3,3,$B$6:B12) -> 7 | B12: ТЛТ00003754 | C12: о | D12: 4612728050234 | E12: 4658790008643 | F12: 906-525 | G12: БА10-2904192 Палец шаровой передней подвески с чехлом защитным ВАЗ 2110-2112 | H12: 8708809909
A13: =_xlfn.AGGREGATE(3,3,$B$6:B13) -> 8 | B13: ТЛТ00003755 | C13: о | D13: 4612728050241 | E13: 4658790008650 | F13: 906-525-01 | G13: БА10-2904192 Палец шаровой передней подвески с чехлом защитным с крепежом ВАЗ 2110-2112 | H13: 8708809909
A14: =_xlfn.AGGREGATE(3,3,$B$6:B14) -> 9 | B14: ТЛТ00003763 | C14: о | D14: 1902008221984 | E14: 4658790008674 | F14: 906-526 | G14: БА18-2904192-01 Палец шаровой передней подвески с чехлом защитным ВАЗ 1118, 2190 | H14: 8708809109
A15: =_xlfn.AGGREGATE(3,3,$B$6:B15) -> 10 | B15: ТЛТ00003764 | C15: о | D15: 1802008221239 | E15: 4658790008681 | F15: 906-526-01 | G15: БА18-2904192-01 Палец шаровой передней подвески с чехлом защитным с крепежом ВАЗ 1118, 2190 | H15: 8708809109
A16: =_xlfn.AGGREGATE(3,3,$B$6:B16) -> 11 | B16: ТЛТ00003709 | C16: о | D16: 4612728050098 | E16: 4658790008551 | F16: 906-520 | G16: БА01-2904082-05 Палец шаровой передней подвески нижний с чехлом защитным (усиленный) в сборе | H16: 8708809909
A17: =_xlfn.AGGREGATE(3,3,$B$6:B17) -> 12 | B17: ТЛТ00003716 | C17: о | D17: 4612728050104 | E17: 4658790008568 | F17: 906-520-01 | G17: БА01-2904082-05 Палец шаровой передней подвески нижний с чехлом защитным (усиленный) в сборе с крепежом | H17: 8708809909
A18: =_xlfn.AGGREGATE(3,3,$B$6:B18) -> 13 | B18: ТЛТ00003715 | C18: о | D18: 4612728050111 | E18: 4658790008575 | F18: 906-521 | G18: БА01-2904192-05 Палец шаровой передней подвески верхний с чехлом защитным (усиленный) в сборе | H18: 8708809909
A19: =_xlfn.AGGREGATE(3,3,$B$6:B19) -> 14 | B19: ТЛТ00003720 | C19: о | D19: 4612728050128 | E19: 4658790008582 | F19: 906-521-01 | G19: БА01-2904192-05 Палец шаровой передней подвески верхний с чехлом защитным (усиленный) в сборе с крепежом | H19: 8708809909
A20: =_xlfn.AGGREGATE(3,3,$B$6:B20) -> 15 | B20: ТЛТ00007978 | C20: о | D20: 4630017720644 | E20: 4658790009039 | F20: 906-559 | G20: БА214-2904082-01 Палец шаровой передней подвески нижний с защитным чехлом ВАЗ 21214 | H20: 8708809909
A21: =_xlfn.AGGREGATE(3,3,$B$6:B21) -> 16 | B21: ТЛТ00007977 | C21: о | D21: 4630017720668 | E21: 4658790009046 | F21: 906-559-01 | G21: БА214-2904082-01 Палец шаровой передней подвески нижний с защитным чехлом с крепежом ВАЗ 21214 | H21: 8708809909
... A58: =_xlfn.AGGREGATE(3,3,$B$6:B58) -> 53 | B58: ТЛТ00014384 | C58: о | D58: 4630017890064 | E58: 4658790009589 | F58: 906-634 | G58: 906-634 Рулевая тяга Lada Vesta 8450006828 | H58: 8708949909
A59: =_xlfn.AGGREGATE(3,3,$B$6:B59) -> 54 | B59: ТЛТ00003890 | C59: о | D59: 4612728050210 | F59: 906-292-01 | G59: 906-292-01 Комплект тяг рулевой трапеции без скрутки ВАЗ 2101-2107 | H59: 8708949909
A60: =_xlfn.AGGREGATE(3,3,$B$6:B60) -> 55 | B60: ТЛТ00003892 | C60: о | D60: 4612728050227 | F60: 906-293-01 | G60: 906-293-01 Комплект тяг рулевой трапеции без скрутки ВАЗ 2121 | H60: 8708949909
A61: =_xlfn.AGGREGATE(3,3,$B$6:B61) -> 56 | B61: ТЛТ00003889 | C61: о | D61: 4612728050296 | F61: 906-292 | G61: 906-292 Комплект тяг рулевой трапеции со скрутой ВАЗ 2101-2107 | H61: 8708949909
A62: =_xlfn.AGGREGATE(3,3,$B$6:B62) -> 57 | B62: ТЛТ00003891 | C62: о | D62: 4612728050302 | F62: 906-293 | G62: 906-293 Комплект тяг рулевой трапеции со скруткой ВАЗ 2121 | H62: 8708949909
A63: =_xlfn.AGGREGATE(3,3,$B$6:B63) -> 58 | B63: ТЛТ00003893 | C63: о | D63: 1902008221182 | F63: 906-367 | G63: 906-367 Комплект тяг рулевой трапеции "Шевроле-Нива" | H63: 8708949909
A64: =_xlfn.AGGREGATE(3,3,$B$6:B64) -> 59 | B64: ТЛТ00003894 | C64: о | D64: 1902008221199 | F64: 906-368 | G64: 906-368 Комплект тяг рулевой трапеции "Шевроле-Нива" с полным комплектом крепежа | H64: 8708949909
A65: =_xlfn.AGGREGATE(3,3,$B$6:B65) -> 60 | B65: ТЛТ00014475 | C65: о | D65: 4630017927265 | F65: 906-639 | G65: 906-639 Комплект тяг рулевой трапеции без скрутки ВАЗ-21214 | H65: 8708949909
A66: =_xlfn.AGGREGATE(3,3,$B$6:B66) -> 61 | B66: ТЛТ00014474 | C66: о | D66: 4630017927272 | F66: 906-640 | G66: 906-640 Комплект тяг рулевой трапеции со скруткой ВАЗ-21214 | H66: 8708949909
A67: =_xlfn.AGGREGATE(3,3,$B$6:B67) -> 62 | B67: ТЛТ00003874 | C67: о | D67: 1802008221772 | E67: 4658790008957 | F67: 906-547 | G67: БА23-3414010 Тяга рулевой трапеции средняя в сборе ВАЗ 2123 | H67: 8708949909
A68: =_xlfn.AGGREGATE(3,3,$B$6:B68) -> 63 | B68: ТЛТ00003887 | C68: о | D68: 1902008221267 | E68: 4658790008988 | F68: 906-549 | G68: БА23-3414052 Тяга рулевой трапеции крайняя правая ВАЗ 2123 | H68: 8708949909
A69: =_xlfn.AGGREGATE(3,3,$B$6:B69) -> 64 | B69: ТЛТ00003888 | C69: о | D69: 1902008221250 | E69: 4658790008995 | F69: 906-550 | G69: БА23-3414053-10 Тяга рулевой трапеции крайняя левая ВАЗ 2123 | H69: 8708949909
A70: =_xlfn.AGGREGATE(3,3,$B$6:B70) -> 65 | B70: ТЛТ00014479 | C70: о | D70: 4630017927241 | E70: 4658790009596 | F70: 906-637 | G70: 906-637 Комплект рулевых внутренних наконечников в сборе без крепежа ВАЗ-2123 | H70: 8708949909
A71: =_xlfn.AGGREGATE(3,3,$B$6:B71) -> 66 | B71: ТЛТ00014480 | C71: о | D71: 4630017927258 | E71: 4658790009602 | F71: 906-638 | G71: 906-638 Комплект рулевых внутренних наконечников в сборе с крепежом ВАЗ-2123 | H71: 8708949909
A72: =_xlfn.AGGREGATE(3,3,$B$6:B72) -> 67 | B72: ТЛТ00004041 | C72: о | D72: 1702008221218 | E72: 4658790008759 | F72: 906-531 | G72: БА01-3003057 Наконечник крайней тяги рулевой трапеции наружный с гайкой в сборе | H72: 8708949909
A73: =_xlfn.AGGREGATE(3,3,$B$6:B73) -> 68 | B73: ТЛТ00003867 | C73: о | D73: 1702008221225 | E73: 4658790008780 | F73: 906-533 | G73: БА01-3003064 Наконечник рулевой внутренний левый с крепежом ВАЗ 2101-2107 | H73: 8708949909
A74: =_xlfn.AGGREGATE(3,3,$B$6:B74) -> 69 | B74: ТЛТ00003866 | C74: о | D74: 1702008221232 | E74: 4658790008797 | F74: 906-534 | G74: БА01-3003050 Наконечник рулевой внутренний правый с крепежом ВАЗ 2101-2107 | H74: 8708949909
A75: =_xlfn.AGGREGATE(3,3,$B$6:B75) -> 70 | B75: ТЛТ00003885 | C75: о | D75: 1902008221113 | E75: 4658790008827 | F75: 906-536 | G75: 2101-3003052 Тяга рулевой трапеции правая ВАЗ 2101-2107 | H75: 8708949909
A76: =_xlfn.AGGREGATE(3,3,$B$6:B76) -> 71 | B76: ТЛТ00003886 | C76: о | D76: 1902008221106 | E76: 4658790008834 | F76: 906-537 | G76: 2101-3003059 Тяга рулевой трапеции левая ВАЗ 2101-2107 | H76: 8708949909
A77: =_xlfn.AGGREGATE(3,3,$B$6:B77) -> 72 | B77: ТЛТ00008086 | C77: о | D77: 4630017723409 | F77: 906-561 | G77: БА214-3103015 Ступица переднего колеса | H77: 8708709909
A78: =_xlfn.AGGREGATE(3,3,$B$6:B78) -> 73 | B78: ТЛТ00008084 | C78: о | D78: 4630017723393 | F78: 906-562 | G78: БА214-3001014-10 Кулак поворотный правый | H78: 8708809909
A79: =_xlfn.AGGREGATE(3,3,$B$6:B79) -> 74 | B79: ТЛТ00008085 | C79: о | D79: 4630017723386 | F79: 906-563 | G79: БА214-3001015-10 Кулак поворотный левый | H79: 8708809909
A80: =_xlfn.AGGREGATE(3,3,$B$6:B80) -> 75 | B80: ТЛТ00008099 | C80: о | D80: 4630017723362 | F80: 906-516 | G80: 906-516 Ступичный узел ВАЗ 21214М | H80: 8708809909
A81: =_xlfn.AGGREGATE(3,3,$B$6:B81) -> 76 | B81: ТЛТ00008100 | C81: о | D81: 4630017723379 | F81: 906-517 | G81: 906-517 Ступичный узел с подшипниками ВАЗ 21214М | H81: 8708809909
A82: =_xlfn.AGGREGATE(3,3,$B$6:B82) -> 77 | B82: ТЛТ00004151 | C82: з | D82: 1902008221519 | F82: 906-300 | G82: 906-300 Рычаг передней подвески верхний правый в сборе ВАЗ 2101-2107 | H82: 8708809909
A83: =_xlfn.AGGREGATE(3,3,$B$6:B83) -> 78 | B83: ТЛТ00004152 | C83: з | D83: 1902008221526 | F83: 906-301 | G83: 906-301 Рычаг передней подвески верхний левый в сборе ВАЗ 2101-2107 | H83: 8708809909
A84: =_xlfn.AGGREGATE(3,3,$B$6:B84) -> 79 | B84: ТЛТ00004153 | C84: з | D84: 1902008221281 | F84: 906-302 | G84: 906-302 Рычаг передней подвески нижний правый в сборе ВАЗ 2101-2107 | H84: 8708809909
A85: =_xlfn.AGGREGATE(3,3,$B$6:B85) -> 80 | B85: ТЛТ00004154 | C85: з | D85: 1902008221298 | F85: 906-303 | G85: 906-303 Рычаг передней подвески нижний левый в сборе ВАЗ 2101-2107 | H85: 8708809909
A86: =_xlfn.AGGREGATE(3,3,$B$6:B86) -> 81 | B86: ТЛТ00004217 | C86: з | D86: 1902008221373 | E86: 4658790007707 | F86: 906-317 | G86: 906-317 Комплект шарниров рычагов передней подвески ВАЗ 2101 2101-2904180 / 2101-2904040 | H86: 8708809909
A87: =_xlfn.AGGREGATE(3,3,$B$6:B87) -> 82 | B87: ТЛТ00004218 | C87: з | D87: 1902008221380 | E87: 4658790007714 | F87: 906-318 | G87: 906-318 Комплект шарниров рычагов передней подвески ВАЗ 2121 2121-2904040 / 2101-2904040 | H87: 8708809909
A88: =_xlfn.AGGREGATE(3,3,$B$6:B88) -> 83 | B88: ТЛТ00007655 | C88: з | D88: 4680287577899 | E88: 4658790008506 | F88: 906-515 | G88: 906-515 Комплект шарниров нижнего рычага передней подвески ВАЗ 2123, 21214 21214-2904040 | H88: 8708809909
A89: =_xlfn.AGGREGATE(3,3,$B$6:B89) -> 84 | B89: ТЛТ00004226 | C89: з | D89: 1902008221533 | E89: 4658790007660 | F89: 906-307 | G89: 906-307 Крестовина карданного вала в сборе ВАЗ 2101 2101-2202025 | H89: 8708509909
A90: =_xlfn.AGGREGATE(3,3,$B$6:B90) -> 85 | B90: ТЛТ00004228 | C90: з | D90: 1902008221540 | E90: 4658790007677 | F90: 906-314 | G90: 906-314 Крестовина карданного вала в сборе ВАЗ 2105 2105-2202025 | H90: 8708509909
A91: =_xlfn.AGGREGATE(3,3,$B$6:B91) -> 86 | B91: ТЛТ00007007 | C91: з | D91: 4680287573129 | E91: 4658790008490 | F91: 906-514 | G91: 906-514 Крестовина карданного вала в сборе ВАЗ 2121 2121-2202025 | H91: 8708509909
A92: =_xlfn.AGGREGATE(3,3,$B$6:B92) -> 87 | B92: ТЛТ00004220 | C92: з | D92: 1902008221335 | E92: 4658790007639 | F92: 906-304 | G92: 906-304 Рычаг маятниковый тяг рулевой трапеции с кронштейном в сборе ВАЗ 2101 2101-3003084 | H92: 8708949909
A93: =_xlfn.AGGREGATE(3,3,$B$6:B93) -> 88 | B93: ТЛТ00004222 | C93: з | D93: 1902008221342 | E93: 4658790007646 | F93: 906-305 | G93: 906-305 Рычаг маятниковый тяг рулевой трапеции с кронштейном в сборе ВАЗ 2121 2121-3414084 | H93: 8708949909
A94: =_xlfn.AGGREGATE(3,3,$B$6:B94) -> 89 | B94: ТЛТ00004224 | C94: з | D94: 1902008221359 | E94: 4658790007653 | F94: 906-306 | G94: 906-306 Рычаг маятниковый тяг рулевой трапеции с кронштейном в сборе ВАЗ 21213 21213-3414084 | H94: 8708949909
A95: =_xlfn.AGGREGATE(3,3,$B$6:B95) -> 90 | B95: ТЛТ00005638 | C95: з | D95: 1702008221249 | E95: 4658790008469 | F95: 906-511 | G95: 906-511 Рычаг маятниковый тяг рулевой трапеции с кронштейном в сборе ВАЗ 2123, Chevrolet Niva 2123-3414084 | H95: 8708949909
A96: =_xlfn.AGGREGATE(3,3,$B$6:B96) -> 91 | B96: ТЛТ00004245 | C96: з | D96: 1902008221427 | E96: 4658790007684 | F96: 906-315 | G96: 906-315 Опора верхняя стойки ВАЗ 2108 2108-2902820 | H96: 8708809909
A97: =_xlfn.AGGREGATE(3,3,$B$6:B97) -> 92 | B97: ТЛТ00004247 | C97: з | D97: 1902008221434 | E97: 4658790007691 | F97: 906-316 | G97: 906-316 Опора верхняя стойки ВАЗ 2110 2110-2902820 | H97: 8708809909
A98: =_xlfn.AGGREGATE(3,3,$B$6:B98) -> 93 | B98: ТЛТ00004296 | C98: з | D98: 1902008221458 | E98: 4658790007776 | F98: 906-336 | G98: 906-336 Опора верхняя стойки 2170 "Приора" 2170-2902821 | H98: 8708809909
A99: =_xlfn.AGGREGATE(3,3,$B$6:B99) -> 94 | B99: ТЛТ00004293 | C99: з | D99: 1902008221441 | E99: 4658790007769 | F99: 906-335 | G99: 906-335 Опора верхняя стойки 1118 "Калина" 1118-2902821 | H99: 8708809909
A100: =_xlfn.AGGREGATE(3,3,$B$6:B100) -> 95 | B100: ТЛТ00007657 | C100: з | D100: 1702008221256 | E100: 4658790008476 | F100: 906-512 | G100: 906-512 Опора верхняя стойки передней подвески в сборе LADA GRANTA 2190-2902821-10 | H100: 8708809909
A101: =_xlfn.AGGREGATE(3,3,$B$6:B101) -> 96 | B101: ТЛТ00019895 | C101: о | D101: 1902008221311 | F101: 906-312 | G101: 906-312 Комплект (2 шт) Дисков переднего тормоза аналог 2108 | H101: 8708309109
A102: =_xlfn.AGGREGATE(3,3,$B$6:B102) -> 97 | B102: ТЛТ00019894 | C102: о | D102: 1902008221328 | F102: 906-313 | G102: 906-313 Комплект (2 шт) Дисков переднего тормоза аналог 2110-3501070 | H102: 8708309109
A103: =_xlfn.AGGREGATE(3,3,$B$6:B103) -> 98 | B103: ТЛТ00019916 | C103: о | D103: 4630017784974 | F103: 906-620 | G103: 906-620 Диск переднего тормоза аналог 2112-3501070 | H103: 8708309109
A104: =_xlfn.AGGREGATE(3,3,$B$6:B104) -> 99 | B104: ТЛТ00019893 | C104: о | D104: 4630017784967 | F104: 906-621 | G104: 906-621 Комплект (2 шт.) Дисков переднего тормоза аналог 2112-3501070 | H104: 8708309109
A105: =_xlfn.AGGREGATE(3,3,$B$6:B105) -> 100 | B105: ТЛТ00023311 | C105: о | D105: 4630017890026 | F105: 906-635 | G105: 906-635 Диск переднего тормоза Lada Vesta, X-Ray, Largus (ОЕМ 7701207795) | H105: 8708309109
A106: =_xlfn.AGGREGATE(3,3,$B$6:B106) -> 101 | B106: ТЛТ00024133 | C106: о | D106: 4658790034697 | F106: 906-748 | G106: 906-748 Комплект (2 шт) Диск переднего тормоза Lada Vesta, X-Ray, Largus (ОЕМ 7701207795) | H106: 8708309109
A107: =_xlfn.AGGREGATE(3,3,$B$6:B107) -> 102 | B107: ТЛТ00025272 | C107: о | D107: 4658790080700 | F107: 906-752 | G107: 906-752 Диск тормоза передний (аналог 209001-3501076-00). Применяемость Sollers Atlant | H107: 8708309109
A108: =_xlfn.AGGREGATE(3,3,$B$6:B108) -> 103 | B108: ТЛТ00025273 | C108: о | D108: 4658790080694 | F108: 906-753 | G108: 906-753 Диск тормоза задний (аналог 209001-3502076-00). Применяемость Sollers Atlant | H108: 8708309109
A109: =_xlfn.AGGREGATE(3,3,$B$6:B109) -> 104 | B109: ТЛТ00025274 | C109: о | D109: 4658790080687 | F109: 906-754 | G109: 906-754 Диск тормоза передний (аналог 200001-3501076-00). Применяемость Sollers Argo. | H109: 8708309109
A110: =_xlfn.AGGREGATE(3,3,$B$6:B110) -> 105 | B110: ТЛТ00004249 | C110: з | D110: 1902008221366 | E110: 4658790007783 | F110: 906-338 | G110: 906-338 Кронштейн растяжки ВАЗ 2108 2108-2904049 | H110: 8708809909
A111: =_xlfn.AGGREGATE(3,3,$B$6:B111) -> 106 | B111: ТЛТ00004298 | C111: з | D111: 1902008221274 | F111: 906-337 | G111: 906-337 Комплект реактивных штанг задней подвески ВАЗ 2101-2107 2101-2919110-01 / 2101-2919013-01 / 2101-2919012-01 / 2101-2919010-01 | H111: 8708809909
A112: =_xlfn.AGGREGATE(3,3,$B$6:B112) -> 107 | B112: ТЛТ00016410 | C112: з | D112: 4630017931033 | F112: 906-701 | G112: 906-701 Комплект реактивных штанг задней подвески ВАЗ 2121-2123 21213-2910000 | H112: 8708809909
A113: =_xlfn.AGGREGATE(3,3,$B$6:B113) -> 108 | B113: ТЛТ00016413 | C113: з | D113: 4630017931040 | F113: 906-702 | G113: 906-702 Комплект реактивных штанг задней подвески ВАЗ 21217 "Урбан" 21217-2910000 | H113: 8708809909
A114: =_xlfn.AGGREGATE(3,3,$B$6:B114) -> 109 | B114: ТЛТ00004289 | C114: з | D114: 1902008221502 | E114: 4658790007721 | F114: 906-331 | G114: 906-331 Цилиндр колесный заднего тормоза ВАЗ 2105 2105-3502040 | H114: 8708309909
A115: =_xlfn.AGGREGATE(3,3,$B$6:B115) -> 110 | B115: ТЛТ00015468 | C115: з | D115: 4630017918744 | E115: 4658790009817 | F115: 906-680 | G115: 906-680 Цилиндр переднего тормоза 2101 правый наружный 2101-3501180 | H115: 8708309109
A116: =_xlfn.AGGREGATE(3,3,$B$6:B116) -> 111 | B116: ТЛТ00015471 | C116: з | D116: 4630017918751 | E116: 4658790009824 | F116: 906-681 | G116: 906-681 Цилиндр переднего тормоза 2101 левый наружный 2101-3501181 | H116: 8708309109
A117: =_xlfn.AGGREGATE(3,3,$B$6:B117) -> 112 | B117: ТЛТ00015474 | C117: з | D117: 4630017918768 | E117: 4658790009831 | F117: 906-682 | G117: 906-682 Цилиндр переднего тормоза 2101 правый внутренний 2101-3501182 | H117: 8708309109
A118: =_xlfn.AGGREGATE(3,3,$B$6:B118) -> 113 | B118: ТЛТ00015477 | C118: з | D118: 4630017918775 | E118: 4658790009848 | F118: 906-683 | G118: 906-683 Цилиндр переднего тормоза 2101 левый внутренний 2101-3501183 | H118: 8708309109
A119: =_xlfn.AGGREGATE(3,3,$B$6:B119) -> 114 | B119: ТЛТ00015480 | C119: з | D119: 4630017918782 | E119: 4658790009855 | F119: 906-684 | G119: 906-684 Цилиндр переднего тормоза 2108 правый 2108-3501044 | H119: 8708309109
A120: =_xlfn.AGGREGATE(3,3,$B$6:B120) -> 115 | B120: ТЛТ00015483 | C120: з | D120: 4630017918799 | E120: 4658790009862 | F120: 906-685 | G120: 906-685 Цилиндр переднего тормоза 2108 левый 2108-3501045 | H120: 8708309109
A121: =_xlfn.AGGREGATE(3,3,$B$6:B121) -> 116 | B121: ТЛТ00015486 | C121: з | D121: 4630017918805 | E121: 4658790009879 | F121: 906-686 | G121: 906-686 Цилиндр переднего тормоза 2121 левый 2121-3501179 | H121: 8708309109
A122: =_xlfn.AGGREGATE(3,3,$B$6:B122) -> 117 | B122: ТЛТ00015489 | C122: з | D122: 4630017918812 | E122: 4658790009886 | F122: 906-687 | G122: 906-687 Цилиндр переднего тормоза 2121 правый 2121-3501178 | H122: 8708309109
A123: =_xlfn.AGGREGATE(3,3,$B$6:B123) -> 118 | B123: ТЛТ00017508 | C123: з | D123: 4630017938735 | E123: 4658790009992 | F123: 906-703 | G123: 906-703 Цилиндр переднего тормоза 21214 левый 21214-3501179 | H123: 8708309909
A124: =_xlfn.AGGREGATE(3,3,$B$6:B124) -> 119 | B124: ТЛТ00017509 | C124: з | D124: 4630017938742 | E124: 4658790010004 | F124: 906-704 | G124: 906-704 Цилиндр переднего тормоза 21214 правый 21214-3501178 | H124: 8708309909
A125: =_xlfn.AGGREGATE(3,3,$B$6:B125) -> 120 | B125: ТЛТ00004305 | C125: з | D125: 1902008221557 | E125: 4658790007745 | F125: 906-333 | G125: 906-333 Шарнир равных угловых скоростей внутренний трипоидный ВАЗ 2108 2108-2215056 | H125: 8708999709
... A156: =_xlfn.AGGREGATE(3,3,$B$6:B156) -> 151 | B156: ТЛТ00018705 | C156: и | D156: 4650017901386 | E156: 4658790010257 | F156: 906-729 | G156: 906-729 Подшипник передней ступицы Kiа Rio IV 51720H5000 | H156: 8708999709
A157: =_xlfn.AGGREGATE(3,3,$B$6:B157) -> 151 | G157: 0
A158: =_xlfn.AGGREGATE(3,3,$B$6:B158) -> 152 | B158: ТЛТ00012949 | C158: о | D158: 4630017780594 | E158: 4658790009183 | F158: 906-581 | G158: 906-581 Шкворень нижний 236021-3001013 | H158: 8708949909
A159: =_xlfn.AGGREGATE(3,3,$B$6:B159) -> 153 | B159: ТЛТ00012947 | C159: о | D159: 4630017780600 | E159: 4658790009190 | F159: 906-582 | G159: 906-582 Шкворень верхний 236021-3001014 | H159: 8708949909
A160: =_xlfn.AGGREGATE(3,3,$B$6:B160) -> 154 | B160: ТЛТ00012952 | C160: о | D160: 4630017780617 | E160: 4658790009213 | F160: 906-588 | G160: 906-588 Комплект шкворней 236021-3001013/14 | H160: 8708949909
A161: =_xlfn.AGGREGATE(3,3,$B$6:B161) -> 155 | B161: ТЛТ00024105 | C161: о | D161: 4658790033652 | F161: 906-738 | G161: 906-738 Диск переднего тормоза (ОЕМ 316000-3501076-02 ) | H161: 8708309109
A162: =_xlfn.AGGREGATE(3,3,$B$6:B162) -> 156 | B162: ТЛТ00024108 | C162: о | D162: 4658790033669 | F162: 906-739 | G162: 906-739 Диск переднего тормоза (ОЕМ 236020-3501076-01) | H162: 8708309109
A163: =_xlfn.AGGREGATE(3,3,$B$6:B163) -> 157 | B163: ТЛТ00024024 | C163: о | D163: 4658790080816 | F163: 906-741 | G163: 906-741 Ступица передней оси с подшипником УАЗ Профи New (ОЕМ 236031-3103010-00) | H163: 8708709909
A164: =_xlfn.AGGREGATE(3,3,$B$6:B164) -> 158 | B164: ТЛТ00024025 | C164: о | D164: 4658790080809 | F164: 906-742 | G164: 906-742 Ступица задней оси с подшипником УАЗ Профи New (ОЕМ 236031-3104010-00) | H164: 8708709909
A165: =_xlfn.AGGREGATE(3,3,$B$6:B165) -> 159 | B165: ТЛТ00025209 | C165: о | D165: 4658790080755 | E165: 4658790080663 | F165: 906-743 | G165: 906-743 Опора верхняя амортизатора УАЗ Профи New (аналог 236031-2902821-01) | H165: 8708809909
A166: =_xlfn.AGGREGATE(3,3,$B$6:B166) -> 160 | B166: ТЛТ00025210 | C166: о | D166: 4658790080724 | E166: 4658790080632 | F166: 906-744 | G166: 906-744 Стойка стабилизатора передней подвески УАЗ Профи New (аналог 236031-2906020) | H166: 8708809909
A167: =_xlfn.AGGREGATE(3,3,$B$6:B167) -> 161 | B167: ТЛТ00025211 | C167: о | D167: 4658790080731 | E167: 4658790080649 | F167: 906-745 | G167: 906-745 Стойка стабилизатора задней подвески УАЗ Профи New аналог 236031-2916020 | H167: 8708809909
...

Sheet Прайс общ
A1: ТОРГОВЫЙ ДОМ "АВТОКОМПОНЕНТЫ"
C7: Действует | G7: ='Бланк заказа с НДС'!N4 -> Цена с 01.07.2026
A8: 1 | B8: 2 | C8: 2 | D8: 4 | E8: 5 | F8: 6 | G8: 3 | H8: 4 | I8: 5 | J8: 6 | K8: 7 | L8: 8 | M8: 9
A9: № | B9: КОД | C9: Шифр БЗАК (старый) | D9: ОЕМ номер | F9: штрихкод | G9: Шифр БЗАК | H9: Наименование | I9: Дистриб. Цена без НДС | J9: Дистриб. Цена с НДС | K9: Цена входа в опт Цена с НДС | L9: Цена входа в точку Цена с НДС | M9: Цена на полке Цена с НДС
A11: =_xlfn.AGGREGATE(3,3,$B$11:B11) -> 1 | B11: ='Бланк заказа с НДС'!B6 -> ТЛТ00003768 | C11: ='Бланк заказа с НДС'!F6 -> 2101-2904082 | D11: ='Бланк заказа с НДС'!G6 -> 21012904082 | E11: ='Бланк заказа с НДС'!H6 -> о | F11: ='Бланк заказа с НДС'!I6 -> 4612728050012 | G11: ='Бланк заказа с НДС'!K6 -> 906-518 | H11: ='Бланк заказа с НДС'!L6 -> 2101-2904082 Палец шаровой передней подвески нижний с чехлом защитным | I11: ='Бланк заказа с НДС'!N6/1.22 -> 357.5 | J11: ='Бланк заказа с НДС'!N6 -> 436.15 | K11: =J11*1.1 -> 479.765 | L11: =K11*1.1 -> 527.7415 | M11: =L11*1.35 -> 712.45102
A12: =_xlfn.AGGREGATE(3,3,$B$11:B12) -> 2 | B12: ='Бланк заказа с НДС'!B7 -> ТЛТ00003785 | C12: ='Бланк заказа с НДС'!F7 -> 2101-2904082 с кр | D12: ='Бланк заказа с НДС'!G7 -> 21012904082 | E12: ='Бланк заказа с НДС'!H7 -> о | F12: ='Бланк заказа с НДС'!I7 -> 4612728050029 | G12: ='Бланк заказа с НДС'!K7 -> 906-518-01 | H12: ='Бланк заказа с НДС'!L7 -> 2101-2904082 Палец шаровой передней подвески нижний с чехлом защитным с крепежом | I12: ='Бланк заказа с НДС'!N7/1.22 -> 413.32787 | J12: ='Бланк заказа с НДС'!N7 -> 504.26 | K12: =J12*1.1 -> 554.686 | L12: =K12*1.1 -> 610.1546 | M12: =L12*1.35 -> 823.70871
A13: =_xlfn.AGGREGATE(3,3,$B$11:B13) -> 3 | B13: ='Бланк заказа с НДС'!B8 -> ТЛТ00003794 | C13: ='Бланк заказа с НДС'!F8 -> 2101-2904192-03 | D13: ='Бланк заказа с НДС'!G8 -> 21012904192-03 | E13: ='Бланк заказа с НДС'!H8 -> о | F13: ='Бланк заказа с НДС'!I8 -> 4612728050036 | G13: ='Бланк заказа с НДС'!K8 -> 906-519 | H13: ='Бланк заказа с НДС'!L8 -> БА01-2904192-03 Палец шаровой передней подвески верхний с чехлом защитным | I13: ='Бланк заказа с НДС'!N8/1.22 -> 320 | J13: ='Бланк заказа с НДС'!N8 -> 390.4 | K13: =J13*1.1 -> 429.44 | L13: =K13*1.1 -> 472.384 | M13: =L13*1.35 -> 637.7184
A14: =_xlfn.AGGREGATE(3,3,$B$11:B14) -> 4 | B14: ='Бланк заказа с НДС'!B9 -> ТЛТ00003795 | C14: ='Бланк заказа с НДС'!F9 -> 2101-2904192-03 с кр | D14: ='Бланк заказа с НДС'!G9 -> 21012904192-03 | E14: ='Бланк заказа с НДС'!H9 -> о | F14: ='Бланк заказа с НДС'!I9 -> 4612728050043 | G14: ='Бланк заказа с НДС'!K9 -> 906-519-01 | H14: ='Бланк заказа с НДС'!L9 -> БА01-2904192-03 Палец шаровой передней подвески верхний с чехлом защитным с крепежом | I14: ='Бланк заказа с НДС'!N9/1.22 -> 370 | J14: ='Бланк заказа с НДС'!N9 -> 451.4 | K14: =J14*1.1 -> 496.54 | L14: =K14*1.1 -> 546.194 | M14: =L14*1.35 -> 737.3619
A15: =_xlfn.AGGREGATE(3,3,$B$11:B15) -> 5 | B15: ='Бланк заказа с НДС'!B10 -> ТЛТ00003804 | C15: ='Бланк заказа с НДС'!F10 -> 2108-2904192-01 | D15: ='Бланк заказа с НДС'!G10 -> 21082904192-01 | E15: ='Бланк заказа с НДС'!H10 -> о | F15: ='Бланк заказа с НДС'!I10 -> 4612728050050 | G15: ='Бланк заказа с НДС'!K10 -> 906-524 | H15: ='Бланк заказа с НДС'!L10 -> БА08-2904192-01 Палец шаровой передней подвески с чехлом защитным ВАЗ 2108-2109 | I15: ='Бланк заказа с НДС'!N10/1.22 -> 275 | J15: ='Бланк заказа с НДС'!N10 -> 335.5 | K15: =J15*1.1 -> 369.05 | L15: =K15*1.1 -> 405.955 | M15: =L15*1.35 -> 548.03925
A16: =_xlfn.AGGREGATE(3,3,$B$11:B16) -> 6 | B16: ='Бланк заказа с НДС'!B11 -> ТЛТ00003806 | C16: ='Бланк заказа с НДС'!F11 -> 2108-2904192-01 с кр | D16: ='Бланк заказа с НДС'!G11 -> 21082904192-01 | E16: ='Бланк заказа с НДС'!H11 -> о | F16: ='Бланк заказа с НДС'!I11 -> 4612728050067 | G16: ='Бланк заказа с НДС'!K11 -> 906-524-01 | H16: ='Бланк заказа с НДС'!L11 -> БА08-2904192-01 Палец шаровой передней подвески с чехлом защитным с крепежом ВАЗ 2108-2109 | I16: ='Бланк заказа с НДС'!N11/1.22 -> 301.67213 | J16: ='Бланк заказа с НДС'!N11 -> 368.04 | K16: =J16*1.1 -> 404.844 | L16: =K16*1.1 -> 445.3284 | M16: =L16*1.35 -> 601.19334
A17: =_xlfn.AGGREGATE(3,3,$B$11:B17) -> 7 | B17: ='Бланк заказа с НДС'!B12 -> ТЛТ00003754 | C17: ='Бланк заказа с НДС'!F12 -> 2110-2904192 | D17: ='Бланк заказа с НДС'!G12 -> 21102904192 | E17: ='Бланк заказа с НДС'!H12 -> о | F17: ='Бланк заказа с НДС'!I12 -> 4612728050234 | G17: ='Бланк заказа с НДС'!K12 -> 906-525 | H17: ='Бланк заказа с НДС'!L12 -> БА10-2904192 Палец шаровой передней подвески с чехлом защитным ВАЗ 2110-2112 | I17: ='Бланк заказа с НДС'!N12/1.22 -> 346.67213 | J17: ='Бланк заказа с НДС'!N12 -> 422.94 | K17: =J17*1.1 -> 465.234 | L17: =K17*1.1 -> 511.7574 | M17: =L17*1.35 -> 690.87249
A18: =_xlfn.AGGREGATE(3,3,$B$11:B18) -> 8 | B18: ='Бланк заказа с НДС'!B13 -> ТЛТ00003755 | C18: ='Бланк заказа с НДС'!F13 -> 2110-2904192 с кр | D18: ='Бланк заказа с НДС'!G13 -> 21102904192 | E18: ='Бланк заказа с НДС'!H13 -> о | F18: ='Бланк заказа с НДС'!I13 -> 4612728050241 | G18: ='Бланк заказа с НДС'!K13 -> 906-525-01 | H18: ='Бланк заказа с НДС'!L13 -> БА10-2904192 Палец шаровой передней подвески с чехлом защитным с крепежом ВАЗ 2110-2112 | I18: ='Бланк заказа с НДС'!N13/1.22 -> 371.67213 | J18: ='Бланк заказа с НДС'!N13 -> 453.44 | K18: =J18*1.1 -> 498.784 | L18: =K18*1.1 -> 548.6624 | M18: =L18*1.35 -> 740.69424
A19: =_xlfn.AGGREGATE(3,3,$B$11:B19) -> 9 | B19: ='Бланк заказа с НДС'!B14 -> ТЛТ00003763 | C19: ='Бланк заказа с НДС'!F14 -> 1118-2904192-01 | D19: ='Бланк заказа с НДС'!G14 -> 11182904192-01 | E19: ='Бланк заказа с НДС'!H14 -> о | F19: ='Бланк заказа с НДС'!I14 -> 1902008221984 | G19: ='Бланк заказа с НДС'!K14 -> 906-526 | H19: ='Бланк заказа с НДС'!L14 -> БА18-2904192-01 Палец шаровой передней подвески с чехлом защитным ВАЗ 1118, 2190 | I19: ='Бланк заказа с НДС'!N14/1.22 -> 362.5 | J19: ='Бланк заказа с НДС'!N14 -> 442.25 | K19: =J19*1.1 -> 486.475 | L19: =K19*1.1 -> 535.1225 | M19: =L19*1.35 -> 722.41538
A20: =_xlfn.AGGREGATE(3,3,$B$11:B20) -> 10 | B20: ='Бланк заказа с НДС'!B15 -> ТЛТ00003764 | C20: ='Бланк заказа с НДС'!F15 -> 1118-2904192-01 с кр | D20: ='Бланк заказа с НДС'!G15 -> 11182904192-01 | E20: ='Бланк заказа с НДС'!H15 -> о | F20: ='Бланк заказа с НДС'!I15 -> 1802008221239 | G20: ='Бланк заказа с НДС'!K15 -> 906-526-01 | H20: ='Бланк заказа с НДС'!L15 -> БА18-2904192-01 Палец шаровой передней подвески с чехлом защитным с крепежом ВАЗ 1118, 2190 | I20: ='Бланк заказа с НДС'!N15/1.22 -> 407.5 | J20: ='Бланк заказа с НДС'!N15 -> 497.15 | K20: =J20*1.1 -> 546.865 | L20: =K20*1.1 -> 601.5515 | M20: =L20*1.35 -> 812.09453
A21: =_xlfn.AGGREGATE(3,3,$B$11:B21) -> 11 | B21: ='Бланк заказа с НДС'!B16 -> ТЛТ00003709 | C21: ='Бланк заказа с НДС'!F16 -> 2101-2904082-05 | D21: ='Бланк заказа с НДС'!G16 -> 21012904082-05 | E21: ='Бланк заказа с НДС'!H16 -> о | F21: ='Бланк заказа с НДС'!I16 -> 4612728050098 | G21: ='Бланк заказа с НДС'!K16 -> 906-520 | H21: ='Бланк заказа с НДС'!L16 -> БА01-2904082-05 Палец шаровой передней подвески нижний с чехлом защитным (усиленный) в сборе | I21: ='Бланк заказа с НДС'!N16/1.22 -> 389.17213 | J21: ='Бланк заказа с НДС'!N16 -> 474.79 | K21: =J21*1.1 -> 522.269 | L21: =K21*1.1 -> 574.4959 | M21: =L21*1.35 -> 775.56947
A22: =_xlfn.AGGREGATE(3,3,$B$11:B22) -> 12 | B22: ='Бланк заказа с НДС'!B17 -> ТЛТ00003716 | C22: ='Бланк заказа с НДС'!F17 -> 2101-2904082-05 с кр | D22: ='Бланк заказа с НДС'!G17 -> 21012904082-05 | E22: ='Бланк заказа с НДС'!H17 -> о | F22: ='Бланк заказа с НДС'!I17 -> 4612728050104 | G22: ='Бланк заказа с НДС'!K17 -> 906-520-01 | H22: ='Бланк заказа с НДС'!L17 -> БА01-2904082-05 Палец шаровой передней подвески нижний с чехлом защитным (усиленный) в сборе с крепежом | I22: ='Бланк заказа с НДС'!N17/1.22 -> 431.67213 | J22: ='Бланк заказа с НДС'!N17 -> 526.64 | K22: =J22*1.1 -> 579.304 | L22: =K22*1.1 -> 637.2344 | M22: =L22*1.35 -> 860.26644
... A161: =_xlfn.AGGREGATE(3,3,$B$11:B161) -> 151 | B161: ='Бланк заказа с НДС'!B156 -> ТЛТ00018705 | C161: ='Бланк заказа с НДС'!F156 -> 906-729 | D161: ='Бланк заказа с НДС'!G156 -> 51720H5000 | E161: ='Бланк заказа с НДС'!H156 -> и | F161: ='Бланк заказа с НДС'!I156 -> 4650017901386 | G161: ='Бланк заказа с НДС'!K156 -> 906-729 | H161: ='Бланк заказа с НДС'!L156 -> 906-729 Подшипник передней ступицы Kiа Rio IV 51720H5000 | I161: ='Бланк заказа с НДС'!N156/1.22 -> 740 | J161: ='Бланк заказа с НДС'!N156 -> 902.8 | K161: =J161*1.1 -> 993.08 | L161: =K161*1.1 -> 1092.388 | M161: =L161*1.35 -> 1474.7238
A162: =_xlfn.AGGREGATE(3,3,$B$11:B162) -> 151 | C162: ='Бланк заказа с НДС'!F157 -> УАЗ | D162: ='Бланк заказа с НДС'!G157 -> 0 | E162: ='Бланк заказа с НДС'!H157 -> 0 | F162: ='Бланк заказа с НДС'!I157 -> 0 | G162: ='Бланк заказа с НДС'!K157 -> 0 | H162: ='Бланк заказа с НДС'!L157 -> 0 | I162: ='Бланк заказа с НДС'!N157/1.22 -> 0 | J162: ='Бланк заказа с НДС'!N157 -> 0 | K162: =J162*1.1 -> 0 | L162: =K162*1.1 -> 0 | M162: =L162*1.35 -> 0
A163: =_xlfn.AGGREGATE(3,3,$B$11:B163) -> 152 | B163: ='Бланк заказа с НДС'!B158 -> ТЛТ00012949 | C163: ='Бланк заказа с НДС'!F158 -> 906-581 | D163: ='Бланк заказа с НДС'!G158 -> 2360213001013 | E163: ='Бланк заказа с НДС'!H158 -> о | F163: ='Бланк заказа с НДС'!I158 -> 4630017780594 | G163: ='Бланк заказа с НДС'!K158 -> 906-581 | H163: ='Бланк заказа с НДС'!L158 -> 906-581 Шкворень нижний 236021-3001013 | I163: ='Бланк заказа с НДС'!N158/1.22 -> 540 | J163: ='Бланк заказа с НДС'!N158 -> 658.8 | K163: =J163*1.1 -> 724.68 | L163: =K163*1.1 -> 797.148 | M163: =L163*1.35 -> 1076.1498
A164: =_xlfn.AGGREGATE(3,3,$B$11:B164) -> 153 | B164: ='Бланк заказа с НДС'!B159 -> ТЛТ00012947 | C164: ='Бланк заказа с НДС'!F159 -> 906-582 | D164: ='Бланк заказа с НДС'!G159 -> 2360213001014 | E164: ='Бланк заказа с НДС'!H159 -> о | F164: ='Бланк заказа с НДС'!I159 -> 4630017780600 | G164: ='Бланк заказа с НДС'!K159 -> 906-582 | H164: ='Бланк заказа с НДС'!L159 -> 906-582 Шкворень верхний 236021-3001014 | I164: ='Бланк заказа с НДС'!N159/1.22 -> 637.5 | J164: ='Бланк заказа с НДС'!N159 -> 777.75 | K164: =J164*1.1 -> 855.525 | L164: =K164*1.1 -> 941.0775 | M164: =L164*1.35 -> 1270.4546
A165: =_xlfn.AGGREGATE(3,3,$B$11:B165) -> 154 | B165: ='Бланк заказа с НДС'!B160 -> ТЛТ00012952 | C165: ='Бланк заказа с НДС'!F160 -> 906-588 | D165: ='Бланк заказа с НДС'!G160 -> 2360213001013/2360213001014 | E165: ='Бланк заказа с НДС'!H160 -> о | F165: ='Бланк заказа с НДС'!I160 -> 4630017780617 | G165: ='Бланк заказа с НДС'!K160 -> 906-588 | H165: ='Бланк заказа с НДС'!L160 -> 906-588 Комплект шкворней 236021-3001013/14 | I165: ='Бланк заказа с НДС'!N160/1.22 -> 2290.8279 | J165: ='Бланк заказа с НДС'!N160 -> 2794.81 | K165: =J165*1.1 -> 3074.291 | L165: =K165*1.1 -> 3381.7201 | M165: =L165*1.35 -> 4565.3221
A166: =_xlfn.AGGREGATE(3,3,$B$11:B166) -> 155 | B166: ='Бланк заказа с НДС'!B161 -> ТЛТ00024105 | C166: ='Бланк заказа с НДС'!F161 -> 906-738 | D166: ='Бланк заказа с НДС'!G161 -> 316000-3501076-02 | E166: ='Бланк заказа с НДС'!H161 -> о | F166: ='Бланк заказа с НДС'!I161 -> 4658790033652 | G166: ='Бланк заказа с НДС'!K161 -> 906-738 | H166: ='Бланк заказа с НДС'!L161 -> 906-738 Диск переднего тормоза (ОЕМ 316000-3501076-02 ) | I166: ='Бланк заказа с НДС'!N161/1.22 -> 1485.6803 | J166: ='Бланк заказа с НДС'!N161 -> 1812.53 | K166: =J166*1.1 -> 1993.783 | L166: =K166*1.1 -> 2193.1613 | M166: =L166*1.35 -> 2960.7678
A167: =_xlfn.AGGREGATE(3,3,$B$11:B167) -> 156 | B167: ='Бланк заказа с НДС'!B162 -> ТЛТ00024108 | C167: ='Бланк заказа с НДС'!F162 -> 906-739 | D167: ='Бланк заказа с НДС'!G162 -> 236020-3501076-01 | E167: ='Бланк заказа с НДС'!H162 -> о | F167: ='Бланк заказа с НДС'!I162 -> 4658790033669 | G167: ='Бланк заказа с НДС'!K162 -> 906-739 | H167: ='Бланк заказа с НДС'!L162 -> 906-739 Диск переднего тормоза (ОЕМ 236020-3501076-01) | I167: ='Бланк заказа с НДС'!N162/1.22 -> 1489.2541 | J167: ='Бланк заказа с НДС'!N162 -> 1816.89 | K167: =J167*1.1 -> 1998.579 | L167: =K167*1.1 -> 2198.4369 | M167: =L167*1.35 -> 2967.8898
A168: =_xlfn.AGGREGATE(3,3,$B$11:B168) -> 157 | B168: ='Бланк заказа с НДС'!B163 -> ТЛТ00024024 | C168: ='Бланк заказа с НДС'!F163 -> 906-741 | D168: ='Бланк заказа с НДС'!G163 -> 236031310301000 | E168: ='Бланк заказа с НДС'!H163 -> о | F168: ='Бланк заказа с НДС'!I163 -> 4658790080816 | G168: ='Бланк заказа с НДС'!K163 -> 906-741 | H168: ='Бланк заказа с НДС'!L163 -> 906-741 Ступица передней оси с подшипником УАЗ Профи New (ОЕМ 236031-3103010-00) | I168: ='Бланк заказа с НДС'!N163/1.22 -> 6694.1885 | J168: ='Бланк заказа с НДС'!N163 -> 8166.91 | K168: =J168*1.1 -> 8983.601 | L168: =K168*1.1 -> 9881.9611 | M168: =L168*1.35 -> 13340.647
A169: =_xlfn.AGGREGATE(3,3,$B$11:B169) -> 158 | B169: ='Бланк заказа с НДС'!B164 -> ТЛТ00024025 | C169: ='Бланк заказа с НДС'!F164 -> 906-742 | D169: ='Бланк заказа с НДС'!G164 -> 236031310401000 | E169: ='Бланк заказа с НДС'!H164 -> о | F169: ='Бланк заказа с НДС'!I164 -> 4658790080809 | G169: ='Бланк заказа с НДС'!K164 -> 906-742 | H169: ='Бланк заказа с НДС'!L164 -> 906-742 Ступица задней оси с подшипником УАЗ Профи New (ОЕМ 236031-3104010-00) | I169: ='Бланк заказа с НДС'!N164/1.22 -> 10196.336 | J169: ='Бланк заказа с НДС'!N164 -> 12439.53 | K169: =J169*1.1 -> 13683.483 | L169: =K169*1.1 -> 15051.831 | M169: =L169*1.35 -> 20319.972
A170: =_xlfn.AGGREGATE(3,3,$B$11:B170) -> 159 | B170: ='Бланк заказа с НДС'!B165 -> ТЛТ00025209 | C170: ='Бланк заказа с НДС'!F165 -> 906-743 | D170: ='Бланк заказа с НДС'!G165 -> 236031-2902821-01 | E170: ='Бланк заказа с НДС'!H165 -> о | F170: ='Бланк заказа с НДС'!I165 -> 4658790080755 | G170: ='Бланк заказа с НДС'!K165 -> 906-743 | H170: ='Бланк заказа с НДС'!L165 -> 906-743 Опора верхняя амортизатора УАЗ Профи New (аналог 236031-2902821-01) | I170: ='Бланк заказа с НДС'!N165/1.22 -> 864.41803 | J170: ='Бланк заказа с НДС'!N165 -> 1054.59 | K170: =J170*1.1 -> 1160.049 | L170: =K170*1.1 -> 1276.0539 | M170: =L170*1.35 -> 1722.6728
A171: =_xlfn.AGGREGATE(3,3,$B$11:B171) -> 160 | B171: ='Бланк заказа с НДС'!B166 -> ТЛТ00025210 | C171: ='Бланк заказа с НДС'!F166 -> 906-744 | D171: ='Бланк заказа с НДС'!G166 -> 236031-2906020 | E171: ='Бланк заказа с НДС'!H166 -> о | F171: ='Бланк заказа с НДС'!I166 -> 4658790080724 | G171: ='Бланк заказа с НДС'!K166 -> 906-744 | H171: ='Бланк заказа с НДС'!L166 -> 906-744 Стойка стабилизатора передней подвески УАЗ Профи New (аналог 236031-2906020) | I171: ='Бланк заказа с НДС'!N166/1.22 -> 545.95082 | J171: ='Бланк заказа с НДС'!N166 -> 666.06 | K171: =J171*1.1 -> 732.666 | L171: =K171*1.1 -> 805.9326 | M171: =L171*1.35 -> 1088.009
A172: =_xlfn.AGGREGATE(3,3,$B$11:B172) -> 161 | B172: ='Бланк заказа с НДС'!B167 -> ТЛТ00025211 | C172: ='Бланк заказа с НДС'!F167 -> 906-745 | D172: ='Бланк заказа с НДС'!G167 -> 236031-2916020 | E172: ='Бланк заказа с НДС'!H167 -> о | F172: ='Бланк заказа с НДС'!I167 -> 4658790080731 | G172: ='Бланк заказа с НДС'!K167 -> 906-745 | H172: ='Бланк заказа с НДС'!L167 -> 906-745 Стойка стабилизатора задней подвески УАЗ Профи New аналог 236031-2916020 | I172: ='Бланк заказа с НДС'!N167/1.22 -> 581.96721 | J172: ='Бланк заказа с НДС'!N167 -> 710 | K172: =J172*1.1 -> 781 | L172: =K172*1.1 -> 859.1 | M172: =L172*1.35 -> 1159.785
A173: =_xlfn.AGGREGATE(3,3,$B$11:B173) -> 162 | B173: ='Бланк заказа с НДС'!B168 -> ТЛТ00025212 | C173: ='Бланк заказа с НДС'!F168 -> 906-746 | D173: ='Бланк заказа с НДС'!G168 -> 236031-3414056 | E173: ='Бланк заказа с НДС'!H168 -> о | F173: ='Бланк заказа с НДС'!I168 -> 4658790080748 | G173: ='Бланк заказа с НДС'!K168 -> 906-746 | H173: ='Бланк заказа с НДС'!L168 -> 906-746 Наконечник тяги рулевой трапеции в сборе УАЗ Профи New (аналог 236031-3414056) | I173: ='Бланк заказа с НДС'!N168/1.22 -> 530.2377 | J173: ='Бланк заказа с НДС'!N168 -> 646.89 | K173: =J173*1.1 -> 711.579 | L173: =K173*1.1 -> 782.7369 | M173: =L173*1.35 -> 1056.6948
A174: =_xlfn.AGGREGATE(3,3,$B$11:B174) -> 163 | B174: ='Бланк заказа с НДС'!B169 -> ТЛТ00025213 | C174: ='Бланк заказа с НДС'!F169 -> 906-747 | D174: ='Бланк заказа с НДС'!G169 -> 236031-3414235 | E174: ='Бланк заказа с НДС'!H169 -> о | F174: ='Бланк заказа с НДС'!I169 -> 4658790080717 | G174: ='Бланк заказа с НДС'!K169 -> 906-747 | H174: ='Бланк заказа с НДС'!L169 -> 906-747 Шарнир шаровой демпфера рулевого управления УАЗ Профи New (аналог 236031-3414235) | I174: ='Бланк заказа с НДС'!N169/1.22 -> 453.72131 | J174: ='Бланк заказа с НДС'!N169 -> 553.54 | K174: =J174*1.1 -> 608.894 | L174: =K174*1.1 -> 669.7834 | M174: =L174*1.35 -> 904.20759
... A181: =_xlfn.AGGREGATE(3,3,$B$11:B181) -> 170 | B181: ='Бланк заказа с НДС'!B176 -> ТЛТ00004326 | C181: ='Бланк заказа с НДС'!F176 -> 906-494 | D181: ='Бланк заказа с НДС'!G176 -> 4692201025 | E181: ='Бланк заказа с НДС'!H176 -> з | F181: ='Бланк заказа с НДС'!I176 -> 1702008221003 | G181: ='Бланк заказа с НДС'!K176 -> 906-494 | H181: ='Бланк заказа с НДС'!L176 -> 906-494 Крестовина карданного вала УАЗ 3151,3741,3962,3303 469-2201025 | I181: ='Бланк заказа с НДС'!N176/1.22 -> 424.17213 | J181: ='Бланк заказа с НДС'!N176 -> 517.49 | K181: =J181*1.1 -> 569.239 | L181: =K181*1.1 -> 626.1629 | M181: =L181*1.35 -> 845.31992
A182: =_xlfn.AGGREGATE(3,3,$B$11:B182) -> 170 | C182: ='Бланк заказа с НДС'!F177 -> ГАЗ | D182: ='Бланк заказа с НДС'!G177 -> 0 | E182: ='Бланк заказа с НДС'!H177 -> 0 | F182: ='Бланк заказа с НДС'!I177 -> 0 | G182: ='Бланк заказа с НДС'!K177 -> 0 | H182: ='Бланк заказа с НДС'!L177 -> 0 | I182: ='Бланк заказа с НДС'!N177/1.22 -> 0 | J182: ='Бланк заказа с НДС'!N177 -> 0 | K182: =J182*1.1 -> 0 | L182: =K182*1.1 -> 0 | M182: =L182*1.35 -> 0
A183: =_xlfn.AGGREGATE(3,3,$B$11:B183) -> 171 | B183: ='Бланк заказа с НДС'!B178 -> ТЛТ00004333 | C183: ='Бланк заказа с НДС'!F178 -> 2217-3414029-10 | D183: ='Бланк заказа с НДС'!G178 -> 2217341402910 | E183: ='Бланк заказа с НДС'!H178 -> з | F183: ='Бланк заказа с НДС'!I178 -> 4612728050289 | G183: ='Бланк заказа с НДС'!K178 -> 906-553 | H183: ='Бланк заказа с НДС'!L178 -> БА17-3414029 Шарнир рулевой трапеции в сборе с крепежом ГАЗ 2217-3414029 | I183: ='Бланк заказа с НДС'!N178/1.22 -> 1121.6721 | J183: ='Бланк заказа с НДС'!N178 -> 1368.44 | K183: =J183*1.1 -> 1505.284 | L183: =K183*1.1 -> 1655.8124 | M183: =L183*1.35 -> 2235.3467
A184: =_xlfn.AGGREGATE(3,3,$B$11:B184) -> 172 | B184: ='Бланк заказа с НДС'!B179 -> ТЛТ00013870 | C184: ='Бланк заказа с НДС'!F179 -> 906-403 | D184: ='Бланк заказа с НДС'!G179 -> 31022201025 | E184: ='Бланк заказа с НДС'!H179 -> з | F184: ='Бланк заказа с НДС'!I179 -> 1902008221960 | G184: ='Бланк заказа с НДС'!K179 -> 906-403 | H184: ='Бланк заказа с НДС'!L179 -> 906-403 Крестовина карданного вала ГАЗ 3102-2201025 | I184: ='Бланк заказа с НДС'!N179/1.22 -> 412.5 | J184: ='Бланк заказа с НДС'!N179 -> 503.25 | K184: =J184*1.1 -> 553.575 | L184: =K184*1.1 -> 608.9325 | M184: =L184*1.35 -> 822.05888
A185: =_xlfn.AGGREGATE(3,3,$B$11:B185) -> 173 | B185: ='Бланк заказа с НДС'!B180 -> ТЛТ00004322 | C185: ='Бланк заказа с НДС'!F180 -> 906-405 | D185: ='Бланк заказа с НДС'!G180 -> 2217-2904314 | E185: ='Бланк заказа с НДС'!H180 -> з | F185: ='Бланк заказа с НДС'!I180 -> 1802008221253 | G185: ='Бланк заказа с НДС'!K180 -> 906-405 | H185: ='Бланк заказа с НДС'!L180 -> 906-405 Шаровая опора нижняя усиленная ГАЗ 2217 2217-2904314 | I185: ='Бланк заказа с НДС'!N180/1.22 -> 790.82787 | J185: ='Бланк заказа с НДС'!N180 -> 964.81 | K185: =J185*1.1 -> 1061.291 | L185: =K185*1.1 -> 1167.4201 | M185: =L185*1.35 -> 1576.0171
A186: =_xlfn.AGGREGATE(3,3,$B$11:B186) -> 174 | B186: ='Бланк заказа с НДС'!B181 -> ТЛТ00004324 | C186: ='Бланк заказа с НДС'!F181 -> 906-406 | D186: ='Бланк заказа с НДС'!G181 -> 2217-2904414 | E186: ='Бланк заказа с НДС'!H181 -> з | F186: ='Бланк заказа с НДС'!I181 -> 1802008221246 | G186: ='Бланк заказа с НДС'!K181 -> 906-406 | H186: ='Бланк заказа с НДС'!L181 -> 906-406 Шаровая опора верхняя усиленная ГАЗ 2217 2217-2904414 | I186: ='Бланк заказа с НДС'!N181/1.22 -> 714.17213 | J186: ='Бланк заказа с НДС'!N181 -> 871.29 | K186: =J186*1.1 -> 958.419 | L186: =K186*1.1 -> 1054.2609 | M186: =L186*1.35 -> 1423.2522
A187: =_xlfn.AGGREGATE(3,3,$B$11:B187) -> 175 | B187: ='Бланк заказа с НДС'!B182 -> ТЛТ00012842 | C187: ='Бланк заказа с НДС'!F182 -> 906-623 | D187: ='Бланк заказа с НДС'!G182 -> A21R23-2904414 | E187: ='Бланк заказа с НДС'!H182 -> з | F187: ='Бланк заказа с НДС'!I182 -> 4630017784943 | G187: ='Бланк заказа с НДС'!K182 -> 906-623 | H187: ='Бланк заказа с НДС'!L182 -> 906-623 Шаровая опора верхняя ГАЗель NEXT A21R23-2904414 | I187: ='Бланк заказа с НДС'!N182/1.22 -> 715 | J187: ='Бланк заказа с НДС'!N182 -> 872.3 | K187: =J187*1.1 -> 959.53 | L187: =K187*1.1 -> 1055.483 | M187: =L187*1.35 -> 1424.902
A188: =_xlfn.AGGREGATE(3,3,$B$11:B188) -> 176 | B188: ='Бланк заказа с НДС'!B183 -> ТЛТ00012841 | C188: ='Бланк заказа с НДС'!F183 -> 906-622 | D188: ='Бланк заказа с НДС'!G183 -> A21R23-2904314 | E188: ='Бланк заказа с НДС'!H183 -> з | F188: ='Бланк заказа с НДС'!I183 -> 4630017784950 | G188: ='Бланк заказа с НДС'!K183 -> 906-622 | H188: ='Бланк заказа с НДС'!L183 -> 906-622 Шаровая опора нижняя ГАЗель NEXT A21R23-2904314 | I188: ='Бланк заказа с НДС'!N183/1.22 -> 743.32787 | J188: ='Бланк заказа с НДС'!N183 -> 906.86 | K188: =J188*1.1 -> 997.546 | L188: =K188*1.1 -> 1097.3006 | M188: =L188*1.35 -> 1481.3558
A189: =_xlfn.AGGREGATE(3,3,$B$11:B189) -> 177 | B189: ='Бланк заказа с НДС'!B184 -> ТЛТ00012955 | C189: ='Бланк заказа с НДС'!F184 -> 906-583 | D189: ='Бланк заказа с НДС'!G184 -> C40R133414029 | E189: ='Бланк заказа с НДС'!H184 -> о | F189: ='Бланк заказа с НДС'!I184 -> 4630017780624 | G189: ='Бланк заказа с НДС'!K184 -> 906-583 | H189: ='Бланк заказа с НДС'!L184 -> 906-583 Шарнир ГАЗ C40R13-3414029 | I189: ='Бланк заказа с НДС'!N184/1.22 -> 1128.3279 | J189: ='Бланк заказа с НДС'!N184 -> 1376.56 | K189: =J189*1.1 -> 1514.216 | L189: =K189*1.1 -> 1665.6376 | M189: =L189*1.35 -> 2248.6108
A190: =_xlfn.AGGREGATE(3,3,$B$11:B190) -> 178 | B190: ='Бланк заказа с НДС'!B185 -> ТЛТ00012958 | C190: ='Бланк заказа с НДС'!F185 -> 906-589 | D190: ='Бланк заказа с НДС'!G185 -> C40R133414029 | E190: ='Бланк заказа с НДС'!H185 -> о | F190: ='Бланк заказа с НДС'!I185 -> 4630017780631 | G190: ='Бланк заказа с НДС'!K185 -> 906-589 | H190: ='Бланк заказа с НДС'!L185 -> 906-589 Комплект Шарниров ГАЗ C40R13-3414029 | I190: ='Бланк заказа с НДС'!N185/1.22 -> 4337.5 | J190: ='Бланк заказа с НДС'!N185 -> 5291.75 | K190: =J190*1.1 -> 5820.925 | L190: =K190*1.1 -> 6403.0175 | M190: =L190*1.35 -> 8644.0736
A191: =_xlfn.AGGREGATE(3,3,$B$11:B191) -> 178 | C191: ='Бланк заказа с НДС'!F186 -> ИНОМАРКА | D191: ='Бланк заказа с НДС'!G186 -> 0 | E191: ='Бланк заказа с НДС'!H186 -> 0 | F191: ='Бланк заказа с НДС'!I186 -> 0 | G191: ='Бланк заказа с НДС'!K186 -> 0 | H191: ='Бланк заказа с НДС'!L186 -> 0 | I191: ='Бланк заказа с НДС'!N186/1.22 -> 0 | J191: ='Бланк заказа с НДС'!N186 -> 0 | K191: =J191*1.1 -> 0 | L191: =K191*1.1 -> 0 | M191: =L191*1.35 -> 0
A192: =_xlfn.AGGREGATE(3,3,$B$11:B192) -> 179 | B192: ='Бланк заказа с НДС'!B187 -> ТЛТ00018612 | C192: ='Бланк заказа с НДС'!F187 -> 906-718 | D192: ='Бланк заказа с НДС'!G187 -> 441263507R | E192: ='Бланк заказа с НДС'!H187 -> и | F192: ='Бланк заказа с НДС'!I187 -> 4650017903915 | G192: ='Бланк заказа с НДС'!K187 -> 906-718 | H192: ='Бланк заказа с НДС'!L187 -> 906-718 Цилиндр заднего тормоза Lada Largus 22мм 441263507R | I192: ='Бланк заказа с НДС'!N187/1.22 -> 402.5 | J192: ='Бланк заказа с НДС'!N187 -> 491.05 | K192: =J192*1.1 -> 540.155 | L192: =K192*1.1 -> 594.1705 | M192: =L192*1.35 -> 802.13018
A193: =_xlfn.AGGREGATE(3,3,$B$11:B193) -> 180 | B193: ='Бланк заказа с НДС'!B188 -> ТЛТ00018666 | C193: ='Бланк заказа с НДС'!F188 -> 906-719 | D193: ='Бланк заказа с НДС'!G188 -> 8450076671 | E193: ='Бланк заказа с НДС'!H188 -> з | F193: ='Бланк заказа с НДС'!I188 -> 4650017903922 | G193: ='Бланк заказа с НДС'!K188 -> 906-719 | H193: ='Бланк заказа с НДС'!L188 -> 906-719 Цилиндр заднего тормоза Lada Vesta 8450076671 | I193: ='Бланк заказа с НДС'!N188/1.22 -> 380 | J193: ='Бланк заказа с НДС'!N188 -> 463.6 | K193: =J193*1.1 -> 509.96 | L193: =K193*1.1 -> 560.956 | M193: =L193*1.35 -> 757.2906
A194: =_xlfn.AGGREGATE(3,3,$B$11:B194) -> 181 | B194: ='Бланк заказа с НДС'!B189 -> ТЛТ00018667 | C194: ='Бланк заказа с НДС'!F189 -> 906-720 | D194: ='Бланк заказа с НДС'!G189 -> 441006424R | E194: ='Бланк заказа с НДС'!H189 -> и | F194: ='Бланк заказа с НДС'!I189 -> 4650017903939 | G194: ='Бланк заказа с НДС'!K189 -> 906-720 | H194: ='Бланк заказа с НДС'!L189 -> 906-720 Цилиндр заднего тормоза Renault Logan 17мм 441006424R | I194: ='Бланк заказа с НДС'!N189/1.22 -> 310 | J194: ='Бланк заказа с НДС'!N189 -> 378.2 | K194: =J194*1.1 -> 416.02 | L194: =K194*1.1 -> 457.622 | M194: =L194*1.35 -> 617.7897
A195: =_xlfn.AGGREGATE(3,3,$B$11:B195) -> 182 | B195: ='Бланк заказа с НДС'!B190 -> ТЛТ00018669 | C195: ='Бланк заказа с НДС'!F190 -> 906-721 | D195: ='Бланк заказа с НДС'!G190 -> 7701047838 | E195: ='Бланк заказа с НДС'!H190 -> и | F195: ='Бланк заказа с НДС'!I190 -> 4650017903946 | G195: ='Бланк заказа с НДС'!K190 -> 906-721 | H195: ='Бланк заказа с НДС'!L190 -> 906-721 Цилиндр заднего тормоза Lada X-Ray 17мм 7701047838 | I195: ='Бланк заказа с НДС'!N190/1.22 -> 400 | J195: ='Бланк заказа с НДС'!N190 -> 488 | K195: =J195*1.1 -> 536.8 | L195: =K195*1.1 -> 590.48 | M195: =L195*1.35 -> 797.148
A196: =_xlfn.AGGREGATE(3,3,$B$11:B196) -> 183 | B196: ='Бланк заказа с НДС'!B191 -> ТЛТ00018670 | C196: ='Бланк заказа с НДС'!F191 -> 906-722 | D196: ='Бланк заказа с НДС'!G191 -> 441003419R | E196: ='Бланк заказа с НДС'!H191 -> и | F196: ='Бланк заказа с НДС'!I191 -> 4650017903953 | G196: ='Бланк заказа с НДС'!K191 -> 906-722 | H196: ='Бланк заказа с НДС'!L191 -> 906-722 Цилиндр заднего тормоза правый Renault 22мм 441003419R | I196: ='Бланк заказа с НДС'!N191/1.22 -> 390 | J196: ='Бланк заказа с НДС'!N191 -> 475.8 | K196: =J196*1.1 -> 523.38 | L196: =K196*1.1 -> 575.718 | M196: =L196*1.35 -> 777.2193
A197: =_xlfn.AGGREGATE(3,3,$B$11:B197) -> 184 | B197: ='Бланк заказа с НДС'!B192 -> ТЛТ00018671 | C197: ='Бланк заказа с НДС'!F192 -> 906-723 | D197: ='Бланк заказа с НДС'!G192 -> 441008001R | E197: ='Бланк заказа с НДС'!H192 -> и | F197: ='Бланк заказа с НДС'!I192 -> 4650017903960 | G197: ='Бланк заказа с НДС'!K192 -> 906-723 | H197: ='Бланк заказа с НДС'!L192 -> 906-723 Цилиндр заднего тормоза левый Renault 22мм 441008001R | I197: ='Бланк заказа с НДС'!N192/1.22 -> 390 | J197: ='Бланк заказа с НДС'!N192 -> 475.8 | K197: =J197*1.1 -> 523.38 | L197: =K197*1.1 -> 575.718 | M197: =L197*1.35 -> 777.2193
A198: =_xlfn.AGGREGATE(3,3,$B$11:B198) -> 185 | B198: ='Бланк заказа с НДС'!B193 -> ТЛТ00018672 | C198: ='Бланк заказа с НДС'!F193 -> 906-724 | D198: ='Бланк заказа с НДС'!G193 -> 441006176R | E198: ='Бланк заказа с НДС'!H193 -> и | F198: ='Бланк заказа с НДС'!I193 -> 4650017903977 | G198: ='Бланк заказа с НДС'!K193 -> 906-724 | H198: ='Бланк заказа с НДС'!L193 -> 906-724 Цилиндр заднего тормоза правый Renault 19мм 441006176R | I198: ='Бланк заказа с НДС'!N193/1.22 -> 480 | J198: ='Бланк заказа с НДС'!N193 -> 585.6 | K198: =J198*1.1 -> 644.16 | L198: =K198*1.1 -> 708.576 | M198: =L198*1.35 -> 956.5776
A199: =_xlfn.AGGREGATE(3,3,$B$11:B199) -> 186 | B199: ='Бланк заказа с НДС'!B194 -> ТЛТ00018673 | C199: ='Бланк заказа с НДС'!F194 -> 906-725 | D199: ='Бланк заказа с НДС'!G194 -> 441004731R | E199: ='Бланк заказа с НДС'!H194 -> и | F199: ='Бланк заказа с НДС'!I194 -> 4650017903984 | G199: ='Бланк заказа с НДС'!K194 -> 906-725 | H199: ='Бланк заказа с НДС'!L194 -> 906-725 Цилиндр заднего тормоза левый Renault 19мм 441004731R | I199: ='Бланк заказа с НДС'!N194/1.22 -> 480 | J199: ='Бланк заказа с НДС'!N194 -> 585.6 | K199: =J199*1.1 -> 644.16 | L199: =K199*1.1 -> 708.576 | M199: =L199*1.35 -> 956.5776
A200: =_xlfn.AGGREGATE(3,3,$B$11:B200) -> 187 | B200: ='Бланк заказа с НДС'!B195 -> ТЛТ00018674 | C200: ='Бланк заказа с НДС'!F195 -> 906-726 | D200: ='Бланк заказа с НДС'!G195 -> 6001549707 | E200: ='Бланк заказа с НДС'!H195 -> и | F200: ='Бланк заказа с НДС'!I195 -> 4650017903991 | G200: ='Бланк заказа с НДС'!K195 -> 906-726 | H200: ='Бланк заказа с НДС'!L195 -> 906-726 Цилиндр заднего тормоза 19мм 6001549707 | I200: ='Бланк заказа с НДС'!N195/1.22 -> 415.82787 | J200: ='Бланк заказа с НДС'!N195 -> 507.31 | K200: =J200*1.1 -> 558.041 | L200: =K200*1.1 -> 613.8451 | M200: =L200*1.35 -> 828.69089
A201: =_xlfn.AGGREGATE(3,3,$B$11:B201) -> 187 | C201: ='Бланк заказа с НДС'!F196 -> GENERAL MOTORS | D201: ='Бланк заказа с НДС'!G196 -> 0 | E201: ='Бланк заказа с НДС'!H196 -> 0 | F201: ='Бланк заказа с НДС'!I196 -> 0 | G201: ='Бланк заказа с НДС'!K196 -> 0 | H201: ='Бланк заказа с НДС'!L196 -> 0 | I201: ='Бланк заказа с НДС'!N196/1.22 -> 0 | J201: ='Бланк заказа с НДС'!N196 -> 0 | K201: =J201*1.1 -> 0 | L201: =K201*1.1 -> 0 | M201: =L201*1.35 -> 0
A202: =_xlfn.AGGREGATE(3,3,$B$11:B202) -> 188 | B202: ='Бланк заказа с НДС'!B197 -> ТЛТ00004628 | C202: ='Бланк заказа с НДС'!F197 -> 906-345 | D202: ='Бланк заказа с НДС'!G197 -> 94788122 | E202: ='Бланк заказа с НДС'!H197 -> и | F202: ='Бланк заказа с НДС'!I197 -> 1802008221055 | G202: ='Бланк заказа с НДС'!K197 -> 906-345 | H202: ='Бланк заказа с НДС'!L197 -> 906-345 Шаровая опора передней подвески Chevrolet Lanos 94788122 | I202: ='Бланк заказа с НДС'!N197/1.22 -> 340 | J202: ='Бланк заказа с НДС'!N197 -> 414.8 | K202: =J202*1.1 -> 456.28 | L202: =K202*1.1 -> 501.908 | M202: =L202*1.35 -> 677.5758
A203: =_xlfn.AGGREGATE(3,3,$B$11:B203) -> 189 | B203: ='Бланк заказа с НДС'!B198 -> ТЛТ00004419 | C203: ='Бланк заказа с НДС'!F198 -> 906-346 | D203: ='Бланк заказа с НДС'!G198 -> 96275019 | E203: ='Бланк заказа с НДС'!H198 -> и | F203: ='Бланк заказа с НДС'!I198 -> 1802008221062 | G203: ='Бланк заказа с НДС'!K198 -> 906-346 | H203: ='Бланк заказа с НДС'!L198 -> 906-346 Рулевой наконечник наружный правый Chevrolet Lanos 96275019 | I203: ='Бланк заказа с НДС'!N198/1.22 -> 303.32787 | J203: ='Бланк заказа с НДС'!N198 -> 370.06 | K203: =J203*1.1 -> 407.066 | L203: =K203*1.1 -> 447.7726 | M203: =L203*1.35 -> 604.49301
A204: =_xlfn.AGGREGATE(3,3,$B$11:B204) -> 190 | B204: ='Бланк заказа с НДС'!B199 -> ТЛТ00004423 | C204: ='Бланк заказа с НДС'!F199 -> 906-347 | D204: ='Бланк заказа с НДС'!G199 -> 96275018 | E204: ='Бланк заказа с НДС'!H199 -> и | F204: ='Бланк заказа с НДС'!I199 -> 1802008221079 | G204: ='Бланк заказа с НДС'!K199 -> 906-347 | H204: ='Бланк заказа с НДС'!L199 -> 906-347 Рулевой наконечник наружный левый Chevrolet Lanos 96275018 | I204: ='Бланк заказа с НДС'!N199/1.22 -> 303.32787 | J204: ='Бланк заказа с НДС'!N199 -> 370.06 | K204: =J204*1.1 -> 407.066 | L204: =K204*1.1 -> 447.7726 | M204: =L204*1.35 -> 604.49301
A205: =_xlfn.AGGREGATE(3,3,$B$11:B205) -> 191 | B205: ='Бланк заказа с НДС'!B200 -> ТЛТ00004446 | C205: ='Бланк заказа с НДС'!F200 -> 906-400 | D205: ='Бланк заказа с НДС'!G200 -> 96403099 | E205: ='Бланк заказа с НДС'!H200 -> и | F205: ='Бланк заказа с НДС'!I200 -> 1902008221939 | G205: ='Бланк заказа с НДС'!K200 -> 906-400 | H205: ='Бланк заказа с НДС'!L200 -> 906-400 Стойка стабилизатора передней подвески левая Chevrolet Lacetti 96403099 | I205: ='Бланк заказа с НДС'!N200/1.22 -> 245 | J205: ='Бланк заказа с НДС'!N200 -> 298.9 | K205: =J205*1.1 -> 328.79 | L205: =K205*1.1 -> 361.669 | M205: =L205*1.35 -> 488.25315
A206: =_xlfn.AGGREGATE(3,3,$B$11:B206) -> 192 | B206: ='Бланк заказа с НДС'!B201 -> ТЛТ00004448 | C206: ='Бланк заказа с НДС'!F201 -> 906-401 | D206: ='Бланк заказа с НДС'!G201 -> 96403100 | E206: ='Бланк заказа с НДС'!H201 -> и | F206: ='Бланк заказа с НДС'!I201 -> 1902008221946 | G206: ='Бланк заказа с НДС'!K201 -> 906-401 | H206: ='Бланк заказа с НДС'!L201 -> 906-401 Стойка стабилизатора передней подвески правая Chevrolet Lacetti 96403100 | I206: ='Бланк заказа с НДС'!N201/1.22 -> 245 | J206: ='Бланк заказа с НДС'!N201 -> 298.9 | K206: =J206*1.1 -> 328.79 | L206: =K206*1.1 -> 361.669 | M206: =L206*1.35 -> 488.25315
A207: =_xlfn.AGGREGATE(3,3,$B$11:B207) -> 193 | B207: ='Бланк заказа с НДС'!B202 -> ТЛТ00004450 | C207: ='Бланк заказа с НДС'!F202 -> 906-402 | D207: ='Бланк заказа с НДС'!G202 -> 96490218 | E207: ='Бланк заказа с НДС'!H202 -> и | F207: ='Бланк заказа с НДС'!I202 -> 1902008221953 | G207: ='Бланк заказа с НДС'!K202 -> 906-402 | H207: ='Бланк заказа с НДС'!L202 -> 906-402 Шаровая опора Chevrolet Lacetti 96490218 | I207: ='Бланк заказа с НДС'!N202/1.22 -> 275 | J207: ='Бланк заказа с НДС'!N202 -> 335.5 | K207: =J207*1.1 -> 369.05 | L207: =K207*1.1 -> 405.955 | M207: =L207*1.35 -> 548.03925
A208: =_xlfn.AGGREGATE(3,3,$B$11:B208) -> 194 | B208: ='Бланк заказа с НДС'!B203 -> ТЛТ00004456 | C208: ='Бланк заказа с НДС'!F203 -> 906-372 | D208: ='Бланк заказа с НДС'!G203 -> 96273760 | E208: ='Бланк заказа с НДС'!H203 -> и | F208: ='Бланк заказа с НДС'!I203 -> 1902008221656 | G208: ='Бланк заказа с НДС'!K203 -> 906-372 | H208: ='Бланк заказа с НДС'!L203 -> 906-372 Шарнир равных угловых скоростей 1,4/1,6/1,8 Chevrolet Lacetti | I208: ='Бланк заказа с НДС'!N203/1.22 -> 1000 | J208: ='Бланк заказа с НДС'!N203 -> 1220 | K208: =J208*1.1 -> 1342 | L208: =K208*1.1 -> 1476.2 | M208: =L208*1.35 -> 1992.87
A209: =_xlfn.AGGREGATE(3,3,$B$11:B209) -> 195 | B209: ='Бланк заказа с НДС'!B204 -> ТЛТ00004458 | C209: ='Бланк заказа с НДС'!F204 -> 906-373 | D209: ='Бланк заказа с НДС'!G204 -> 96391550 | E209: ='Бланк заказа с НДС'!H204 -> и | F209: ='Бланк заказа с НДС'!I204 -> 1902008221663 | G209: ='Бланк заказа с НДС'!K204 -> 906-373 | H209: ='Бланк заказа с НДС'!L204 -> 906-373 Шарнир равных угловых скоростей 1,2/1,4 Chevrolet Aveo 15-1530 | I209: ='Бланк заказа с НДС'!N204/1.22 -> 950 | J209: ='Бланк заказа с НДС'!N204 -> 1159 | K209: =J209*1.1 -> 1274.9 | L209: =K209*1.1 -> 1402.39 | M209: =L209*1.35 -> 1893.2265
A210: =_xlfn.AGGREGATE(3,3,$B$11:B210) -> 196 | B210: ='Бланк заказа с НДС'!B205 -> ТЛТ00004440 | C210: ='Бланк заказа с НДС'!F205 -> 906-397 | D210: ='Бланк заказа с НДС'!G205 -> 96407485 | E210: ='Бланк заказа с НДС'!H205 -> и | F210: ='Бланк заказа с НДС'!I205 -> 1902008221908 | G210: ='Бланк заказа с НДС'!K205 -> 906-397 | H210: ='Бланк заказа с НДС'!L205 -> 906-397 Рулевой наконечник левый Chevrolet Lacetti 96407485 | I210: ='Бланк заказа с НДС'!N205/1.22 -> 344.17213 | J210: ='Бланк заказа с НДС'!N205 -> 419.89 | K210: =J210*1.1 -> 461.879 | L210: =K210*1.1 -> 508.0669 | M210: =L210*1.35 -> 685.89032
A211: =_xlfn.AGGREGATE(3,3,$B$11:B211) -> 197 | B211: ='Бланк заказа с НДС'!B206 -> ТЛТ00004442 | C211: ='Бланк заказа с НДС'!F206 -> 906-398 | D211: ='Бланк заказа с НДС'!G206 -> 96407486 | E211: ='Бланк заказа с НДС'!H206 -> и | F211: ='Бланк заказа с НДС'!I206 -> 1902008221915 | G211: ='Бланк заказа с НДС'!K206 -> 906-398 | H211: ='Бланк заказа с НДС'!L206 -> 906-398 Рулевой наконечник правый Chevrolet Lacetti 96407486 | I211: ='Бланк заказа с НДС'!N206/1.22 -> 344.17213 | J211: ='Бланк заказа с НДС'!N206 -> 419.89 | K211: =J211*1.1 -> 461.879 | L211: =K211*1.1 -> 508.0669 | M211: =L211*1.35 -> 685.89032
A212: =_xlfn.AGGREGATE(3,3,$B$11:B212) -> 198 | B212: ='Бланк заказа с НДС'!B207 -> ТЛТ00004444 | C212: ='Бланк заказа с НДС'!F207 -> 906-399 | D212: ='Бланк заказа с НДС'!G207 -> 96561754 | E212: ='Бланк заказа с НДС'!H207 -> и | F212: ='Бланк заказа с НДС'!I207 -> 1902008221922 | G212: ='Бланк заказа с НДС'!K207 -> 906-399 | H212: ='Бланк заказа с НДС'!L207 -> 906-399 Стойка стабилизатора задней подвески Chevrolet Lacetti 96561754 | I212: ='Бланк заказа с НДС'!N207/1.22 -> 220 | J212: ='Бланк заказа с НДС'!N207 -> 268.4 | K212: =J212*1.1 -> 295.24 | L212: =K212*1.1 -> 324.764 | M212: =L212*1.35 -> 438.4314
A213: =_xlfn.AGGREGATE(3,3,$B$11:B213) -> 199 | B213: ='Бланк заказа с НДС'!B208 -> ТЛТ00010977 | C213: ='Бланк заказа с НДС'!F208 -> 906-567 | D213: ='Бланк заказа с НДС'!G208 -> 13278359 | E213: ='Бланк заказа с НДС'!H208 -> и | F213: ='Бланк заказа с НДС'!I208 -> 4630017734535 | G213: ='Бланк заказа с НДС'!K208 -> 906-567 | H213: ='Бланк заказа с НДС'!L208 -> 906-567 Наконечник рулевой тяги Chevrolet Cruze 13278359 | I213: ='Бланк заказа с НДС'!N208/1.22 -> 330 | J213: ='Бланк заказа с НДС'!N208 -> 402.6 | K213: =J213*1.1 -> 442.86 | L213: =K213*1.1 -> 487.146 | M213: =L213*1.35 -> 657.6471
... A223: =_xlfn.AGGREGATE(3,3,$B$11:B223) -> 209 | B223: ='Бланк заказа с НДС'!B218 -> ТЛТ00012829 | C223: ='Бланк заказа с НДС'!F218 -> 906-610 | D223: ='Бланк заказа с НДС'!G218 -> 93181232 | E223: ='Бланк заказа с НДС'!H218 -> и | F223: ='Бланк заказа с НДС'!I218 -> 4630017785070 | G223: ='Бланк заказа с НДС'!K218 -> 906-610 | H223: ='Бланк заказа с НДС'!L218 -> 906-610 Рулевой наконечник левый Opel Astra H 93181232 | I223: ='Бланк заказа с НДС'!N218/1.22 -> 281.67213 | J223: ='Бланк заказа с НДС'!N218 -> 343.64 | K223: =J223*1.1 -> 378.004 | L223: =K223*1.1 -> 415.8044 | M223: =L223*1.35 -> 561.33594
A224: =_xlfn.AGGREGATE(3,3,$B$11:B224) -> 209 | C224: ='Бланк заказа с НДС'!F219 -> FORD FOCUS 1 | D224: ='Бланк заказа с НДС'!G219 -> 0 | E224: ='Бланк заказа с НДС'!H219 -> 0 | F224: ='Бланк заказа с НДС'!I219 -> 0 | G224: ='Бланк заказа с НДС'!K219 -> 0 | H224: ='Бланк заказа с НДС'!L219 -> 0 | I224: ='Бланк заказа с НДС'!N219/1.22 -> 0 | J224: ='Бланк заказа с НДС'!N219 -> 0 | K224: =J224*1.1 -> 0 | L224: =K224*1.1 -> 0 | M224: =L224*1.35 -> 0
A225: =_xlfn.AGGREGATE(3,3,$B$11:B225) -> 210 | B225: ='Бланк заказа с НДС'!B220 -> ТЛТ00004463 | C225: ='Бланк заказа с НДС'!F220 -> 906-350 | D225: ='Бланк заказа с НДС'!G220 -> 3707333 | E225: ='Бланк заказа с НДС'!H220 -> и | F225: ='Бланк заказа с НДС'!I220 -> 1802008221109 | G225: ='Бланк заказа с НДС'!K220 -> 906-350 | H225: ='Бланк заказа с НДС'!L220 -> 906-350 Внутренний рулевой наконечник Ford Focus I 3707333 | I225: ='Бланк заказа с НДС'!N220/1.22 -> 226.67213 | J225: ='Бланк заказа с НДС'!N220 -> 276.54 | K225: =J225*1.1 -> 304.194 | L225: =K225*1.1 -> 334.6134 | M225: =L225*1.35 -> 451.72809
A226: =_xlfn.AGGREGATE(3,3,$B$11:B226) -> 210 | C226: ='Бланк заказа с НДС'!F221 -> FORD FOCUS II, III | D226: ='Бланк заказа с НДС'!G221 -> 0 | E226: ='Бланк заказа с НДС'!H221 -> 0 | F226: ='Бланк заказа с НДС'!I221 -> 0 | G226: ='Бланк заказа с НДС'!K221 -> 0 | H226: ='Бланк заказа с НДС'!L221 -> 0 | I226: ='Бланк заказа с НДС'!N221/1.22 -> 0 | J226: ='Бланк заказа с НДС'!N221 -> 0 | K226: =J226*1.1 -> 0 | L226: =K226*1.1 -> 0 | M226: =L226*1.35 -> 0
A227: =_xlfn.AGGREGATE(3,3,$B$11:B227) -> 211 | B227: ='Бланк заказа с НДС'!B222 -> ТЛТ00004518 | C227: ='Бланк заказа с НДС'!F222 -> 906-376 | D227: ='Бланк заказа с НДС'!G222 -> 1302515 | E227: ='Бланк заказа с НДС'!H222 -> и | F227: ='Бланк заказа с НДС'!I222 -> 1902008221694 | G227: ='Бланк заказа с НДС'!K222 -> 906-376 | H227: ='Бланк заказа с НДС'!L222 -> 906-376 Шарнир равных угловых скоростей наружный Ford Focus II 15-1510 | I227: ='Бланк заказа с НДС'!N222/1.22 -> 830 | J227: ='Бланк заказа с НДС'!N222 -> 1012.6 | K227: =J227*1.1 -> 1113.86 | L227: =K227*1.1 -> 1225.246 | M227: =L227*1.35 -> 1654.0821
A228: =_xlfn.AGGREGATE(3,3,$B$11:B228) -> 212 | B228: ='Бланк заказа с НДС'!B223 -> ТЛТ00004508 | C228: ='Бланк заказа с НДС'!F223 -> 906-392 | D228: ='Бланк заказа с НДС'!G223 -> 1404785 | E228: ='Бланк заказа с НДС'!H223 -> и | F228: ='Бланк заказа с НДС'!I223 -> 1902008221854 | G228: ='Бланк заказа с НДС'!K223 -> 906-392 | H228: ='Бланк заказа с НДС'!L223 -> 906-392 Рулевой наконечник левый Ford Focus II 1404785 | I228: ='Бланк заказа с НДС'!N223/1.22 -> 320 | J228: ='Бланк заказа с НДС'!N223 -> 390.4 | K228: =J228*1.1 -> 429.44 | L228: =K228*1.1 -> 472.384 | M228: =L228*1.35 -> 637.7184
A229: =_xlfn.AGGREGATE(3,3,$B$11:B229) -> 213 | B229: ='Бланк заказа с НДС'!B224 -> ТЛТ00004510 | C229: ='Бланк заказа с НДС'!F224 -> 906-393 | D229: ='Бланк заказа с НДС'!G224 -> 1388549 | E229: ='Бланк заказа с НДС'!H224 -> и | F229: ='Бланк заказа с НДС'!I224 -> 1902008221861 | G229: ='Бланк заказа с НДС'!K224 -> 906-393 | H229: ='Бланк заказа с НДС'!L224 -> 906-393 Рулевой наконечник правый Ford Focus II 1388549 | I229: ='Бланк заказа с НДС'!N224/1.22 -> 320 | J229: ='Бланк заказа с НДС'!N224 -> 390.4 | K229: =J229*1.1 -> 429.44 | L229: =K229*1.1 -> 472.384 | M229: =L229*1.35 -> 637.7184
A230: =_xlfn.AGGREGATE(3,3,$B$11:B230) -> 214 | B230: ='Бланк заказа с НДС'!B225 -> ТЛТ00004512 | C230: ='Бланк заказа с НДС'!F225 -> 906-394 | D230: ='Бланк заказа с НДС'!G225 -> 1234382 | E230: ='Бланк заказа с НДС'!H225 -> и | F230: ='Бланк заказа с НДС'!I225 -> 1902008221878 | G230: ='Бланк заказа с НДС'!K225 -> 906-394 | H230: ='Бланк заказа с НДС'!L225 -> 906-394 Шаровая опора Ford Focus II 1234382 | I230: ='Бланк заказа с НДС'!N225/1.22 -> 300 | J230: ='Бланк заказа с НДС'!N225 -> 366 | K230: =J230*1.1 -> 402.6 | L230: =K230*1.1 -> 442.86 | M230: =L230*1.35 -> 597.861
A231: =_xlfn.AGGREGATE(3,3,$B$11:B231) -> 215 | B231: ='Бланк заказа с НДС'!B226 -> ТЛТ00004514 | C231: ='Бланк заказа с НДС'!F226 -> 906-395 | D231: ='Бланк заказа с НДС'!G226 -> 1223792 | E231: ='Бланк заказа с НДС'!H226 -> и | F231: ='Бланк заказа с НДС'!I226 -> 1902008221885 | G231: ='Бланк заказа с НДС'!K226 -> 906-395 | H231: ='Бланк заказа с НДС'!L226 -> 906-395 Стойка стабилизатора передней подвески Ford Focus II 1223792 | I231: ='Бланк заказа с НДС'!N226/1.22 -> 305 | J231: ='Бланк заказа с НДС'!N226 -> 372.1 | K231: =J231*1.1 -> 409.31 | L231: =K231*1.1 -> 450.241 | M231: =L231*1.35 -> 607.82535
A232: =_xlfn.AGGREGATE(3,3,$B$11:B232) -> 216 | B232: ='Бланк заказа с НДС'!B227 -> ТЛТ00004516 | C232: ='Бланк заказа с НДС'!F227 -> 906-396 | D232: ='Бланк заказа с НДС'!G227 -> 1310333 | E232: ='Бланк заказа с НДС'!H227 -> и | F232: ='Бланк заказа с НДС'!I227 -> 1902008221892 | G232: ='Бланк заказа с НДС'!K227 -> 906-396 | H232: ='Бланк заказа с НДС'!L227 -> 906-396 Стойка стабилизатора задней подвески Ford Focus II 1310333 | I232: ='Бланк заказа с НДС'!N227/1.22 -> 240 | J232: ='Бланк заказа с НДС'!N227 -> 292.8 | K232: =J232*1.1 -> 322.08 | L232: =K232*1.1 -> 354.288 | M232: =L232*1.35 -> 478.2888
A233: =_xlfn.AGGREGATE(3,3,$B$11:B233) -> 217 | B233: ='Бланк заказа с НДС'!B228 -> ТЛТ00010999 | C233: ='Бланк заказа с НДС'!F228 -> 906-578 | D233: ='Бланк заказа с НДС'!G228 -> 1470387 | E233: ='Бланк заказа с НДС'!H228 -> и | F233: ='Бланк заказа с НДС'!I228 -> 4630017734474 | G233: ='Бланк заказа с НДС'!K228 -> 906-578 | H233: ='Бланк заказа с НДС'!L228 -> 906-578 Шаровая опора Ford Focus II 21 мм 1470387 | I233: ='Бланк заказа с НДС'!N228/1.22 -> 440 | J233: ='Бланк заказа с НДС'!N228 -> 536.8 | K233: =J233*1.1 -> 590.48 | L233: =K233*1.1 -> 649.528 | M233: =L233*1.35 -> 876.8628
A234: =_xlfn.AGGREGATE(3,3,$B$11:B234) -> 218 | B234: ='Бланк заказа с НДС'!B229 -> ТЛТ00012816 | C234: ='Бланк заказа с НДС'!F229 -> 906-597 | D234: ='Бланк заказа с НДС'!G229 -> 1826505 | E234: ='Бланк заказа с НДС'!H229 -> и | F234: ='Бланк заказа с НДС'!I229 -> 4630017785209 | G234: ='Бланк заказа с НДС'!K229 -> 906-597 | H234: ='Бланк заказа с НДС'!L229 -> 906-597 Рулевой наконечник левый Ford Focus 3 1826505 | I234: ='Бланк заказа с НДС'!N229/1.22 -> 370 | J234: ='Бланк заказа с НДС'!N229 -> 451.4 | K234: =J234*1.1 -> 496.54 | L234: =K234*1.1 -> 546.194 | M234: =L234*1.35 -> 737.3619
A235: =_xlfn.AGGREGATE(3,3,$B$11:B235) -> 219 | B235: ='Бланк заказа с НДС'!B230 -> ТЛТ00012817 | C235: ='Бланк заказа с НДС'!F230 -> 906-598 | D235: ='Бланк заказа с НДС'!G230 -> 1826501 | E235: ='Бланк заказа с НДС'!H230 -> и | F235: ='Бланк заказа с НДС'!I230 -> 4630017785193 | G235: ='Бланк заказа с НДС'!K230 -> 906-598 | H235: ='Бланк заказа с НДС'!L230 -> 906-598 Рулевой наконечник правый Ford Focus 3 1826501 | I235: ='Бланк заказа с НДС'!N230/1.22 -> 370 | J235: ='Бланк заказа с НДС'!N230 -> 451.4 | K235: =J235*1.1 -> 496.54 | L235: =K235*1.1 -> 546.194 | M235: =L235*1.35 -> 737.3619
A236: =_xlfn.AGGREGATE(3,3,$B$11:B236) -> 219 | C236: ='Бланк заказа с НДС'!F231 -> RENAULT | D236: ='Бланк заказа с НДС'!G231 -> 0 | E236: ='Бланк заказа с НДС'!H231 -> 0 | F236: ='Бланк заказа с НДС'!I231 -> 0 | G236: ='Бланк заказа с НДС'!K231 -> 0 | H236: ='Бланк заказа с НДС'!L231 -> 0 | I236: ='Бланк заказа с НДС'!N231/1.22 -> 0 | J236: ='Бланк заказа с НДС'!N231 -> 0 | K236: =J236*1.1 -> 0 | L236: =K236*1.1 -> 0 | M236: =L236*1.35 -> 0
A237: =_xlfn.AGGREGATE(3,3,$B$11:B237) -> 220 | B237: ='Бланк заказа с НДС'!B232 -> ТЛТ00004498 | C237: ='Бланк заказа с НДС'!F232 -> 906-355 | D237: ='Бланк заказа с НДС'!G232 -> 6001550441 | E237: ='Бланк заказа с НДС'!H232 -> и | F237: ='Бланк заказа с НДС'!I232 -> 1802008221123 | G237: ='Бланк заказа с НДС'!K232 -> 906-355 | H237: ='Бланк заказа с НДС'!L232 -> 906-355 Внутренний рулевой наконечник Renault Logan 6001550441 | I237: ='Бланк заказа с НДС'!N232/1.22 -> 285 | J237: ='Бланк заказа с НДС'!N232 -> 347.7 | K237: =J237*1.1 -> 382.47 | L237: =K237*1.1 -> 420.717 | M237: =L237*1.35 -> 567.96795
A238: =_xlfn.AGGREGATE(3,3,$B$11:B238) -> 221 | B238: ='Бланк заказа с НДС'!B233 -> ТЛТ00023375 | C238: ='Бланк заказа с НДС'!F233 -> 906-352 | D238: ='Бланк заказа с НДС'!G233 -> 401604793R | E238: ='Бланк заказа с НДС'!H233 -> о | F238: ='Бланк заказа с НДС'!I233 -> 1802008221130 | G238: ='Бланк заказа с НДС'!K233 -> 906-352 | H238: ='Бланк заказа с НДС'!L233 -> 906-352 Шаровая опора передней подвески Renault Logan (ОЕМ 4016 047 93R) | I238: ='Бланк заказа с НДС'!N233/1.22 -> 332.5 | J238: ='Бланк заказа с НДС'!N233 -> 405.65 | K238: =J238*1.1 -> 446.215 | L238: =K238*1.1 -> 490.8365 | M238: =L238*1.35 -> 662.62928
A239: =_xlfn.AGGREGATE(3,3,$B$11:B239) -> 222 | B239: ='Бланк заказа с НДС'!B234 -> ТЛТ00019816 | C239: ='Бланк заказа с НДС'!F234 -> 906-619 | D239: ='Бланк заказа с НДС'!G234 -> 401602523R | E239: ='Бланк заказа с НДС'!H234 -> о | F239: ='Бланк заказа с НДС'!I234 -> 4630017784981 | G239: ='Бланк заказа с НДС'!K234 -> 906-619 | H239: ='Бланк заказа с НДС'!L234 -> 906-619 Шаровая опора Largus, Logan, Xray после 2013г. (ОЕМ 4016 040 02R) | I239: ='Бланк заказа с НДС'!N234/1.22 -> 332.5 | J239: ='Бланк заказа с НДС'!N234 -> 405.65 | K239: =J239*1.1 -> 446.215 | L239: =K239*1.1 -> 490.8365 | M239: =L239*1.35 -> 662.62928
A240: =_xlfn.AGGREGATE(3,3,$B$11:B240) -> 223 | B240: ='Бланк заказа с НДС'!B235 -> ТЛТ00004492 | C240: ='Бланк заказа с НДС'!F235 -> 906-353 | D240: ='Бланк заказа с НДС'!G235 -> 6001547610 | E240: ='Бланк заказа с НДС'!H235 -> и | F240: ='Бланк заказа с НДС'!I235 -> 1802008221154 | G240: ='Бланк заказа с НДС'!K235 -> 906-353 | H240: ='Бланк заказа с НДС'!L235 -> 906-353 Рулевой наконечник наружный левый Renault Logan 6001547610 | I240: ='Бланк заказа с НДС'!N235/1.22 -> 415 | J240: ='Бланк заказа с НДС'!N235 -> 506.3 | K240: =J240*1.1 -> 556.93 | L240: =K240*1.1 -> 612.623 | M240: =L240*1.35 -> 827.04105
A241: =_xlfn.AGGREGATE(3,3,$B$11:B241) -> 224 | B241: ='Бланк заказа с НДС'!B236 -> ТЛТ00004495 | C241: ='Бланк заказа с НДС'!F236 -> 906-354 | D241: ='Бланк заказа с НДС'!G236 -> 6001547611 | E241: ='Бланк заказа с НДС'!H236 -> и | F241: ='Бланк заказа с НДС'!I236 -> 1802008221147 | G241: ='Бланк заказа с НДС'!K236 -> 906-354 | H241: ='Бланк заказа с НДС'!L236 -> 906-354 Рулевой наконечник наружный правый Renault Logan 6001547611 | I241: ='Бланк заказа с НДС'!N236/1.22 -> 415 | J241: ='Бланк заказа с НДС'!N236 -> 506.3 | K241: =J241*1.1 -> 556.93 | L241: =K241*1.1 -> 612.623 | M241: =L241*1.35 -> 827.04105
A242: =_xlfn.AGGREGATE(3,3,$B$11:B242) -> 225 | B242: ='Бланк заказа с НДС'!B237 -> ТЛТ00004501 | C242: ='Бланк заказа с НДС'!F237 -> 906-356 | D242: ='Бланк заказа с НДС'!G237 -> 8200277960 | E242: ='Бланк заказа с НДС'!H237 -> и | F242: ='Бланк заказа с НДС'!I237 -> 1802008221161 | G242: ='Бланк заказа с НДС'!K237 -> 906-356 | H242: ='Бланк заказа с НДС'!L237 -> 906-356 Комплект стойки стабилизатора Renault Logan 6001547138 / 6001547892 | I242: ='Бланк заказа с НДС'!N237/1.22 -> 129.17213 | J242: ='Бланк заказа с НДС'!N237 -> 157.59 | K242: =J242*1.1 -> 173.349 | L242: =K242*1.1 -> 190.6839 | M242: =L242*1.35 -> 257.42327
A243: =_xlfn.AGGREGATE(3,3,$B$11:B243) -> 226 | B243: ='Бланк заказа с НДС'!B238 -> ТЛТ00004549 | C243: ='Бланк заказа с НДС'!F238 -> 906-420 | D243: ='Бланк заказа с НДС'!G238 -> 6001547519 | E243: ='Бланк заказа с НДС'!H238 -> и | F243: ='Бланк заказа с НДС'!I238 -> 1802008221390 | G243: ='Бланк заказа с НДС'!K238 -> 906-420 | H243: ='Бланк заказа с НДС'!L238 -> 906-420 Рычаг передней подвески правый в сборе Renault Logan 6001547519 | I243: ='Бланк заказа с НДС'!N238/1.22 -> 1380 | J243: ='Бланк заказа с НДС'!N238 -> 1683.6 | K243: =J243*1.1 -> 1851.96 | L243: =K243*1.1 -> 2037.156 | M243: =L243*1.35 -> 2750.1606
A244: =_xlfn.AGGREGATE(3,3,$B$11:B244) -> 227 | B244: ='Бланк заказа с НДС'!B239 -> ТЛТ00004552 | C244: ='Бланк заказа с НДС'!F239 -> 906-421 | D244: ='Бланк заказа с НДС'!G239 -> 6001547520 | E244: ='Бланк заказа с НДС'!H239 -> и | F244: ='Бланк заказа с НДС'!I239 -> 1802008221406 | G244: ='Бланк заказа с НДС'!K239 -> 906-421 | H244: ='Бланк заказа с НДС'!L239 -> 906-421 Рычаг передней подвески левый в сборе Renault Logan 6001547520 | I244: ='Бланк заказа с НДС'!N239/1.22 -> 1380 | J244: ='Бланк заказа с НДС'!N239 -> 1683.6 | K244: =J244*1.1 -> 1851.96 | L244: =K244*1.1 -> 2037.156 | M244: =L244*1.35 -> 2750.1606
A245: =_xlfn.AGGREGATE(3,3,$B$11:B245) -> 228 | B245: ='Бланк заказа с НДС'!B240 -> ТЛТ00014381 | C245: ='Бланк заказа с НДС'!F240 -> 906-631 | D245: ='Бланк заказа с НДС'!G240 -> 545004529R | E245: ='Бланк заказа с НДС'!H240 -> и | F245: ='Бланк заказа с НДС'!I240 -> 4630017890088 | G245: ='Бланк заказа с НДС'!K240 -> 906-631 | H245: ='Бланк заказа с НДС'!L240 -> 906-631 Рычаг подвески в сборе правый Lada Largus 2013 545004529R | I245: ='Бланк заказа с НДС'!N240/1.22 -> 1380 | J245: ='Бланк заказа с НДС'!N240 -> 1683.6 | K245: =J245*1.1 -> 1851.96 | L245: =K245*1.1 -> 2037.156 | M245: =L245*1.35 -> 2750.1606
A246: =_xlfn.AGGREGATE(3,3,$B$11:B246) -> 229 | B246: ='Бланк заказа с НДС'!B241 -> ТЛТ00014380 | C246: ='Бланк заказа с НДС'!F241 -> 906-630 | D246: ='Бланк заказа с НДС'!G241 -> 545011727R | E246: ='Бланк заказа с НДС'!H241 -> и | F246: ='Бланк заказа с НДС'!I241 -> 4630017890071 | G246: ='Бланк заказа с НДС'!K241 -> 906-630 | H246: ='Бланк заказа с НДС'!L241 -> 906-630 Рычаг подвески в сборе левый Lada Largus 2013 545011727R | I246: ='Бланк заказа с НДС'!N241/1.22 -> 1380 | J246: ='Бланк заказа с НДС'!N241 -> 1683.6 | K246: =J246*1.1 -> 1851.96 | L246: =K246*1.1 -> 2037.156 | M246: =L246*1.35 -> 2750.1606
A247: =_xlfn.AGGREGATE(3,3,$B$11:B247) -> 230 | B247: ='Бланк заказа с НДС'!B242 -> ТЛТ00010981 | C247: ='Бланк заказа с НДС'!F242 -> 906-569 | D247: ='Бланк заказа с НДС'!G242 -> 551103022R | E247: ='Бланк заказа с НДС'!H242 -> и | F247: ='Бланк заказа с НДС'!I242 -> 4630017734559 | G247: ='Бланк заказа с НДС'!K242 -> 906-569 | H247: ='Бланк заказа с НДС'!L242 -> 906-569 Стойка переднего, заднего стабилизатора Renault Duster 551103022R | I247: ='Бланк заказа с НДС'!N242/1.22 -> 300 | J247: ='Бланк заказа с НДС'!N242 -> 366 | K247: =J247*1.1 -> 402.6 | L247: =K247*1.1 -> 442.86 | M247: =L247*1.35 -> 597.861
A248: =_xlfn.AGGREGATE(3,3,$B$11:B248) -> 231 | B248: ='Бланк заказа с НДС'!B243 -> ТЛТ00012813 | C248: ='Бланк заказа с НДС'!F243 -> 906-594 | D248: ='Бланк заказа с НДС'!G243 -> 401602308R | E248: ='Бланк заказа с НДС'!H243 -> и | F248: ='Бланк заказа с НДС'!I243 -> 4630017785230 | G248: ='Бланк заказа с НДС'!K243 -> 906-594 | H248: ='Бланк заказа с НДС'!L243 -> 906-594 Шаровая опора Renault Duster, Kaptur 401602308R | I248: ='Бланк заказа с НДС'!N243/1.22 -> 415 | J248: ='Бланк заказа с НДС'!N243 -> 506.3 | K248: =J248*1.1 -> 556.93 | L248: =K248*1.1 -> 612.623 | M248: =L248*1.35 -> 827.04105
... A254: =_xlfn.AGGREGATE(3,3,$B$11:B254) -> 237 | B254: ='Бланк заказа с НДС'!B249 -> ТЛТ00012827 | C254: ='Бланк заказа с НДС'!F249 -> 906-608 | D254: ='Бланк заказа с НДС'!G249 -> 6040002245 | E254: ='Бланк заказа с НДС'!H249 -> и | F254: ='Бланк заказа с НДС'!I249 -> 4630017927005 | G254: ='Бланк заказа с НДС'!K249 -> 906-608 | H254: ='Бланк заказа с НДС'!L249 -> 906-608 Сайлентблок Largus, Logan до 2013г. 6040002245 | I254: ='Бланк заказа с НДС'!N249/1.22 -> 186.67213 | J254: ='Бланк заказа с НДС'!N249 -> 227.74 | K254: =J254*1.1 -> 250.514 | L254: =K254*1.1 -> 275.5654 | M254: =L254*1.35 -> 372.01329
A255: =_xlfn.AGGREGATE(3,3,$B$11:B255) -> 237 | C255: ='Бланк заказа с НДС'!F250 -> Lada Largus | D255: ='Бланк заказа с НДС'!G250 -> 0 | E255: ='Бланк заказа с НДС'!H250 -> 0 | F255: ='Бланк заказа с НДС'!I250 -> 0 | G255: ='Бланк заказа с НДС'!K250 -> 0 | H255: ='Бланк заказа с НДС'!L250 -> 0 | I255: ='Бланк заказа с НДС'!N250/1.22 -> 0 | J255: ='Бланк заказа с НДС'!N250 -> 0 | K255: =J255*1.1 -> 0 | L255: =K255*1.1 -> 0 | M255: =L255*1.35 -> 0
A256: =_xlfn.AGGREGATE(3,3,$B$11:B256) -> 238 | B256: ='Бланк заказа с НДС'!B251 -> ТЛТ00004201 | C256: ='Бланк заказа с НДС'!F251 -> 906-500 | D256: ='Бланк заказа с НДС'!G251 -> 39211AY625 | E256: ='Бланк заказа с НДС'!H251 -> и | F256: ='Бланк заказа с НДС'!I251 -> 4680287517109 | G256: ='Бланк заказа с НДС'!K251 -> 906-500 | H256: ='Бланк заказа с НДС'!L251 -> 906-500 Шарнир равных угловых скоростей Lada Largus 39211AY625 | I256: ='Бланк заказа с НДС'!N251/1.22 -> 1116.6721 | J256: ='Бланк заказа с НДС'!N251 -> 1362.34 | K256: =J256*1.1 -> 1498.574 | L256: =K256*1.1 -> 1648.4314 | M256: =L256*1.35 -> 2225.3824
A257: =_xlfn.AGGREGATE(3,3,$B$11:B257) -> 239 | B257: ='Бланк заказа с НДС'!B252 -> ТЛТ00008566 | C257: ='Бланк заказа с НДС'!F252 -> 906-509 | D257: ='Бланк заказа с НДС'!G252 -> 0 | E257: ='Бланк заказа с НДС'!H252 -> и | F257: ='Бланк заказа с НДС'!I252 -> 4680287577905 | G257: ='Бланк заказа с НДС'!K252 -> 906-509 | H257: ='Бланк заказа с НДС'!L252 -> 906-509 Шарнир равных угловых скоростей внутренний Lada Largus 1,6 JR5 | I257: ='Бланк заказа с НДС'!N252/1.22 -> 1350 | J257: ='Бланк заказа с НДС'!N252 -> 1647 | K257: =J257*1.1 -> 1811.7 | L257: =K257*1.1 -> 1992.87 | M257: =L257*1.35 -> 2690.3745
A258: =_xlfn.AGGREGATE(3,3,$B$11:B258) -> 240 | B258: ='Бланк заказа с НДС'!B253 -> ТЛТ00008567 | C258: ='Бланк заказа с НДС'!F253 -> 906-510 | D258: ='Бланк заказа с НДС'!G253 -> 0 | E258: ='Бланк заказа с НДС'!H253 -> и | F258: ='Бланк заказа с НДС'!I253 -> 4680287577912 | G258: ='Бланк заказа с НДС'!K253 -> 906-510 | H258: ='Бланк заказа с НДС'!L253 -> 906-510 Шарнир равных угловых скоростей внутренний Lada Largus 1,6 JH3 | I258: ='Бланк заказа с НДС'!N253/1.22 -> 1320 | J258: ='Бланк заказа с НДС'!N253 -> 1610.4 | K258: =J258*1.1 -> 1771.44 | L258: =K258*1.1 -> 1948.584 | M258: =L258*1.35 -> 2630.5884
A259: =_xlfn.AGGREGATE(3,3,$B$11:B259) -> 240 | C259: ='Бланк заказа с НДС'!F254 -> VW Polo, Skoda Rapid | D259: ='Бланк заказа с НДС'!G254 -> 0 | E259: ='Бланк заказа с НДС'!H254 -> 0 | F259: ='Бланк заказа с НДС'!I254 -> 0 | G259: ='Бланк заказа с НДС'!K254 -> 0 | H259: ='Бланк заказа с НДС'!L254 -> 0 | I259: ='Бланк заказа с НДС'!N254/1.22 -> 0 | J259: ='Бланк заказа с НДС'!N254 -> 0 | K259: =J259*1.1 -> 0 | L259: =K259*1.1 -> 0 | M259: =L259*1.35 -> 0
A260: =_xlfn.AGGREGATE(3,3,$B$11:B260) -> 241 | B260: ='Бланк заказа с НДС'!B255 -> ТЛТ00004404 | C260: ='Бланк заказа с НДС'!F255 -> 906-482 | D260: ='Бланк заказа с НДС'!G255 -> 6Q0423811 | E260: ='Бланк заказа с НДС'!H255 -> и | F260: ='Бланк заказа с НДС'!I255 -> 1802008221802 | G260: ='Бланк заказа с НДС'!K255 -> 906-482 | H260: ='Бланк заказа с НДС'!L255 -> 906-482 Рулевой наконечник наружный левый Volkswagen Polo 6Q0423811 | I260: ='Бланк заказа с НДС'!N255/1.22 -> 300 | J260: ='Бланк заказа с НДС'!N255 -> 366 | K260: =J260*1.1 -> 402.6 | L260: =K260*1.1 -> 442.86 | M260: =L260*1.35 -> 597.861
A261: =_xlfn.AGGREGATE(3,3,$B$11:B261) -> 242 | B261: ='Бланк заказа с НДС'!B256 -> ТЛТ00004402 | C261: ='Бланк заказа с НДС'!F256 -> 906-481 | D261: ='Бланк заказа с НДС'!G256 -> 6Q0423812 | E261: ='Бланк заказа с НДС'!H256 -> и | F261: ='Бланк заказа с НДС'!I256 -> 1802008221796 | G261: ='Бланк заказа с НДС'!K256 -> 906-481 | H261: ='Бланк заказа с НДС'!L256 -> 906-481 Рулевой наконечник наружный правый Volkswagen Polo 6Q0423812 | I261: ='Бланк заказа с НДС'!N256/1.22 -> 300 | J261: ='Бланк заказа с НДС'!N256 -> 366 | K261: =J261*1.1 -> 402.6 | L261: =K261*1.1 -> 442.86 | M261: =L261*1.35 -> 597.861
A262: =_xlfn.AGGREGATE(3,3,$B$11:B262) -> 243 | B262: ='Бланк заказа с НДС'!B257 -> ТЛТ00004393 | C262: ='Бланк заказа с НДС'!F257 -> 906-479 | D262: ='Бланк заказа с НДС'!G257 -> 6Q0411315F | E262: ='Бланк заказа с НДС'!H257 -> и | F262: ='Бланк заказа с НДС'!I257 -> 1802008221987 | G262: ='Бланк заказа с НДС'!K257 -> 906-479 | H262: ='Бланк заказа с НДС'!L257 -> 906-479 Стойка стабилизатора Volkswagen Polo 6Q0411315F | I262: ='Бланк заказа с НДС'!N257/1.22 -> 290 | J262: ='Бланк заказа с НДС'!N257 -> 353.8 | K262: =J262*1.1 -> 389.18 | L262: =K262*1.1 -> 428.098 | M262: =L262*1.35 -> 577.9323
A263: =_xlfn.AGGREGATE(3,3,$B$11:B263) -> 244 | B263: ='Бланк заказа с НДС'!B258 -> ТЛТ00004408 | C263: ='Бланк заказа с НДС'!F258 -> 906-476 | D263: ='Бланк заказа с НДС'!G258 -> 6R0407365 | E263: ='Бланк заказа с НДС'!H258 -> и | F263: ='Бланк заказа с НДС'!I258 -> 1802008221949 | G263: ='Бланк заказа с НДС'!K258 -> 906-476 | H263: ='Бланк заказа с НДС'!L258 -> 906-476 Шаровая опора левая Volkswagen Polo 6R0407365 | I263: ='Бланк заказа с НДС'!N258/1.22 -> 345 | J263: ='Бланк заказа с НДС'!N258 -> 420.9 | K263: =J263*1.1 -> 462.99 | L263: =K263*1.1 -> 509.289 | M263: =L263*1.35 -> 687.54015
A264: =_xlfn.AGGREGATE(3,3,$B$11:B264) -> 245 | B264: ='Бланк заказа с НДС'!B259 -> ТЛТ00004410 | C264: ='Бланк заказа с НДС'!F259 -> 906-477 | D264: ='Бланк заказа с НДС'!G259 -> 6R0407366 | E264: ='Бланк заказа с НДС'!H259 -> и | F264: ='Бланк заказа с НДС'!I259 -> 1802008221956 | G264: ='Бланк заказа с НДС'!K259 -> 906-477 | H264: ='Бланк заказа с НДС'!L259 -> 906-477 Шаровая опора правая Volkswagen Polo 6R0407366 | I264: ='Бланк заказа с НДС'!N259/1.22 -> 345 | J264: ='Бланк заказа с НДС'!N259 -> 420.9 | K264: =J264*1.1 -> 462.99 | L264: =K264*1.1 -> 509.289 | M264: =L264*1.35 -> 687.54015
...

Sheet Прайс осн
A1: ТОРГОВЫЙ ДОМ "АВТОКОМПОНЕНТЫ"
C7: Действует | G7: ='Бланк заказа с НДС'!N4 -> Цена с 01.07.2026
A8: 1 | B8: 2 | C8: 2 | D8: 4 | E8: 5 | F8: 6 | G8: 3 | H8: 4 | I8: 5 | J8: 6 | K8: 7 | L8: 8 | M8: 9
A9: № | B9: КОД | C9: Шифр БЗАК (старый) | D9: ОЕМ номер | F9: штрихкод | G9: Шифр БЗАК | H9: Наименование | I9: Дистриб. Цена без НДС | J9: Дистриб. Цена с НДС | K9: Цена входа в опт Цена с НДС | L9: Цена входа в точку Цена с НДС | M9: Цена на полке Цена с НДС
A11: =_xlfn.AGGREGATE(3,3,$B$11:B11) -> 1 | B11: ='Бланк заказа с НДС'!B6 -> ТЛТ00003768 | C11: ='Бланк заказа с НДС'!F6 -> 2101-2904082 | D11: ='Бланк заказа с НДС'!G6 -> 21012904082 | E11: ='Бланк заказа с НДС'!H6 -> о | F11: ='Бланк заказа с НДС'!I6 -> 4612728050012 | G11: ='Бланк заказа с НДС'!K6 -> 906-518 | H11: ='Бланк заказа с НДС'!L6 -> 2101-2904082 Палец шаровой передней подвески нижний с чехлом защитным | I11: ='Бланк заказа с НДС'!N6/1.22 -> 357.5 | J11: ='Бланк заказа с НДС'!N6 -> 436.15 | K11: =J11*1.1 -> 479.765 | L11: =K11*1.1 -> 527.7415 | M11: =L11*1.35 -> 712.45102
A12: =_xlfn.AGGREGATE(3,3,$B$11:B12) -> 2 | B12: ='Бланк заказа с НДС'!B7 -> ТЛТ00003785 | C12: ='Бланк заказа с НДС'!F7 -> 2101-2904082 с кр | D12: ='Бланк заказа с НДС'!G7 -> 21012904082 | E12: ='Бланк заказа с НДС'!H7 -> о | F12: ='Бланк заказа с НДС'!I7 -> 4612728050029 | G12: ='Бланк заказа с НДС'!K7 -> 906-518-01 | H12: ='Бланк заказа с НДС'!L7 -> 2101-2904082 Палец шаровой передней подвески нижний с чехлом защитным с крепежом | I12: ='Бланк заказа с НДС'!N7/1.22 -> 413.32787 | J12: ='Бланк заказа с НДС'!N7 -> 504.26 | K12: =J12*1.1 -> 554.686 | L12: =K12*1.1 -> 610.1546 | M12: =L12*1.35 -> 823.70871
A13: =_xlfn.AGGREGATE(3,3,$B$11:B13) -> 3 | B13: ='Бланк заказа с НДС'!B8 -> ТЛТ00003794 | C13: ='Бланк заказа с НДС'!F8 -> 2101-2904192-03 | D13: ='Бланк заказа с НДС'!G8 -> 21012904192-03 | E13: ='Бланк заказа с НДС'!H8 -> о | F13: ='Бланк заказа с НДС'!I8 -> 4612728050036 | G13: ='Бланк заказа с НДС'!K8 -> 906-519 | H13: ='Бланк заказа с НДС'!L8 -> БА01-2904192-03 Палец шаровой передней подвески верхний с чехлом защитным | I13: ='Бланк заказа с НДС'!N8/1.22 -> 320 | J13: ='Бланк заказа с НДС'!N8 -> 390.4 | K13: =J13*1.1 -> 429.44 | L13: =K13*1.1 -> 472.384 | M13: =L13*1.35 -> 637.7184
A14: =_xlfn.AGGREGATE(3,3,$B$11:B14) -> 4 | B14: ='Бланк заказа с НДС'!B9 -> ТЛТ00003795 | C14: ='Бланк заказа с НДС'!F9 -> 2101-2904192-03 с кр | D14: ='Бланк заказа с НДС'!G9 -> 21012904192-03 | E14: ='Бланк заказа с НДС'!H9 -> о | F14: ='Бланк заказа с НДС'!I9 -> 4612728050043 | G14: ='Бланк заказа с НДС'!K9 -> 906-519-01 | H14: ='Бланк заказа с НДС'!L9 -> БА01-2904192-03 Палец шаровой передней подвески верхний с чехлом защитным с крепежом | I14: ='Бланк заказа с НДС'!N9/1.22 -> 370 | J14: ='Бланк заказа с НДС'!N9 -> 451.4 | K14: =J14*1.1 -> 496.54 | L14: =K14*1.1 -> 546.194 | M14: =L14*1.35 -> 737.3619
A15: =_xlfn.AGGREGATE(3,3,$B$11:B15) -> 5 | B15: ='Бланк заказа с НДС'!B10 -> ТЛТ00003804 | C15: ='Бланк заказа с НДС'!F10 -> 2108-2904192-01 | D15: ='Бланк заказа с НДС'!G10 -> 21082904192-01 | E15: ='Бланк заказа с НДС'!H10 -> о | F15: ='Бланк заказа с НДС'!I10 -> 4612728050050 | G15: ='Бланк заказа с НДС'!K10 -> 906-524 | H15: ='Бланк заказа с НДС'!L10 -> БА08-2904192-01 Палец шаровой передней подвески с чехлом защитным ВАЗ 2108-2109 | I15: ='Бланк заказа с НДС'!N10/1.22 -> 275 | J15: ='Бланк заказа с НДС'!N10 -> 335.5 | K15: =J15*1.1 -> 369.05 | L15: =K15*1.1 -> 405.955 | M15: =L15*1.35 -> 548.03925
A16: =_xlfn.AGGREGATE(3,3,$B$11:B16) -> 6 | B16: ='Бланк заказа с НДС'!B11 -> ТЛТ00003806 | C16: ='Бланк заказа с НДС'!F11 -> 2108-2904192-01 с кр | D16: ='Бланк заказа с НДС'!G11 -> 21082904192-01 | E16: ='Бланк заказа с НДС'!H11 -> о | F16: ='Бланк заказа с НДС'!I11 -> 4612728050067 | G16: ='Бланк заказа с НДС'!K11 -> 906-524-01 | H16: ='Бланк заказа с НДС'!L11 -> БА08-2904192-01 Палец шаровой передней подвески с чехлом защитным с крепежом ВАЗ 2108-2109 | I16: ='Бланк заказа с НДС'!N11/1.22 -> 301.67213 | J16: ='Бланк заказа с НДС'!N11 -> 368.04 | K16: =J16*1.1 -> 404.844 | L16: =K16*1.1 -> 445.3284 | M16: =L16*1.35 -> 601.19334
A17: =_xlfn.AGGREGATE(3,3,$B$11:B17) -> 7 | B17: ='Бланк заказа с НДС'!B12 -> ТЛТ00003754 | C17: ='Бланк заказа с НДС'!F12 -> 2110-2904192 | D17: ='Бланк заказа с НДС'!G12 -> 21102904192 | E17: ='Бланк заказа с НДС'!H12 -> о | F17: ='Бланк заказа с НДС'!I12 -> 4612728050234 | G17: ='Бланк заказа с НДС'!K12 -> 906-525 | H17: ='Бланк заказа с НДС'!L12 -> БА10-2904192 Палец шаровой передней подвески с чехлом защитным ВАЗ 2110-2112 | I17: ='Бланк заказа с НДС'!N12/1.22 -> 346.67213 | J17: ='Бланк заказа с НДС'!N12 -> 422.94 | K17: =J17*1.1 -> 465.234 | L17: =K17*1.1 -> 511.7574 | M17: =L17*1.35 -> 690.87249
A18: =_xlfn.AGGREGATE(3,3,$B$11:B18) -> 8 | B18: ='Бланк заказа с НДС'!B13 -> ТЛТ00003755 | C18: ='Бланк заказа с НДС'!F13 -> 2110-2904192 с кр | D18: ='Бланк заказа с НДС'!G13 -> 21102904192 | E18: ='Бланк заказа с НДС'!H13 -> о | F18: ='Бланк заказа с НДС'!I13 -> 4612728050241 | G18: ='Бланк заказа с НДС'!K13 -> 906-525-01 | H18: ='Бланк заказа с НДС'!L13 -> БА10-2904192 Палец шаровой передней подвески с чехлом защитным с крепежом ВАЗ 2110-2112 | I18: ='Бланк заказа с НДС'!N13/1.22 -> 371.67213 | J18: ='Бланк заказа с НДС'!N13 -> 453.44 | K18: =J18*1.1 -> 498.784 | L18: =K18*1.1 -> 548.6624 | M18: =L18*1.35 -> 740.69424
A19: =_xlfn.AGGREGATE(3,3,$B$11:B19) -> 9 | B19: ='Бланк заказа с НДС'!B14 -> ТЛТ00003763 | C19: ='Бланк заказа с НДС'!F14 -> 1118-2904192-01 | D19: ='Бланк заказа с НДС'!G14 -> 11182904192-01 | E19: ='Бланк заказа с НДС'!H14 -> о | F19: ='Бланк заказа с НДС'!I14 -> 1902008221984 | G19: ='Бланк заказа с НДС'!K14 -> 906-526 | H19: ='Бланк заказа с НДС'!L14 -> БА18-2904192-01 Палец шаровой передней подвески с чехлом защитным ВАЗ 1118, 2190 | I19: ='Бланк заказа с НДС'!N14/1.22 -> 362.5 | J19: ='Бланк заказа с НДС'!N14 -> 442.25 | K19: =J19*1.1 -> 486.475 | L19: =K19*1.1 -> 535.1225 | M19: =L19*1.35 -> 722.41538
A20: =_xlfn.AGGREGATE(3,3,$B$11:B20) -> 10 | B20: ='Бланк заказа с НДС'!B15 -> ТЛТ00003764 | C20: ='Бланк заказа с НДС'!F15 -> 1118-2904192-01 с кр | D20: ='Бланк заказа с НДС'!G15 -> 11182904192-01 | E20: ='Бланк заказа с НДС'!H15 -> о | F20: ='Бланк заказа с НДС'!I15 -> 1802008221239 | G20: ='Бланк заказа с НДС'!K15 -> 906-526-01 | H20: ='Бланк заказа с НДС'!L15 -> БА18-2904192-01 Палец шаровой передней подвески с чехлом защитным с крепежом ВАЗ 1118, 2190 | I20: ='Бланк заказа с НДС'!N15/1.22 -> 407.5 | J20: ='Бланк заказа с НДС'!N15 -> 497.15 | K20: =J20*1.1 -> 546.865 | L20: =K20*1.1 -> 601.5515 | M20: =L20*1.35 -> 812.09453
A21: =_xlfn.AGGREGATE(3,3,$B$11:B21) -> 11 | B21: ='Бланк заказа с НДС'!B16 -> ТЛТ00003709 | C21: ='Бланк заказа с НДС'!F16 -> 2101-2904082-05 | D21: ='Бланк заказа с НДС'!G16 -> 21012904082-05 | E21: ='Бланк заказа с НДС'!H16 -> о | F21: ='Бланк заказа с НДС'!I16 -> 4612728050098 | G21: ='Бланк заказа с НДС'!K16 -> 906-520 | H21: ='Бланк заказа с НДС'!L16 -> БА01-2904082-05 Палец шаровой передней подвески нижний с чехлом защитным (усиленный) в сборе | I21: ='Бланк заказа с НДС'!N16/1.22 -> 389.17213 | J21: ='Бланк заказа с НДС'!N16 -> 474.79 | K21: =J21*1.1 -> 522.269 | L21: =K21*1.1 -> 574.4959 | M21: =L21*1.35 -> 775.56947
A22: =_xlfn.AGGREGATE(3,3,$B$11:B22) -> 12 | B22: ='Бланк заказа с НДС'!B17 -> ТЛТ00003716 | C22: ='Бланк заказа с НДС'!F17 -> 2101-2904082-05 с кр | D22: ='Бланк заказа с НДС'!G17 -> 21012904082-05 | E22: ='Бланк заказа с НДС'!H17 -> о | F22: ='Бланк заказа с НДС'!I17 -> 4612728050104 | G22: ='Бланк заказа с НДС'!K17 -> 906-520-01 | H22: ='Бланк заказа с НДС'!L17 -> БА01-2904082-05 Палец шаровой передней подвески нижний с чехлом защитным (усиленный) в сборе с крепежом | I22: ='Бланк заказа с НДС'!N17/1.22 -> 431.67213 | J22: ='Бланк заказа с НДС'!N17 -> 526.64 | K22: =J22*1.1 -> 579.304 | L22: =K22*1.1 -> 637.2344 | M22: =L22*1.35 -> 860.26644
... A86: =_xlfn.AGGREGATE(3,3,$B$11:B86) -> 76 | B86: ='Бланк заказа с НДС'!B81 -> ТЛТ00008100 | C86: ='Бланк заказа с НДС'!F81 -> 906-517 | D86: ='Бланк заказа с НДС'!G81 -> 212143001014+212143001015+212143103015+212142904082-01+212142904192-05+212143103020 | E86: ='Бланк заказа с НДС'!H81 -> о | F86: ='Бланк заказа с НДС'!I81 -> 4630017723379 | G86: ='Бланк заказа с НДС'!K81 -> 906-517 | H86: ='Бланк заказа с НДС'!L81 -> 906-517 Ступичный узел с подшипниками ВАЗ 21214М | I86: ='Бланк заказа с НДС'!N81/1.22 -> 13041.672 | J86: ='Бланк заказа с НДС'!N81 -> 15910.84 | K86: =J86*1.1 -> 17501.924 | L86: =K86*1.1 -> 19252.116 | M86: =L86*1.35 -> 25990.357
A87: =_xlfn.AGGREGATE(3,3,$B$11:B87) -> 77 | B87: ='Бланк заказа с НДС'!B101 -> ТЛТ00019895 | C87: ='Бланк заказа с НДС'!F101 -> 906-312 | D87: ='Бланк заказа с НДС'!G101 -> 21083501070 | E87: ='Бланк заказа с НДС'!H101 -> о | F87: ='Бланк заказа с НДС'!I101 -> 1902008221311 | G87: ='Бланк заказа с НДС'!K101 -> 906-312 | H87: ='Бланк заказа с НДС'!L101 -> 906-312 Комплект (2 шт) Дисков переднего тормоза аналог 2108 | I87: ='Бланк заказа с НДС'!N101/1.22 -> 1516.6721 | J87: ='Бланк заказа с НДС'!N101 -> 1850.34 | K87: =J87*1.1 -> 2035.374 | L87: =K87*1.1 -> 2238.9114 | M87: =L87*1.35 -> 3022.5304
A88: =_xlfn.AGGREGATE(3,3,$B$11:B88) -> 78 | B88: ='Бланк заказа с НДС'!B102 -> ТЛТ00019894 | C88: ='Бланк заказа с НДС'!F102 -> 906-313 | D88: ='Бланк заказа с НДС'!G102 -> 21103501070 | E88: ='Бланк заказа с НДС'!H102 -> о | F88: ='Бланк заказа с НДС'!I102 -> 1902008221328 | G88: ='Бланк заказа с НДС'!K102 -> 906-313 | H88: ='Бланк заказа с НДС'!L102 -> 906-313 Комплект (2 шт) Дисков переднего тормоза аналог 2110-3501070 | I88: ='Бланк заказа с НДС'!N102/1.22 -> 1750 | J88: ='Бланк заказа с НДС'!N102 -> 2135 | K88: =J88*1.1 -> 2348.5 | L88: =K88*1.1 -> 2583.35 | M88: =L88*1.35 -> 3487.5225
A89: =_xlfn.AGGREGATE(3,3,$B$11:B89) -> 79 | B89: ='Бланк заказа с НДС'!B103 -> ТЛТ00019916 | C89: ='Бланк заказа с НДС'!F103 -> 906-620 | D89: ='Бланк заказа с НДС'!G103 -> 21123501070 | E89: ='Бланк заказа с НДС'!H103 -> о | F89: ='Бланк заказа с НДС'!I103 -> 4630017784974 | G89: ='Бланк заказа с НДС'!K103 -> 906-620 | H89: ='Бланк заказа с НДС'!L103 -> 906-620 Диск переднего тормоза аналог 2112-3501070 | I89: ='Бланк заказа с НДС'!N103/1.22 -> 895.82787 | J89: ='Бланк заказа с НДС'!N103 -> 1092.91 | K89: =J89*1.1 -> 1202.201 | L89: =K89*1.1 -> 1322.4211 | M89: =L89*1.35 -> 1785.2685
A90: =_xlfn.AGGREGATE(3,3,$B$11:B90) -> 80 | B90: ='Бланк заказа с НДС'!B104 -> ТЛТ00019893 | C90: ='Бланк заказа с НДС'!F104 -> 906-621 | D90: ='Бланк заказа с НДС'!G104 -> 21123501070 | E90: ='Бланк заказа с НДС'!H104 -> о | F90: ='Бланк заказа с НДС'!I104 -> 4630017784967 | G90: ='Бланк заказа с НДС'!K104 -> 906-621 | H90: ='Бланк заказа с НДС'!L104 -> 906-621 Комплект (2 шт.) Дисков переднего тормоза аналог 2112-3501070 | I90: ='Бланк заказа с НДС'!N104/1.22 -> 1791.6721 | J90: ='Бланк заказа с НДС'!N104 -> 2185.84 | K90: =J90*1.1 -> 2404.424 | L90: =K90*1.1 -> 2644.8664 | M90: =L90*1.35 -> 3570.5696
A91: =_xlfn.AGGREGATE(3,3,$B$11:B91) -> 81 | B91: ='Бланк заказа с НДС'!B105 -> ТЛТ00023311 | C91: ='Бланк заказа с НДС'!F105 -> 906-635 | D91: ='Бланк заказа с НДС'!G105 -> 7701207795 | E91: ='Бланк заказа с НДС'!H105 -> о | F91: ='Бланк заказа с НДС'!I105 -> 4630017890026 | G91: ='Бланк заказа с НДС'!K105 -> 906-635 | H91: ='Бланк заказа с НДС'!L105 -> 906-635 Диск переднего тормоза Lada Vesta, X-Ray, Largus (ОЕМ 7701207795) | I91: ='Бланк заказа с НДС'!N105/1.22 -> 1075 | J91: ='Бланк заказа с НДС'!N105 -> 1311.5 | K91: =J91*1.1 -> 1442.65 | L91: =K91*1.1 -> 1586.915 | M91: =L91*1.35 -> 2142.3353
A92: =_xlfn.AGGREGATE(3,3,$B$11:B92) -> 82 | B92: ='Бланк заказа с НДС'!B106 -> ТЛТ00024133 | C92: ='Бланк заказа с НДС'!F106 -> 906-748 | D92: ='Бланк заказа с НДС'!G106 -> 7701207795 | E92: ='Бланк заказа с НДС'!H106 -> о | F92: ='Бланк заказа с НДС'!I106 -> 4658790034697 | G92: ='Бланк заказа с НДС'!K106 -> 906-748 | H92: ='Бланк заказа с НДС'!L106 -> 906-748 Комплект (2 шт) Диск переднего тормоза Lada Vesta, X-Ray, Largus (ОЕМ 7701207795) | I92: ='Бланк заказа с НДС'!N106/1.22 -> 2108.3279 | J92: ='Бланк заказа с НДС'!N106 -> 2572.16 | K92: =J92*1.1 -> 2829.376 | L92: =K92*1.1 -> 3112.3136 | M92: =L92*1.35 -> 4201.6234
A93: =_xlfn.AGGREGATE(3,3,$B$11:B93) -> 83 | B93: ='Бланк заказа с НДС'!B107 -> ТЛТ00025272 | C93: ='Бланк заказа с НДС'!F107 -> 906-752 | D93: ='Бланк заказа с НДС'!G107 -> 209001-3501076-00 | E93: ='Бланк заказа с НДС'!H107 -> о | F93: ='Бланк заказа с НДС'!I107 -> 4658790080700 | G93: ='Бланк заказа с НДС'!K107 -> 906-752 | H93: ='Бланк заказа с НДС'!L107 -> 906-752 Диск тормоза передний (аналог 209001-3501076-00). Применяемость Sollers Atlant | I93: ='Бланк заказа с НДС'!N107/1.22 -> 2682.6639 | J93: ='Бланк заказа с НДС'!N107 -> 3272.85 | K93: =J93*1.1 -> 3600.135 | L93: =K93*1.1 -> 3960.1485 | M93: =L93*1.35 -> 5346.2005
A94: =_xlfn.AGGREGATE(3,3,$B$11:B94) -> 84 | B94: ='Бланк заказа с НДС'!B108 -> ТЛТ00025273 | C94: ='Бланк заказа с НДС'!F108 -> 906-753 | D94: ='Бланк заказа с НДС'!G108 -> 209001-3502076-00 | E94: ='Бланк заказа с НДС'!H108 -> о | F94: ='Бланк заказа с НДС'!I108 -> 4658790080694 | G94: ='Бланк заказа с НДС'!K108 -> 906-753 | H94: ='Бланк заказа с НДС'!L108 -> 906-753 Диск тормоза задний (аналог 209001-3502076-00). Применяемость Sollers Atlant | I94: ='Бланк заказа с НДС'!N108/1.22 -> 3182.5902 | J94: ='Бланк заказа с НДС'!N108 -> 3882.76 | K94: =J94*1.1 -> 4271.036 | L94: =K94*1.1 -> 4698.1396 | M94: =L94*1.35 -> 6342.4885
A95: =_xlfn.AGGREGATE(3,3,$B$11:B95) -> 85 | B95: ='Бланк заказа с НДС'!B109 -> ТЛТ00025274 | C95: ='Бланк заказа с НДС'!F109 -> 906-754 | D95: ='Бланк заказа с НДС'!G109 -> 200001-3501076-00 | E95: ='Бланк заказа с НДС'!H109 -> о | F95: ='Бланк заказа с НДС'!I109 -> 4658790080687 | G95: ='Бланк заказа с НДС'!K109 -> 906-754 | H95: ='Бланк заказа с НДС'!L109 -> 906-754 Диск тормоза передний (аналог 200001-3501076-00). Применяемость Sollers Argo. | I95: ='Бланк заказа с НДС'!N109/1.22 -> 0 | J95: ='Бланк заказа с НДС'!N109 -> 0 | K95: =J95*1.1 -> 0 | L95: =K95*1.1 -> 0 | M95: =L95*1.35 -> 0
A96: =_xlfn.AGGREGATE(3,3,$B$11:B96) -> 86 | B96: ='Бланк заказа с НДС'!B143 -> ТЛТ00019882 | C96: ='Бланк заказа с НДС'!F143 -> 906-611 | D96: ='Бланк заказа с НДС'!G143 -> 8450006750 | E96: ='Бланк заказа с НДС'!H143 -> о | F96: ='Бланк заказа с НДС'!I143 -> 4630017785063 | G96: ='Бланк заказа с НДС'!K143 -> 906-611 | H96: ='Бланк заказа с НДС'!L143 -> 906-611 Стойка стабилизатора Lada Vesta (ОЕМ 2180-2906050) | I96: ='Бланк заказа с НДС'!N143/1.22 -> 350 | J96: ='Бланк заказа с НДС'!N143 -> 427 | K96: =J96*1.1 -> 469.7 | L96: =K96*1.1 -> 516.67 | M96: =L96*1.35 -> 697.5045
A97: =_xlfn.AGGREGATE(3,3,$B$11:B97) -> 86 | C97: ='Бланк заказа с НДС'!F157 -> УАЗ | D97: ='Бланк заказа с НДС'!G157 -> 0 | E97: ='Бланк заказа с НДС'!H157 -> 0 | F97: ='Бланк заказа с НДС'!I157 -> 0 | G97: ='Бланк заказа с НДС'!K157 -> 0 | H97: ='Бланк заказа с НДС'!L157 -> 0 | I97: ='Бланк заказа с НДС'!N157/1.22 -> 0 | J97: ='Бланк заказа с НДС'!N157 -> 0 | K97: =J97*1.1 -> 0 | L97: =K97*1.1 -> 0 | M97: =L97*1.35 -> 0
A98: =_xlfn.AGGREGATE(3,3,$B$11:B98) -> 87 | B98: ='Бланк заказа с НДС'!B158 -> ТЛТ00012949 | C98: ='Бланк заказа с НДС'!F158 -> 906-581 | D98: ='Бланк заказа с НДС'!G158 -> 2360213001013 | E98: ='Бланк заказа с НДС'!H158 -> о | F98: ='Бланк заказа с НДС'!I158 -> 4630017780594 | G98: ='Бланк заказа с НДС'!K158 -> 906-581 | H98: ='Бланк заказа с НДС'!L158 -> 906-581 Шкворень нижний 236021-3001013 | I98: ='Бланк заказа с НДС'!N158/1.22 -> 540 | J98: ='Бланк заказа с НДС'!N158 -> 658.8 | K98: =J98*1.1 -> 724.68 | L98: =K98*1.1 -> 797.148 | M98: =L98*1.35 -> 1076.1498
A99: =_xlfn.AGGREGATE(3,3,$B$11:B99) -> 88 | B99: ='Бланк заказа с НДС'!B159 -> ТЛТ00012947 | C99: ='Бланк заказа с НДС'!F159 -> 906-582 | D99: ='Бланк заказа с НДС'!G159 -> 2360213001014 | E99: ='Бланк заказа с НДС'!H159 -> о | F99: ='Бланк заказа с НДС'!I159 -> 4630017780600 | G99: ='Бланк заказа с НДС'!K159 -> 906-582 | H99: ='Бланк заказа с НДС'!L159 -> 906-582 Шкворень верхний 236021-3001014 | I99: ='Бланк заказа с НДС'!N159/1.22 -> 637.5 | J99: ='Бланк заказа с НДС'!N159 -> 777.75 | K99: =J99*1.1 -> 855.525 | L99: =K99*1.1 -> 941.0775 | M99: =L99*1.35 -> 1270.4546
A100: =_xlfn.AGGREGATE(3,3,$B$11:B100) -> 89 | B100: ='Бланк заказа с НДС'!B160 -> ТЛТ00012952 | C100: ='Бланк заказа с НДС'!F160 -> 906-588 | D100: ='Бланк заказа с НДС'!G160 -> 2360213001013/2360213001014 | E100: ='Бланк заказа с НДС'!H160 -> о | F100: ='Бланк заказа с НДС'!I160 -> 4630017780617 | G100: ='Бланк заказа с НДС'!K160 -> 906-588 | H100: ='Бланк заказа с НДС'!L160 -> 906-588 Комплект шкворней 236021-3001013/14 | I100: ='Бланк заказа с НДС'!N160/1.22 -> 2290.8279 | J100: ='Бланк заказа с НДС'!N160 -> 2794.81 | K100: =J100*1.1 -> 3074.291 | L100: =K100*1.1 -> 3381.7201 | M100: =L100*1.35 -> 4565.3221
A101: =_xlfn.AGGREGATE(3,3,$B$11:B101) -> 90 | B101: ='Бланк заказа с НДС'!B161 -> ТЛТ00024105 | C101: ='Бланк заказа с НДС'!F161 -> 906-738 | D101: ='Бланк заказа с НДС'!G161 -> 316000-3501076-02 | E101: ='Бланк заказа с НДС'!H161 -> о | F101: ='Бланк заказа с НДС'!I161 -> 4658790033652 | G101: ='Бланк заказа с НДС'!K161 -> 906-738 | H101: ='Бланк заказа с НДС'!L161 -> 906-738 Диск переднего тормоза (ОЕМ 316000-3501076-02 ) | I101: ='Бланк заказа с НДС'!N161/1.22 -> 1485.6803 | J101: ='Бланк заказа с НДС'!N161 -> 1812.53 | K101: =J101*1.1 -> 1993.783 | L101: =K101*1.1 -> 2193.1613 | M101: =L101*1.35 -> 2960.7678
A102: =_xlfn.AGGREGATE(3,3,$B$11:B102) -> 91 | B102: ='Бланк заказа с НДС'!B162 -> ТЛТ00024108 | C102: ='Бланк заказа с НДС'!F162 -> 906-739 | D102: ='Бланк заказа с НДС'!G162 -> 236020-3501076-01 | E102: ='Бланк заказа с НДС'!H162 -> о | F102: ='Бланк заказа с НДС'!I162 -> 4658790033669 | G102: ='Бланк заказа с НДС'!K162 -> 906-739 | H102: ='Бланк заказа с НДС'!L162 -> 906-739 Диск переднего тормоза (ОЕМ 236020-3501076-01) | I102: ='Бланк заказа с НДС'!N162/1.22 -> 1489.2541 | J102: ='Бланк заказа с НДС'!N162 -> 1816.89 | K102: =J102*1.1 -> 1998.579 | L102: =K102*1.1 -> 2198.4369 | M102: =L102*1.35 -> 2967.8898
A103: =_xlfn.AGGREGATE(3,3,$B$11:B103) -> 92 | B103: ='Бланк заказа с НДС'!B163 -> ТЛТ00024024 | C103: ='Бланк заказа с НДС'!F163 -> 906-741 | D103: ='Бланк заказа с НДС'!G163 -> 236031310301000 | E103: ='Бланк заказа с НДС'!H163 -> о | F103: ='Бланк заказа с НДС'!I163 -> 4658790080816 | G103: ='Бланк заказа с НДС'!K163 -> 906-741 | H103: ='Бланк заказа с НДС'!L163 -> 906-741 Ступица передней оси с подшипником УАЗ Профи New (ОЕМ 236031-3103010-00) | I103: ='Бланк заказа с НДС'!N163/1.22 -> 6694.1885 | J103: ='Бланк заказа с НДС'!N163 -> 8166.91 | K103: =J103*1.1 -> 8983.601 | L103: =K103*1.1 -> 9881.9611 | M103: =L103*1.35 -> 13340.647
A104: =_xlfn.AGGREGATE(3,3,$B$11:B104) -> 93 | B104: ='Бланк заказа с НДС'!B164 -> ТЛТ00024025 | C104: ='Бланк заказа с НДС'!F164 -> 906-742 | D104: ='Бланк заказа с НДС'!G164 -> 236031310401000 | E104: ='Бланк заказа с НДС'!H164 -> о | F104: ='Бланк заказа с НДС'!I164 -> 4658790080809 | G104: ='Бланк заказа с НДС'!K164 -> 906-742 | H104: ='Бланк заказа с НДС'!L164 -> 906-742 Ступица задней оси с подшипником УАЗ Профи New (ОЕМ 236031-3104010-00) | I104: ='Бланк заказа с НДС'!N164/1.22 -> 10196.336 | J104: ='Бланк заказа с НДС'!N164 -> 12439.53 | K104: =J104*1.1 -> 13683.483 | L104: =K104*1.1 -> 15051.831 | M104: =L104*1.35 -> 20319.972
A105: =_xlfn.AGGREGATE(3,3,$B$11:B105) -> 94 | B105: ='Бланк заказа с НДС'!B165 -> ТЛТ00025209 | C105: ='Бланк заказа с НДС'!F165 -> 906-743 | D105: ='Бланк заказа с НДС'!G165 -> 236031-2902821-01 | E105: ='Бланк заказа с НДС'!H165 -> о | F105: ='Бланк заказа с НДС'!I165 -> 4658790080755 | G105: ='Бланк заказа с НДС'!K165 -> 906-743 | H105: ='Бланк заказа с НДС'!L165 -> 906-743 Опора верхняя амортизатора УАЗ Профи New (аналог 236031-2902821-01) | I105: ='Бланк заказа с НДС'!N165/1.22 -> 864.41803 | J105: ='Бланк заказа с НДС'!N165 -> 1054.59 | K105: =J105*1.1 -> 1160.049 | L105: =K105*1.1 -> 1276.0539 | M105: =L105*1.35 -> 1722.6728
A106: =_xlfn.AGGREGATE(3,3,$B$11:B106) -> 95 | B106: ='Бланк заказа с НДС'!B166 -> ТЛТ00025210 | C106: ='Бланк заказа с НДС'!F166 -> 906-744 | D106: ='Бланк заказа с НДС'!G166 -> 236031-2906020 | E106: ='Бланк заказа с НДС'!H166 -> о | F106: ='Бланк заказа с НДС'!I166 -> 4658790080724 | G106: ='Бланк заказа с НДС'!K166 -> 906-744 | H106: ='Бланк заказа с НДС'!L166 -> 906-744 Стойка стабилизатора передней подвески УАЗ Профи New (аналог 236031-2906020) | I106: ='Бланк заказа с НДС'!N166/1.22 -> 545.95082 | J106: ='Бланк заказа с НДС'!N166 -> 666.06 | K106: =J106*1.1 -> 732.666 | L106: =K106*1.1 -> 805.9326 | M106: =L106*1.35 -> 1088.009
A107: =_xlfn.AGGREGATE(3,3,$B$11:B107) -> 96 | B107: ='Бланк заказа с НДС'!B167 -> ТЛТ00025211 | C107: ='Бланк заказа с НДС'!F167 -> 906-745 | D107: ='Бланк заказа с НДС'!G167 -> 236031-2916020 | E107: ='Бланк заказа с НДС'!H167 -> о | F107: ='Бланк заказа с НДС'!I167 -> 4658790080731 | G107: ='Бланк заказа с НДС'!K167 -> 906-745 | H107: ='Бланк заказа с НДС'!L167 -> 906-745 Стойка стабилизатора задней подвески УАЗ Профи New аналог 236031-2916020 | I107: ='Бланк заказа с НДС'!N167/1.22 -> 581.96721 | J107: ='Бланк заказа с НДС'!N167 -> 710 | K107: =J107*1.1 -> 781 | L107: =K107*1.1 -> 859.1 | M107: =L107*1.35 -> 1159.785
A108: =_xlfn.AGGREGATE(3,3,$B$11:B108) -> 97 | B108: ='Бланк заказа с НДС'!B168 -> ТЛТ00025212 | C108: ='Бланк заказа с НДС'!F168 -> 906-746 | D108: ='Бланк заказа с НДС'!G168 -> 236031-3414056 | E108: ='Бланк заказа с НДС'!H168 -> о | F108: ='Бланк заказа с НДС'!I168 -> 4658790080748 | G108: ='Бланк заказа с НДС'!K168 -> 906-746 | H108: ='Бланк заказа с НДС'!L168 -> 906-746 Наконечник тяги рулевой трапеции в сборе УАЗ Профи New (аналог 236031-3414056) | I108: ='Бланк заказа с НДС'!N168/1.22 -> 530.2377 | J108: ='Бланк заказа с НДС'!N168 -> 646.89 | K108: =J108*1.1 -> 711.579 | L108: =K108*1.1 -> 782.7369 | M108: =L108*1.35 -> 1056.6948
A109: =_xlfn.AGGREGATE(3,3,$B$11:B109) -> 98 | B109: ='Бланк заказа с НДС'!B169 -> ТЛТ00025213 | C109: ='Бланк заказа с НДС'!F169 -> 906-747 | D109: ='Бланк заказа с НДС'!G169 -> 236031-3414235 | E109: ='Бланк заказа с НДС'!H169 -> о | F109: ='Бланк заказа с НДС'!I169 -> 4658790080717 | G109: ='Бланк заказа с НДС'!K169 -> 906-747 | H109: ='Бланк заказа с НДС'!L169 -> 906-747 Шарнир шаровой демпфера рулевого управления УАЗ Профи New (аналог 236031-3414235) | I109: ='Бланк заказа с НДС'!N169/1.22 -> 453.72131 | J109: ='Бланк заказа с НДС'!N169 -> 553.54 | K109: =J109*1.1 -> 608.894 | L109: =K109*1.1 -> 669.7834 | M109: =L109*1.35 -> 904.20759
... A115: =_xlfn.AGGREGATE(3,3,$B$11:B115) -> 104 | B115: ='Бланк заказа с НДС'!B175 -> ТЛТ00003956 | C115: ='Бланк заказа с НДС'!F175 -> БА 63-3414057 УАЗ | D115: ='Бланк заказа с НДС'!G175 -> 4693414057 | E115: ='Бланк заказа с НДС'!H175 -> о | F115: ='Бланк заказа с НДС'!I175 -> 1902008221205 | G115: ='Бланк заказа с НДС'!K175 -> 906-552 | H115: ='Бланк заказа с НДС'!L175 -> БА63-3414057.01 Наконечник рулевой левый с крепежом УАЗ | I115: ='Бланк заказа с НДС'!N175/1.22 -> 431.67213 | J115: ='Бланк заказа с НДС'!N175 -> 526.64 | K115: =J115*1.1 -> 579.304 | L115: =K115*1.1 -> 637.2344 | M115: =L115*1.35 -> 860.26644
A116: =_xlfn.AGGREGATE(3,3,$B$11:B116) -> 104 | C116: ='Бланк заказа с НДС'!F177 -> ГАЗ | D116: ='Бланк заказа с НДС'!G177 -> 0 | E116: ='Бланк заказа с НДС'!H177 -> 0 | F116: ='Бланк заказа с НДС'!I177 -> 0 | G116: ='Бланк заказа с НДС'!K177 -> 0 | H116: ='Бланк заказа с НДС'!L177 -> 0 | I116: ='Бланк заказа с НДС'!N177/1.22 -> 0 | J116: ='Бланк заказа с НДС'!N177 -> 0 | K116: =J116*1.1 -> 0 | L116: =K116*1.1 -> 0 | M116: =L116*1.35 -> 0
A117: =_xlfn.AGGREGATE(3,3,$B$11:B117) -> 105 | B117: ='Бланк заказа с НДС'!B184 -> ТЛТ00012955 | C117: ='Бланк заказа с НДС'!F184 -> 906-583 | D117: ='Бланк заказа с НДС'!G184 -> C40R133414029 | E117: ='Бланк заказа с НДС'!H184 -> о | F117: ='Бланк заказа с НДС'!I184 -> 4630017780624 | G117: ='Бланк заказа с НДС'!K184 -> 906-583 | H117: ='Бланк заказа с НДС'!L184 -> 906-583 Шарнир ГАЗ C40R13-3414029 | I117: ='Бланк заказа с НДС'!N184/1.22 -> 1128.3279 | J117: ='Бланк заказа с НДС'!N184 -> 1376.56 | K117: =J117*1.1 -> 1514.216 | L117: =K117*1.1 -> 1665.6376 | M117: =L117*1.35 -> 2248.6108
A118: =_xlfn.AGGREGATE(3,3,$B$11:B118) -> 106 | B118: ='Бланк заказа с НДС'!B185 -> ТЛТ00012958 | C118: ='Бланк заказа с НДС'!F185 -> 906-589 | D118: ='Бланк заказа с НДС'!G185 -> C40R133414029 | E118: ='Бланк заказа с НДС'!H185 -> о | F118: ='Бланк заказа с НДС'!I185 -> 4630017780631 | G118: ='Бланк заказа с НДС'!K185 -> 906-589 | H118: ='Бланк заказа с НДС'!L185 -> 906-589 Комплект Шарниров ГАЗ C40R13-3414029 | I118: ='Бланк заказа с НДС'!N185/1.22 -> 4337.5 | J118: ='Бланк заказа с НДС'!N185 -> 5291.75 | K118: =J118*1.1 -> 5820.925 | L118: =K118*1.1 -> 6403.0175 | M118: =L118*1.35 -> 8644.0736
A119: =_xlfn.AGGREGATE(3,3,$B$11:B119) -> 106 | C119: ='Бланк заказа с НДС'!F186 -> ИНОМАРКА | D119: ='Бланк заказа с НДС'!G186 -> 0 | E119: ='Бланк заказа с НДС'!H186 -> 0 | F119: ='Бланк заказа с НДС'!I186 -> 0 | G119: ='Бланк заказа с НДС'!K186 -> 0 | H119: ='Бланк заказа с НДС'!L186 -> 0 | I119: ='Бланк заказа с НДС'!N186/1.22 -> 0 | J119: ='Бланк заказа с НДС'!N186 -> 0 | K119: =J119*1.1 -> 0 | L119: =K119*1.1 -> 0 | M119: =L119*1.35 -> 0
A120: =_xlfn.AGGREGATE(3,3,$B$11:B120) -> 106 | C120: ='Бланк заказа с НДС'!F196 -> GENERAL MOTORS | D120: ='Бланк заказа с НДС'!G196 -> 0 | E120: ='Бланк заказа с НДС'!H196 -> 0 | F120: ='Бланк заказа с НДС'!I196 -> 0 | G120: ='Бланк заказа с НДС'!K196 -> 0 | H120: ='Бланк заказа с НДС'!L196 -> 0 | I120: ='Бланк заказа с НДС'!N196/1.22 -> 0 | J120: ='Бланк заказа с НДС'!N196 -> 0 | K120: =J120*1.1 -> 0 | L120: =K120*1.1 -> 0 | M120: =L120*1.35 -> 0
A121: =_xlfn.AGGREGATE(3,3,$B$11:B121) -> 106 | C121: ='Бланк заказа с НДС'!F219 -> FORD FOCUS 1 | D121: ='Бланк заказа с НДС'!G219 -> 0 | E121: ='Бланк заказа с НДС'!H219 -> 0 | F121: ='Бланк заказа с НДС'!I219 -> 0 | G121: ='Бланк заказа с НДС'!K219 -> 0 | H121: ='Бланк заказа с НДС'!L219 -> 0 | I121: ='Бланк заказа с НДС'!N219/1.22 -> 0 | J121: ='Бланк заказа с НДС'!N219 -> 0 | K121: =J121*1.1 -> 0 | L121: =K121*1.1 -> 0 | M121: =L121*1.35 -> 0
A122: =_xlfn.AGGREGATE(3,3,$B$11:B122) -> 106 | C122: ='Бланк заказа с НДС'!F221 -> FORD FOCUS II, III | D122: ='Бланк заказа с НДС'!G221 -> 0 | E122: ='Бланк заказа с НДС'!H221 -> 0 | F122: ='Бланк заказа с НДС'!I221 -> 0 | G122: ='Бланк заказа с НДС'!K221 -> 0 | H122: ='Бланк заказа с НДС'!L221 -> 0 | I122: ='Бланк заказа с НДС'!N221/1.22 -> 0 | J122: ='Бланк заказа с НДС'!N221 -> 0 | K122: =J122*1.1 -> 0 | L122: =K122*1.1 -> 0 | M122: =L122*1.35 -> 0
A123: =_xlfn.AGGREGATE(3,3,$B$11:B123) -> 106 | C123: ='Бланк заказа с НДС'!F231 -> RENAULT | D123: ='Бланк заказа с НДС'!G231 -> 0 | E123: ='Бланк заказа с НДС'!H231 -> 0 | F123: ='Бланк заказа с НДС'!I231 -> 0 | G123: ='Бланк заказа с НДС'!K231 -> 0 | H123: ='Бланк заказа с НДС'!L231 -> 0 | I123: ='Бланк заказа с НДС'!N231/1.22 -> 0 | J123: ='Бланк заказа с НДС'!N231 -> 0 | K123: =J123*1.1 -> 0 | L123: =K123*1.1 -> 0 | M123: =L123*1.35 -> 0
A124: =_xlfn.AGGREGATE(3,3,$B$11:B124) -> 107 | B124: ='Бланк заказа с НДС'!B233 -> ТЛТ00023375 | C124: ='Бланк заказа с НДС'!F233 -> 906-352 | D124: ='Бланк заказа с НДС'!G233 -> 401604793R | E124: ='Бланк заказа с НДС'!H233 -> о | F124: ='Бланк заказа с НДС'!I233 -> 1802008221130 | G124: ='Бланк заказа с НДС'!K233 -> 906-352 | H124: ='Бланк заказа с НДС'!L233 -> 906-352 Шаровая опора передней подвески Renault Logan (ОЕМ 4016 047 93R) | I124: ='Бланк заказа с НДС'!N233/1.22 -> 332.5 | J124: ='Бланк заказа с НДС'!N233 -> 405.65 | K124: =J124*1.1 -> 446.215 | L124: =K124*1.1 -> 490.8365 | M124: =L124*1.35 -> 662.62928
A125: =_xlfn.AGGREGATE(3,3,$B$11:B125) -> 108 | B125: ='Бланк заказа с НДС'!B234 -> ТЛТ00019816 | C125: ='Бланк заказа с НДС'!F234 -> 906-619 | D125: ='Бланк заказа с НДС'!G234 -> 401602523R | E125: ='Бланк заказа с НДС'!H234 -> о | F125: ='Бланк заказа с НДС'!I234 -> 4630017784981 | G125: ='Бланк заказа с НДС'!K234 -> 906-619 | H125: ='Бланк заказа с НДС'!L234 -> 906-619 Шаровая опора Largus, Logan, Xray после 2013г. (ОЕМ 4016 040 02R) | I125: ='Бланк заказа с НДС'!N234/1.22 -> 332.5 | J125: ='Бланк заказа с НДС'!N234 -> 405.65 | K125: =J125*1.1 -> 446.215 | L125: =K125*1.1 -> 490.8365 | M125: =L125*1.35 -> 662.62928
A126: =_xlfn.AGGREGATE(3,3,$B$11:B126) -> 108 | C126: ='Бланк заказа с НДС'!F250 -> Lada Largus | D126: ='Бланк заказа с НДС'!G250 -> 0 | E126: ='Бланк заказа с НДС'!H250 -> 0 | F126: ='Бланк заказа с НДС'!I250 -> 0 | G126: ='Бланк заказа с НДС'!K250 -> 0 | H126: ='Бланк заказа с НДС'!L250 -> 0 | I126: ='Бланк заказа с НДС'!N250/1.22 -> 0 | J126: ='Бланк заказа с НДС'!N250 -> 0 | K126: =J126*1.1 -> 0 | L126: =K126*1.1 -> 0 | M126: =L126*1.35 -> 0
A127: =_xlfn.AGGREGATE(3,3,$B$11:B127) -> 108 | C127: ='Бланк заказа с НДС'!F254 -> VW Polo, Skoda Rapid | D127: ='Бланк заказа с НДС'!G254 -> 0 | E127: ='Бланк заказа с НДС'!H254 -> 0 | F127: ='Бланк заказа с НДС'!I254 -> 0 | G127: ='Бланк заказа с НДС'!K254 -> 0 | H127: ='Бланк заказа с НДС'!L254 -> 0 | I127: ='Бланк заказа с НДС'!N254/1.22 -> 0 | J127: ='Бланк заказа с НДС'!N254 -> 0 | K127: =J127*1.1 -> 0 | L127: =K127*1.1 -> 0 | M127: =L127*1.35 -> 0
A128: =_xlfn.AGGREGATE(3,3,$B$11:B128) -> 108 | C128: ='Бланк заказа с НДС'!F261 -> Skoda Octavia III (5E3), VW Tiguan (AD1) | D128: ='Бланк заказа с НДС'!G261 -> 0 | E128: ='Бланк заказа с НДС'!H261 -> 0 | F128: ='Бланк заказа с НДС'!I261 -> 0 | G128: ='Бланк заказа с НДС'!K261 -> 0 | H128: ='Бланк заказа с НДС'!L261 -> 0 | I128: ='Бланк заказа с НДС'!N261/1.22 -> 0 | J128: ='Бланк заказа с НДС'!N261 -> 0 | K128: =J128*1.1 -> 0 | L128: =K128*1.1 -> 0 | M128: =L128*1.35 -> 0
A129: =_xlfn.AGGREGATE(3,3,$B$11:B129) -> 108 | C129: ='Бланк заказа с НДС'!F268 -> Hyundai Accent | D129: ='Бланк заказа с НДС'!G268 -> 0 | E129: ='Бланк заказа с НДС'!H268 -> 0 | F129: ='Бланк заказа с НДС'!I268 -> 0 | G129: ='Бланк заказа с НДС'!K268 -> 0 | H129: ='Бланк заказа с НДС'!L268 -> 0 | I129: ='Бланк заказа с НДС'!N268/1.22 -> 0 | J129: ='Бланк заказа с НДС'!N268 -> 0 | K129: =J129*1.1 -> 0 | L129: =K129*1.1 -> 0 | M129: =L129*1.35 -> 0
A130: =_xlfn.AGGREGATE(3,3,$B$11:B130) -> 108 | C130: ='Бланк заказа с НДС'!F271 -> Hyundai Solaris, KIA Rio III, IV | D130: ='Бланк заказа с НДС'!G271 -> 0 | E130: ='Бланк заказа с НДС'!H271 -> 0 | F130: ='Бланк заказа с НДС'!I271 -> 0 | G130: ='Бланк заказа с НДС'!K271 -> 0 | H130: ='Бланк заказа с НДС'!L271 -> 0 | I130: ='Бланк заказа с НДС'!N271/1.22 -> 0 | J130: ='Бланк заказа с НДС'!N271 -> 0 | K130: =J130*1.1 -> 0 | L130: =K130*1.1 -> 0 | M130: =L130*1.35 -> 0
A131: =_xlfn.AGGREGATE(3,3,$B$11:B131) -> 108 | C131: ='Бланк заказа с НДС'!F282 -> KIA Spectra | D131: ='Бланк заказа с НДС'!G282 -> 0 | E131: ='Бланк заказа с НДС'!H282 -> 0 | F131: ='Бланк заказа с НДС'!I282 -> 0 | G131: ='Бланк заказа с НДС'!K282 -> 0 | H131: ='Бланк заказа с НДС'!L282 -> 0 | I131: ='Бланк заказа с НДС'!N282/1.22 -> 0 | J131: ='Бланк заказа с НДС'!N282 -> 0 | K131: =J131*1.1 -> 0 | L131: =K131*1.1 -> 0 | M131: =L131*1.35 -> 0
A132: =_xlfn.AGGREGATE(3,3,$B$11:B132) -> 108 | C132: ='Бланк заказа с НДС'!F286 -> KIA Rio II (2005-2011) | D132: ='Бланк заказа с НДС'!G286 -> 0 | E132: ='Бланк заказа с НДС'!H286 -> 0 | F132: ='Бланк заказа с НДС'!I286 -> 0 | G132: ='Бланк заказа с НДС'!K286 -> 0 | H132: ='Бланк заказа с НДС'!L286 -> 0 | I132: ='Бланк заказа с НДС'!N286/1.22 -> 0 | J132: ='Бланк заказа с НДС'!N286 -> 0 | K132: =J132*1.1 -> 0 | L132: =K132*1.1 -> 0 | M132: =L132*1.35 -> 0
A133: =_xlfn.AGGREGATE(3,3,$B$11:B133) -> 108 | C133: ='Бланк заказа с НДС'!F289 -> KIA Ceed (ED) (2007-2012) | D133: ='Бланк заказа с НДС'!G289 -> 0 | E133: ='Бланк заказа с НДС'!H289 -> 0 | F133: ='Бланк заказа с НДС'!I289 -> 0 | G133: ='Бланк заказа с НДС'!K289 -> 0 | H133: ='Бланк заказа с НДС'!L289 -> 0 | I133: ='Бланк заказа с НДС'!N289/1.22 -> 0 | J133: ='Бланк заказа с НДС'!N289 -> 0 | K133: =J133*1.1 -> 0 | L133: =K133*1.1 -> 0 | M133: =L133*1.35 -> 0
A134: =_xlfn.AGGREGATE(3,3,$B$11:B134) -> 108 | C134: ='Бланк заказа с НДС'!F293 -> KIA Ceed (JD) (2012-2018) | D134: ='Бланк заказа с НДС'!G293 -> 0 | E134: ='Бланк заказа с НДС'!H293 -> 0 | F134: ='Бланк заказа с НДС'!I293 -> 0 | G134: ='Бланк заказа с НДС'!K293 -> 0 | H134: ='Бланк заказа с НДС'!L293 -> 0 | I134: ='Бланк заказа с НДС'!N293/1.22 -> 0 | J134: ='Бланк заказа с НДС'!N293 -> 0 | K134: =J134*1.1 -> 0 | L134: =K134*1.1 -> 0 | M134: =L134*1.35 -> 0
A135: =_xlfn.AGGREGATE(3,3,$B$11:B135) -> 108 | C135: ='Бланк заказа с НДС'!F298 -> KIA Sportage (SL), Hyundai iX35 (LM) (2009-2015) | D135: ='Бланк заказа с НДС'!G298 -> 0 | E135: ='Бланк заказа с НДС'!H298 -> 0 | F135: ='Бланк заказа с НДС'!I298 -> 0 | G135: ='Бланк заказа с НДС'!K298 -> 0 | H135: ='Бланк заказа с НДС'!L298 -> 0 | I135: ='Бланк заказа с НДС'!N298/1.22 -> 0 | J135: ='Бланк заказа с НДС'!N298 -> 0 | K135: =J135*1.1 -> 0 | L135: =K135*1.1 -> 0 | M135: =L135*1.35 -> 0
A136: =_xlfn.AGGREGATE(3,3,$B$11:B136) -> 108 | C136: ='Бланк заказа с НДС'!F304 -> KIA Optima (JF), Sonata VII(LF) 2015-2019 | D136: ='Бланк заказа с НДС'!G304 -> 0 | E136: ='Бланк заказа с НДС'!H304 -> 0 | F136: ='Бланк заказа с НДС'!I304 -> 0 | G136: ='Бланк заказа с НДС'!K304 -> 0 | H136: ='Бланк заказа с НДС'!L304 -> 0 | I136: ='Бланк заказа с НДС'!N304/1.22 -> 0 | J136: ='Бланк заказа с НДС'!N304 -> 0 | K136: =J136*1.1 -> 0 | L136: =K136*1.1 -> 0 | M136: =L136*1.35 -> 0
A137: =_xlfn.AGGREGATE(3,3,$B$11:B137) -> 108 | C137: ='Бланк заказа с НДС'!F314 -> ИНОМАРКА | D137: ='Бланк заказа с НДС'!G314 -> 0 | E137: ='Бланк заказа с НДС'!H314 -> 0 | F137: ='Бланк заказа с НДС'!I314 -> 0 | G137: ='Бланк заказа с НДС'!K314 -> 0 | H137: ='Бланк заказа с НДС'!L314 -> 0 | I137: ='Бланк заказа с НДС'!N314/1.22 -> 0 | J137: ='Бланк заказа с НДС'!N314 -> 0 | K137: =J137*1.1 -> 0 | L137: =K137*1.1 -> 0 | M137: =L137*1.35 -> 0
A138: =_xlfn.AGGREGATE(3,3,$B$11:B138) -> 108 | C138: ='Бланк заказа с НДС'!F326 -> FORD TRANZIT | D138: ='Бланк заказа с НДС'!G326 -> 0 | E138: ='Бланк заказа с НДС'!H326 -> 0 | F138: ='Бланк заказа с НДС'!I326 -> 0 | G138: ='Бланк заказа с НДС'!K326 -> 0 | H138: ='Бланк заказа с НДС'!L326 -> 0 | I138: ='Бланк заказа с НДС'!N326/1.22 -> 0 | J138: ='Бланк заказа с НДС'!N326 -> 0 | K138: =J138*1.1 -> 0 | L138: =K138*1.1 -> 0 | M138: =L138*1.35 -> 0
A139: =_xlfn.AGGREGATE(3,3,$B$11:B139) -> 108 | C139: ='Бланк заказа с НДС'!F332 -> FIAT DUCATO, PEUGEOT BOXER, CITROEN JUMPER | D139: ='Бланк заказа с НДС'!G332 -> 0 | E139: ='Бланк заказа с НДС'!H332 -> 0 | F139: ='Бланк заказа с НДС'!I332 -> 0 | G139: ='Бланк заказа с НДС'!K332 -> 0 | H139: ='Бланк заказа с НДС'!L332 -> 0 | I139: ='Бланк заказа с НДС'!N332/1.22 -> 0 | J139: ='Бланк заказа с НДС'!N332 -> 0 | K139: =J139*1.1 -> 0 | L139: =K139*1.1 -> 0 | M139: =L139*1.35 -> 0
A140: =_xlfn.AGGREGATE(3,3,$B$11:B140) -> 108 | C140: ='Бланк заказа с НДС'!F337 -> ISUZU/Богдан | D140: ='Бланк заказа с НДС'!G337 -> 0 | E140: ='Бланк заказа с НДС'!H337 -> 0 | F140: ='Бланк заказа с НДС'!I337 -> 0 | G140: ='Бланк заказа с НДС'!K337 -> 0 | H140: ='Бланк заказа с НДС'!L337 -> 0 | I140: ='Бланк заказа с НДС'!N337/1.22 -> 0 | J140: ='Бланк заказа с НДС'!N337 -> 0 | K140: =J140*1.1 -> 0 | L140: =K140*1.1 -> 0 | M140: =L140*1.35 -> 0

Sheet Прайс зонт
A1: ТОРГОВЫЙ ДОМ "АВТОКОМПОНЕНТЫ"
C7: Действует | G7: ='Бланк заказа с НДС'!N4 -> Цена с 01.07.2026
A8: 1 | B8: 2 | C8: 2 | D8: 4 | E8: 5 | F8: 6 | G8: 3 | H8: 4 | I8: 5 | J8: 6 | K8: 7 | L8: 8 | M8: 9
A9: № | B9: КОД | C9: Шифр БЗАК (старый) | D9: ОЕМ номер | F9: штрихкод | G9: Шифр БЗАК | H9: Наименование | I9: Дистриб. Цена без НДС | J9: Дистриб. Цена с НДС | K9: Цена входа в опт Цена с НДС | L9: Цена входа в точку Цена с НДС | M9: Цена на полке Цена с НДС
A11: =_xlfn.AGGREGATE(3,3,$B$11:B11) -> 1 | B11: ='Бланк заказа с НДС'!B82 -> ТЛТ00004151 | C11: ='Бланк заказа с НДС'!F82 -> 906-300 | D11: ='Бланк заказа с НДС'!G82 -> 21012904095-01 | E11: ='Бланк заказа с НДС'!H82 -> з | F11: ='Бланк заказа с НДС'!I82 -> 1902008221519 | G11: ='Бланк заказа с НДС'!K82 -> 906-300 | H11: ='Бланк заказа с НДС'!L82 -> 906-300 Рычаг передней подвески верхний правый в сборе ВАЗ 2101-2107 | I11: ='Бланк заказа с НДС'!N82/1.22 -> 1348.3279 | J11: ='Бланк заказа с НДС'!N82 -> 1644.96 | K11: =J11*1.1 -> 1809.456 | L11: =K11*1.1 -> 1990.4016 | M11: =L11*1.35 -> 2687.0422
A12: =_xlfn.AGGREGATE(3,3,$B$11:B12) -> 2 | B12: ='Бланк заказа с НДС'!B83 -> ТЛТ00004152 | C12: ='Бланк заказа с НДС'!F83 -> 906-301 | D12: ='Бланк заказа с НДС'!G83 -> 21012904096-01 | E12: ='Бланк заказа с НДС'!H83 -> з | F12: ='Бланк заказа с НДС'!I83 -> 1902008221526 | G12: ='Бланк заказа с НДС'!K83 -> 906-301 | H12: ='Бланк заказа с НДС'!L83 -> 906-301 Рычаг передней подвески верхний левый в сборе ВАЗ 2101-2107 | I12: ='Бланк заказа с НДС'!N83/1.22 -> 1348.3279 | J12: ='Бланк заказа с НДС'!N83 -> 1644.96 | K12: =J12*1.1 -> 1809.456 | L12: =K12*1.1 -> 1990.4016 | M12: =L12*1.35 -> 2687.0422
A13: =_xlfn.AGGREGATE(3,3,$B$11:B13) -> 3 | B13: ='Бланк заказа с НДС'!B84 -> ТЛТ00004153 | C13: ='Бланк заказа с НДС'!F84 -> 906-302 | D13: ='Бланк заказа с НДС'!G84 -> 21012904010 | E13: ='Бланк заказа с НДС'!H84 -> з | F13: ='Бланк заказа с НДС'!I84 -> 1902008221281 | G13: ='Бланк заказа с НДС'!K84 -> 906-302 | H13: ='Бланк заказа с НДС'!L84 -> 906-302 Рычаг передней подвески нижний правый в сборе ВАЗ 2101-2107 | I13: ='Бланк заказа с НДС'!N84/1.22 -> 1967.5 | J13: ='Бланк заказа с НДС'!N84 -> 2400.35 | K13: =J13*1.1 -> 2640.385 | L13: =K13*1.1 -> 2904.4235 | M13: =L13*1.35 -> 3920.9717
A14: =_xlfn.AGGREGATE(3,3,$B$11:B14) -> 4 | B14: ='Бланк заказа с НДС'!B85 -> ТЛТ00004154 | C14: ='Бланк заказа с НДС'!F85 -> 906-303 | D14: ='Бланк заказа с НДС'!G85 -> 21012904011 | E14: ='Бланк заказа с НДС'!H85 -> з | F14: ='Бланк заказа с НДС'!I85 -> 1902008221298 | G14: ='Бланк заказа с НДС'!K85 -> 906-303 | H14: ='Бланк заказа с НДС'!L85 -> 906-303 Рычаг передней подвески нижний левый в сборе ВАЗ 2101-2107 | I14: ='Бланк заказа с НДС'!N85/1.22 -> 1967.5 | J14: ='Бланк заказа с НДС'!N85 -> 2400.35 | K14: =J14*1.1 -> 2640.385 | L14: =K14*1.1 -> 2904.4235 | M14: =L14*1.35 -> 3920.9717
A15: =_xlfn.AGGREGATE(3,3,$B$11:B15) -> 5 | B15: ='Бланк заказа с НДС'!B86 -> ТЛТ00004217 | C15: ='Бланк заказа с НДС'!F86 -> 906-317 | D15: ='Бланк заказа с НДС'!G86 -> 21012904180/21012904040 | E15: ='Бланк заказа с НДС'!H86 -> з | F15: ='Бланк заказа с НДС'!I86 -> 1902008221373 | G15: ='Бланк заказа с НДС'!K86 -> 906-317 | H15: ='Бланк заказа с НДС'!L86 -> 906-317 Комплект шарниров рычагов передней подвески ВАЗ 2101 2101-2904180 / 2101-2904040 | I15: ='Бланк заказа с НДС'!N86/1.22 -> 541.67213 | J15: ='Бланк заказа с НДС'!N86 -> 660.84 | K15: =J15*1.1 -> 726.924 | L15: =K15*1.1 -> 799.6164 | M15: =L15*1.35 -> 1079.4821
A16: =_xlfn.AGGREGATE(3,3,$B$11:B16) -> 6 | B16: ='Бланк заказа с НДС'!B87 -> ТЛТ00004218 | C16: ='Бланк заказа с НДС'!F87 -> 906-318 | D16: ='Бланк заказа с НДС'!G87 -> 21212904040/21012904040 | E16: ='Бланк заказа с НДС'!H87 -> з | F16: ='Бланк заказа с НДС'!I87 -> 1902008221380 | G16: ='Бланк заказа с НДС'!K87 -> 906-318 | H16: ='Бланк заказа с НДС'!L87 -> 906-318 Комплект шарниров рычагов передней подвески ВАЗ 2121 2121-2904040 / 2101-2904040 | I16: ='Бланк заказа с НДС'!N87/1.22 -> 918.32787 | J16: ='Бланк заказа с НДС'!N87 -> 1120.36 | K16: =J16*1.1 -> 1232.396 | L16: =K16*1.1 -> 1355.6356 | M16: =L16*1.35 -> 1830.1081
A17: =_xlfn.AGGREGATE(3,3,$B$11:B17) -> 7 | B17: ='Бланк заказа с НДС'!B88 -> ТЛТ00007655 | C17: ='Бланк заказа с НДС'!F88 -> 906-515 | D17: ='Бланк заказа с НДС'!G88 -> 212142904040 | E17: ='Бланк заказа с НДС'!H88 -> з | F17: ='Бланк заказа с НДС'!I88 -> 4680287577899 | G17: ='Бланк заказа с НДС'!K88 -> 906-515 | H17: ='Бланк заказа с НДС'!L88 -> 906-515 Комплект шарниров нижнего рычага передней подвески ВАЗ 2123, 21214 21214-2904040 | I17: ='Бланк заказа с НДС'!N88/1.22 -> 940.82787 | J17: ='Бланк заказа с НДС'!N88 -> 1147.81 | K17: =J17*1.1 -> 1262.591 | L17: =K17*1.1 -> 1388.8501 | M17: =L17*1.35 -> 1874.9476
A18: =_xlfn.AGGREGATE(3,3,$B$11:B18) -> 8 | B18: ='Бланк заказа с НДС'!B89 -> ТЛТ00004226 | C18: ='Бланк заказа с НДС'!F89 -> 906-307 | D18: ='Бланк заказа с НДС'!G89 -> 21012202025 | E18: ='Бланк заказа с НДС'!H89 -> з | F18: ='Бланк заказа с НДС'!I89 -> 1902008221533 | G18: ='Бланк заказа с НДС'!K89 -> 906-307 | H18: ='Бланк заказа с НДС'!L89 -> 906-307 Крестовина карданного вала в сборе ВАЗ 2101 2101-2202025 | I18: ='Бланк заказа с НДС'!N89/1.22 -> 225 | J18: ='Бланк заказа с НДС'!N89 -> 274.5 | K18: =J18*1.1 -> 301.95 | L18: =K18*1.1 -> 332.145 | M18: =L18*1.35 -> 448.39575
A19: =_xlfn.AGGREGATE(3,3,$B$11:B19) -> 9 | B19: ='Бланк заказа с НДС'!B90 -> ТЛТ00004228 | C19: ='Бланк заказа с НДС'!F90 -> 906-314 | D19: ='Бланк заказа с НДС'!G90 -> 21052202025 | E19: ='Бланк заказа с НДС'!H90 -> з | F19: ='Бланк заказа с НДС'!I90 -> 1902008221540 | G19: ='Бланк заказа с НДС'!K90 -> 906-314 | H19: ='Бланк заказа с НДС'!L90 -> 906-314 Крестовина карданного вала в сборе ВАЗ 2105 2105-2202025 | I19: ='Бланк заказа с НДС'!N90/1.22 -> 250 | J19: ='Бланк заказа с НДС'!N90 -> 305 | K19: =J19*1.1 -> 335.5 | L19: =K19*1.1 -> 369.05 | M19: =L19*1.35 -> 498.2175
A20: =_xlfn.AGGREGATE(3,3,$B$11:B20) -> 10 | B20: ='Бланк заказа с НДС'!B91 -> ТЛТ00007007 | C20: ='Бланк заказа с НДС'!F91 -> 906-514 | D20: ='Бланк заказа с НДС'!G91 -> 21212202025 | E20: ='Бланк заказа с НДС'!H91 -> з | F20: ='Бланк заказа с НДС'!I91 -> 4680287573129 | G20: ='Бланк заказа с НДС'!K91 -> 906-514 | H20: ='Бланк заказа с НДС'!L91 -> 906-514 Крестовина карданного вала в сборе ВАЗ 2121 2121-2202025 | I20: ='Бланк заказа с НДС'!N91/1.22 -> 319.17213 | J20: ='Бланк заказа с НДС'!N91 -> 389.39 | K20: =J20*1.1 -> 428.329 | L20: =K20*1.1 -> 471.1619 | M20: =L20*1.35 -> 636.06857
A21: =_xlfn.AGGREGATE(3,3,$B$11:B21) -> 11 | B21: ='Бланк заказа с НДС'!B92 -> ТЛТ00004220 | C21: ='Бланк заказа с НДС'!F92 -> 906-304 | D21: ='Бланк заказа с НДС'!G92 -> 21013003084 | E21: ='Бланк заказа с НДС'!H92 -> з | F21: ='Бланк заказа с НДС'!I92 -> 1902008221335 | G21: ='Бланк заказа с НДС'!K92 -> 906-304 | H21: ='Бланк заказа с НДС'!L92 -> 906-304 Рычаг маятниковый тяг рулевой трапеции с кронштейном в сборе ВАЗ 2101 2101-3003084 | I21: ='Бланк заказа с НДС'!N92/1.22 -> 640 | J21: ='Бланк заказа с НДС'!N92 -> 780.8 | K21: =J21*1.1 -> 858.88 | L21: =K21*1.1 -> 944.768 | M21: =L21*1.35 -> 1275.4368
A22: =_xlfn.AGGREGATE(3,3,$B$11:B22) -> 12 | B22: ='Бланк заказа с НДС'!B93 -> ТЛТ00004222 | C22: ='Бланк заказа с НДС'!F93 -> 906-305 | D22: ='Бланк заказа с НДС'!G93 -> 21213414084 | E22: ='Бланк заказа с НДС'!H93 -> з | F22: ='Бланк заказа с НДС'!I93 -> 1902008221342 | G22: ='Бланк заказа с НДС'!K93 -> 906-305 | H22: ='Бланк заказа с НДС'!L93 -> 906-305 Рычаг маятниковый тяг рулевой трапеции с кронштейном в сборе ВАЗ 2121 2121-3414084 | I22: ='Бланк заказа с НДС'!N93/1.22 -> 640 | J22: ='Бланк заказа с НДС'!N93 -> 780.8 | K22: =J22*1.1 -> 858.88 | L22: =K22*1.1 -> 944.768 | M22: =L22*1.35 -> 1275.4368
... A29: =_xlfn.AGGREGATE(3,3,$B$11:B29) -> 19 | B29: ='Бланк заказа с НДС'!B100 -> ТЛТ00007657 | C29: ='Бланк заказа с НДС'!F100 -> 906-512 | D29: ='Бланк заказа с НДС'!G100 -> 21902902821-10 | E29: ='Бланк заказа с НДС'!H100 -> з | F29: ='Бланк заказа с НДС'!I100 -> 1702008221256 | G29: ='Бланк заказа с НДС'!K100 -> 906-512 | H29: ='Бланк заказа с НДС'!L100 -> 906-512 Опора верхняя стойки передней подвески в сборе LADA GRANTA 2190-2902821-10 | I29: ='Бланк заказа с НДС'!N100/1.22 -> 857.5 | J29: ='Бланк заказа с НДС'!N100 -> 1046.15 | K29: =J29*1.1 -> 1150.765 | L29: =K29*1.1 -> 1265.8415 | M29: =L29*1.35 -> 1708.886
A30: =_xlfn.AGGREGATE(3,3,$B$11:B30) -> 20 | B30: ='Бланк заказа с НДС'!B110 -> ТЛТ00004249 | C30: ='Бланк заказа с НДС'!F110 -> 906-338 | D30: ='Бланк заказа с НДС'!G110 -> 21082904049 | E30: ='Бланк заказа с НДС'!H110 -> з | F30: ='Бланк заказа с НДС'!I110 -> 1902008221366 | G30: ='Бланк заказа с НДС'!K110 -> 906-338 | H30: ='Бланк заказа с НДС'!L110 -> 906-338 Кронштейн растяжки ВАЗ 2108 2108-2904049 | I30: ='Бланк заказа с НДС'!N110/1.22 -> 369.17213 | J30: ='Бланк заказа с НДС'!N110 -> 450.39 | K30: =J30*1.1 -> 495.429 | L30: =K30*1.1 -> 544.9719 | M30: =L30*1.35 -> 735.71207
A31: =_xlfn.AGGREGATE(3,3,$B$11:B31) -> 21 | B31: ='Бланк заказа с НДС'!B111 -> ТЛТ00004298 | C31: ='Бланк заказа с НДС'!F111 -> 906-337 | D31: ='Бланк заказа с НДС'!G111 -> 21012910000 (21012919110 + 21012919013 + 21012919012 + 21012919010) | E31: ='Бланк заказа с НДС'!H111 -> з | F31: ='Бланк заказа с НДС'!I111 -> 1902008221274 | G31: ='Бланк заказа с НДС'!K111 -> 906-337 | H31: ='Бланк заказа с НДС'!L111 -> 906-337 Комплект реактивных штанг задней подвески ВАЗ 2101-2107 2101-2919110-01 / 2101-2919013-01 / 2101-2919012-01 / 2101-2919010-01 | I31: ='Бланк заказа с НДС'!N111/1.22 -> 1434.1721 | J31: ='Бланк заказа с НДС'!N111 -> 1749.69 | K31: =J31*1.1 -> 1924.659 | L31: =K31*1.1 -> 2117.1249 | M31: =L31*1.35 -> 2858.1186
A32: =_xlfn.AGGREGATE(3,3,$B$11:B32) -> 22 | B32: ='Бланк заказа с НДС'!B112 -> ТЛТ00016410 | C32: ='Бланк заказа с НДС'!F112 -> 906-701 | D32: ='Бланк заказа с НДС'!G112 -> 212132910000 (21012919110 + 21012919013 + 212132919010-01) | E32: ='Бланк заказа с НДС'!H112 -> з | F32: ='Бланк заказа с НДС'!I112 -> 4630017931033 | G32: ='Бланк заказа с НДС'!K112 -> 906-701 | H32: ='Бланк заказа с НДС'!L112 -> 906-701 Комплект реактивных штанг задней подвески ВАЗ 2121-2123 21213-2910000 | I32: ='Бланк заказа с НДС'!N112/1.22 -> 1408.3279 | J32: ='Бланк заказа с НДС'!N112 -> 1718.16 | K32: =J32*1.1 -> 1889.976 | L32: =K32*1.1 -> 2078.9736 | M32: =L32*1.35 -> 2806.6144
A33: =_xlfn.AGGREGATE(3,3,$B$11:B33) -> 23 | B33: ='Бланк заказа с НДС'!B113 -> ТЛТ00016413 | C33: ='Бланк заказа с НДС'!F113 -> 906-702 | D33: ='Бланк заказа с НДС'!G113 -> 21217-2910000 | E33: ='Бланк заказа с НДС'!H113 -> з | F33: ='Бланк заказа с НДС'!I113 -> 4630017931040 | G33: ='Бланк заказа с НДС'!K113 -> 906-702 | H33: ='Бланк заказа с НДС'!L113 -> 906-702 Комплект реактивных штанг задней подвески ВАЗ 21217 "Урбан" 21217-2910000 | I33: ='Бланк заказа с НДС'!N113/1.22 -> 2431.6721 | J33: ='Бланк заказа с НДС'!N113 -> 2966.64 | K33: =J33*1.1 -> 3263.304 | L33: =K33*1.1 -> 3589.6344 | M33: =L33*1.35 -> 4846.0064
A34: =_xlfn.AGGREGATE(3,3,$B$11:B34) -> 24 | B34: ='Бланк заказа с НДС'!B114 -> ТЛТ00004289 | C34: ='Бланк заказа с НДС'!F114 -> 906-331 | D34: ='Бланк заказа с НДС'!G114 -> 21053502040 | E34: ='Бланк заказа с НДС'!H114 -> з | F34: ='Бланк заказа с НДС'!I114 -> 1902008221502 | G34: ='Бланк заказа с НДС'!K114 -> 906-331 | H34: ='Бланк заказа с НДС'!L114 -> 906-331 Цилиндр колесный заднего тормоза ВАЗ 2105 2105-3502040 | I34: ='Бланк заказа с НДС'!N114/1.22 -> 314.17213 | J34: ='Бланк заказа с НДС'!N114 -> 383.29 | K34: =J34*1.1 -> 421.619 | L34: =K34*1.1 -> 463.7809 | M34: =L34*1.35 -> 626.10422
A35: =_xlfn.AGGREGATE(3,3,$B$11:B35) -> 25 | B35: ='Бланк заказа с НДС'!B115 -> ТЛТ00015468 | C35: ='Бланк заказа с НДС'!F115 -> 906-680 | D35: ='Бланк заказа с НДС'!G115 -> 21013501180 | E35: ='Бланк заказа с НДС'!H115 -> з | F35: ='Бланк заказа с НДС'!I115 -> 4630017918744 | G35: ='Бланк заказа с НДС'!K115 -> 906-680 | H35: ='Бланк заказа с НДС'!L115 -> 906-680 Цилиндр переднего тормоза 2101 правый наружный 2101-3501180 | I35: ='Бланк заказа с НДС'!N115/1.22 -> 459.17213 | J35: ='Бланк заказа с НДС'!N115 -> 560.19 | K35: =J35*1.1 -> 616.209 | L35: =K35*1.1 -> 677.8299 | M35: =L35*1.35 -> 915.07037
A36: =_xlfn.AGGREGATE(3,3,$B$11:B36) -> 26 | B36: ='Бланк заказа с НДС'!B116 -> ТЛТ00015471 | C36: ='Бланк заказа с НДС'!F116 -> 906-681 | D36: ='Бланк заказа с НДС'!G116 -> 21013501181 | E36: ='Бланк заказа с НДС'!H116 -> з | F36: ='Бланк заказа с НДС'!I116 -> 4630017918751 | G36: ='Бланк заказа с НДС'!K116 -> 906-681 | H36: ='Бланк заказа с НДС'!L116 -> 906-681 Цилиндр переднего тормоза 2101 левый наружный 2101-3501181 | I36: ='Бланк заказа с НДС'!N116/1.22 -> 459.17213 | J36: ='Бланк заказа с НДС'!N116 -> 560.19 | K36: =J36*1.1 -> 616.209 | L36: =K36*1.1 -> 677.8299 | M36: =L36*1.35 -> 915.07037
